Workbook
Name \0: #REF!
Name \0: #REF!
Name \0: #REF!
Name \00: #REF!
Name \00: #REF!
Name \00: #REF!
Name \a: #REF!
Name \a: #REF!
Name \a: #REF!
Name \AA: [1]LIQUIDACION!#REF!
Name \AA: [1]LIQUIDACION!#REF!
Name \AA: [1]LIQUIDACION!#REF!
Name \b: [2]STRSUMM0!#REF!
Name \b: [2]STRSUMM0!#REF!
Name \b: [2]STRSUMM0!#REF!
Name \bb: [2]STRSUMM0!#REF!
Name \bb: [2]STRSUMM0!#REF!
Name \bb: [2]STRSUMM0!#REF!
Name \E: #REF!
Name \E: #REF!
Name \E: #REF!
Name \EE: #REF!
Name \EE: #REF!
Name \EE: #REF!
Name \G: #REF!
Name \G: #REF!
Name \G: #REF!
Name \k: '[3]7422CW00'!#REF!
Name \k: '[3]7422CW00'!#REF!
Name \k: '[3]7422CW00'!#REF!
Name \l: [4]STRSUMM0!#REF!
Name \l: [4]STRSUMM0!#REF!
Name \l: [4]STRSUMM0!#REF!
Name \M: #REF!
Name \M: #REF!
Name \M: #REF!
Name \ñ: '[5]7422CW00'!#REF!
Name \ñ: '[5]7422CW00'!#REF!
Name \ñ: '[5]7422CW00'!#REF!
Name \P: #REF!
Name \P: #REF!
Name \P: #REF!
Name \R: #REF!
Name \R: #REF!
Name \R: #REF!
Name \s: #REF!
Name \s: #REF!
Name \s: #REF!
Name \V: #REF!
Name \V: #REF!
Name \V: #REF!
Name \X: [0]!ERR
Name \Z: [0]!ERR
Name _________AFC1: [6]INV!$A$25:$D$28
Name _________AFC3: [6]INV!$F$25:$I$28
Name _________AFC5: [6]INV!$K$25:$N$28
Name _________BGC1: [6]INV!$A$5:$D$8
Name _________BGC3: [6]INV!$F$5:$I$8
Name _________BGC5: [6]INV!$K$5:$N$8
Name _________CAC1: [6]INV!$A$19:$D$22

Sheet PRESUPUESTO OFICIAL PLACA HUELL
C3: Código | D3: CCE-EICP-FM-14 | E3: Versión | F3: 2
C4: FORMULARIO 1
C5: PRESUPUESTO OFICIAL
C6: [Las Entidades Estatales deben usar el presente formulario para determinar el Presupuesto Oficial del Proceso de Contratación y solo pueden modificar o ajustar aquello que en este se permite expresamente] [El presente formulario aplica para los procesos de contratación que tengan como forma de pago precios unitarios. Tratándose de otras modalidades de precio, la Entidad debe ajustarlo cuando corresponde a: precio global, llave en mano, administración delegada, reembolso de gastos o cualquier otra forma de precio.]
C8: Adicionalmente, cuando el proceso de contratación es estructurado por precios unitarios, la Entidad debe aplicar las notas 1, 2 y 3 del presente formulario y las casillas de "Descripción", "Porcentaje" de la Administración, Imprevisto, Utilidad y total A.I.U. resaltadas en color amarillo. Tratándose de otras modalidades de precio, la Entidad puede o no configurar los mismos aspectos.
D10: ITEM DE PAGO | E10: ESPECIFICACIONES | G10: DESCRIPCION | H10: UND. | I10: CANTIDAD | J10: VALOR UNITARIO | K10: VALOR TOTAL
E11: GENERAL | F11: PARTICULAR
G12: PRELIMINARES
C13: 1 | D13: 001.045 | G13: NIVELACION Y LIMPIEZA | H13: m2 | I13: =300*4 -> 1200 | J13: =+APU!J6 -> 7967 | K13: =ROUND(J13*I13,0) -> 9560400
K14: =SUM(K13) -> 9560400
G15: MOVIMIENTO DE TIERRA
C16: 2 | D16: 002.83 | G16: EXCAVACION MANUAL | H16: m3 | I16: 450 | J16: =+APU!J12 -> 23248 | K16: =ROUND(J16*I16,0) -> 10461600 | P16: =300*4.8*0.3 -> 432
C17: 3 | D17: 2016 | G17: EXCAVACIÓN A CIELO ABIERTO MATERIAL COMÚN 0 - 2 M | H17: m3 | I17: =2*3*5 -> 30 | J17: =+APU!J16 -> 34144 | K17: =ROUND(J17*I17,0) -> 1024320
C18: 4 | D18: 002.017 | G18: EXCAVACIÓN A CIELO ABIERTO CONGLOMERADO 0 - 2 M | H18: m3 | I18: 30 | J18: =+APU!J21 -> 49660 | K18: =ROUND(J18*I18,0) -> 1489800 | P18: =510*1.25 -> 637.5
C19: 5 | D19: 002.049 | G19: RELLENO EN MATERIAL SELECCIONADO PROVENIENTE DE LA EXCAVACION (APISONADO) | H19: m3 | I19: 20 | J19: =+APU!J26 -> 35646 | K19: =ROUND(J19*I19,0) -> 712920
C20: 6 | D20: 002.032 | G20: RETIRO DE MATERIAL SOBRANTE EN VOLQUETA, CARGUE MANUAL | H20: m3 | I20: 638 | J20: =+APU!J31 -> 47946 | K20: =ROUND(J20*I20,0) -> 30589548
C21: 7 | D21: 002.052 | G21: FILTRO EN PIEDRA | H21: m3 | I21: 10 | J21: =+APU!J36 -> 123914 | K21: =ROUND(J21*I21,0) -> 1239140
C22: Subtotal | K22: =SUM(K16:K21) -> 45517328
G23: CIMIENTOS
C24: 8 | D24: 002A.003 | G24: SUMINISTRO, TRANSPORTE E INSTALACION SOLADO DE LIMPIEZA 2.000 PSI E = 5 CM | H24: m2 | I24: 25 | J24: =+APU!J42 -> 31108 | K24: =ROUND(J24*I24,0) -> 777700
C25: 9 | D25: 002A.004 | G25: SUMINISTRO, TRANSPORTE E INSTALACION ZAPATA CONCRETO 3000 PSI | H25: m3 | I25: 5 | J25: =+APU!J47 -> 801781 | K25: =ROUND(J25*I25,0) -> 4008905
C26: 10 | D26: 002A.007 | G26: SUMINISTRO, TRANSPORTE E INSTALACION CONCRETO CICLOPEO CIMIENTOS (60% Concreto 3000 psi y 40% piedra media zonga) | H26: m3 | I26: 45 | J26: =+APU!J55 -> 572905 | K26: =ROUND(J26*I26,0) -> 25780725 | P26: =1*300*0.15 -> 45
C27: Subtotal | K27: =SUM(K24:K26) -> 30567330
G28: RELLENOS
C29: 11 | D29: 004.013 | G29: SUMINISTRO, TRANSPORTE E INSTALACION AFIRMADO COMPACTADO | H29: m3 | I29: =(0.15*300*2.8)+90 -> 216 | J29: =+APU!J63 -> 151046 | K29: =ROUND(J29*I29,0) -> 32625936 | P29: =10*3*3 -> 90
C30: 12 | D30: 004.007 | G30: SUMINISTRO, TRANSPORTE E INSTALACION GEOTEXTIL NO TEJIDO 1600 | H30: m2 | I30: 60 | J30: =+APU!J70 -> 7881 | K30: =ROUND(J30*I30,0) -> 472860
C32: Subtotal | K32: =SUM(K29:K31) -> 33098796
G33: ALCANTARILLADO
C34: 13 | D34: 024.036 | G34: SUMINISTRO, TRANSPORTE E INSTALACION TUBERÍA PVC PERFILADA (36") ALCANTARILLADO | H34: ml | I34: 5 | J34: =+APU!J76 -> 1226078 | K34: =ROUND(J34*I34,0) -> 6130390
C35: 14 | D35: 027.019 | G35: SUMINISTRO, TRANSPORTE E INSTALACION TUBERIA Ø 3" ALL PERFORADA PARA DRENES | H35: ml | I35: 10 | J35: =+APU!J85 -> 34970 | K35: =ROUND(J35*I35,0) -> 349700
C36: 15 | D36: 027.034 | G36: SUMINISTRO, TRANSPORTE E INSTALACION ENROCADO EN PIEDRA PEGADA CON LIGANTE MORTERO 1:3 | H36: m3 | I36: 3 | J36: =+APU!J92 -> 551773 | K36: =ROUND(J36*I36,0) -> 1655319
C37: Subtotal | K37: =SUM(K34:K36) -> 8135409
G38: ALCANTARILLADO
C39: 16 | D39: 003.086 | G39: SUMINISTRO, TRANSPORTE E INSTALACION CABEZAL DE ENTREGA DE AGUAS LLUVIAS EN CONCRETO ( 36"). (Incluye acero de refuerzo ) | H39: und | I39: 1 | J39: =+APU!J100 -> 2183659 | K39: =ROUND(J39*I39,0) -> 2183659
C40: Subtotal | K40: =SUM(K39:K39) -> 2183659
G41: ESTRUCTURAS EN CONCRETO, METALICAS Y DE MADERA
C42: 17 | D42: 005.057 | G42: SUMINISTRO, TRANSPORTE E INSTALACION POCETA EN CONCRETO 3000 psi Dimensión: 1.12 * 0.70 * 0.15 m. | H42: und | I42: 1 | J42: =+APU!J114 -> 691432 | K42: =ROUND(J42*I42,0) -> 691432
C43: 18 | D43: 023.045.1 | G43: ACERO 60.000 PSI (INCLUYE ALAMBRE NEGRO Y FIGURACION) | H43: kg | I43: 2000 | J43: =+APU!J126 -> 8835 | K43: =ROUND(J43*I43,0) -> 17670000
C44: 19 | D44: 005.086 | G44: SUMINISTRO TRANSPORTE E INSTALACION MURO EN CONCRETO 21 MPA, NO INCLUYE REFUERZO | H44: m3 | I44: 15 | J44: =+APU!J133 -> 840554 | K44: =ROUND(J44*I44,0) -> 12608310
C45: 20 | D45: 005.008 | G45: SUMINISTRO, TRANSPORTE E INSTALACION MALLA ELECTROSOLDADA M-188 Q-5 F 6 mm c/.15m en ambos sentidos (Incluye alambre negro, colocación y traslapo). | H45: kg | I45: 1615 | J45: =+APU!J139 -> 8787 | K45: =ROUND(J45*I45,0) -> 14191005 | P45: =300*1.8*2.9914 -> 1615.356
C46: Subtotal | K46: =SUM(K42:K45) -> 45160747 | P46: =500*1.2*0.1 -> 60
G47: OBRAS EXTERIORES
C48: 21 | D48: 021.002 | G48: SUMINISTRO, TRANSPORTE E INSTALACIÓN DE CUNETA PARA VÍA VEHICULAR CONCRETO CLASE II PRODUCIDO EN OBRA | H48: m3 | I48: 60 | J48: =+APU!J146 -> 871587 | K48: =ROUND(J48*I48,0) -> 52295220
C49: Subtotal | K49: =SUM(K48:K48) -> 52295220
G50: ADICIONALES
C51: 22 | D51: 033.120 | G51: SUMINISTRO, TRANSPORTE E INSTALACION PAVIMENTO EN CONCRETO PRODUCIDO EN OBRA MR 42 CON ACELERANTE A 7 DIAS | H51: m3 | I51: 81 | J51: =+APU!J155 -> 952467 | K51: =ROUND(J51*I51,0) -> 77149827
C52: 23 | D52: 023.040 | G52: SUMINISTRO, TRANSPORTE E INSTALACIÓN DE ADITIVO PARA ACELERAR FRAGUADO A SIETE (7) DIAS (ACELERANTE) DE UN M3 DE CONCRETO PAVIMENTO MR 42 | H52: m3 | I52: 40 | J52: =+APU!J168 -> 122529 | K52: =ROUND(J52*I52,0) -> 4901160 | P52: =1.8*300*0.15 -> 81
C53: 24 | D53: PB-0000003 | G53: PROTOCOLO DE BIOSEGURIDAD, CIRCULAR 0000003 DEL 8 DE ABRIL DE 2020 | H53: GL | I53: 1 | J53: =+'PROTOCOLO DE BIOSEGURIDAD'!M15 -> 2588724 | K53: =ROUND(J53*I53,0) -> 2588724
C54: Subtotal | K54: =SUM(K51:K53) -> 84639711
C55: SUBTOTAL OBRAS | K55: =+K49+K46+K40+K37+K32+K27+K22+K54+K14 -> 311158600
G58: SUBTOTAL OBRAS (INCLUYE AIU) | K58: =K55 -> 311158600
G59: VALOR TOTAL | K59: =K58 -> 311158600 | N59: =+ROUND(K59/(1+K65),0) -> 225248733 | P59: 225248733
C61: NOTA 1: Se debe tener en cuenta que el PRECIO UNITARIO incluye el valor de A.I.U. | H61: DESCRIPCION | K61: PORCENTAJE
C62: NOTA 2: Cuando la fracción decimal del peso sea igual o superior a 5 se aproximará por exceso al número entero siguiente del peso y cuando la fracción decimal del peso sea inferior a 5 se aproximará por defecto al número entero del peso. | H62: ADMINISTRACION | J62: A= | K62: =+AIU!J47 -> 0.3214
C63: NOTA 3: El A.I.U y su discriminación deben estar en porcentaje (%). | H63: IMPREVISTO | J63: I= | K63: 0
C64: NOTA 4: Siguiendo las recomendaciones de la Guía de Colombia Compra Eficiente, presentar la oferta | H64: UTILIDAD | J64: U= | K64: 0.06
C65: NOTA 5: Revisar el Formulario 1 de Presupuesto con sus decimales y tenerlos en cuenta para la presentación de la propuesta económica. | H65: TOTAL A.I.U | J65: A.I.U.= | K65: =SUM(K62:K64) -> 0.3814
C66: NOTA 6: El item PB-000003 Protocolo de bioseguridad, resolución N°350 de 2022, solo puede ser cobrado en el valor efectivamente utilizado, por lo cual solo serà pagado el valor soportado mediante facturas correspondientes a la compra de los elementos incluidos en el APU de este item.
G85: =+(2.55+1.6)/2 -> 2.075

Sheet APU
A1: MANTENIMIENTO Y REHABILITACIÓN DE VÍAS URBANAS, MEDIANTE LA REPARACIÓN Y CONSTRUCCIÓN DE PAVIMENTOS Y PEATONALES EN LA CIUDAD DE MANIZALES COMUNAS 1 y 2 ATARDECERES Y SAN JOSE
A3: PRELIMINARES
A5: CODIGO | B5: COD INSUMO | C5: INSUMO | D5: TIPO | E5: UNIDAD | F5: REND | G5: VALOR UNITARIO | H5: VALOR TOTAL | I5: AIU | J5: VALOR TOTAL INCLUIDO AIU
A6: 001.045 | B6: - | C6: NIVELACION Y LIMPIEZA | D6: Actividad | E6: M2 | H6: =+SUM(H7:H10) -> 5767 | I6: =1+AIU!J50 -> 1.3814 | J6: =ROUND(H6*I6,0) -> 7967
A7: 001.045 | B7: C1 | C7: CUADRILLA AA TIPO 1 (1 OFICIAL + 1 AYUDANTE) (Albañileria) | D7: Cuadrilla | E7: HR | F7: 0.25 | G7: =+VLOOKUP(B7,[111]Insumos!$A$2:$F$2700,5,FALSE) -> 18395 | H7: =+ROUND(F7*G7,0) -> 4599
A8: 001.045 | B8: E24 | C8: VOLQUETA 6M3 (CARGUE A MANO) | D8: Equipos | E8: VJE | F8: 0.001 | G8: =+VLOOKUP(B8,[111]Insumos!$A$2:$F$2700,5,FALSE) -> 124723 | H8: =+ROUND(F8*G8,0) -> 125
A9: 001.045 | B9: H2 | C9: EQUIPO BASICO (HERRAMIENTA MENOR) | D9: Herramienta | E9: UND | F9: 0.25 | G9: =+VLOOKUP(B9,[111]Insumos!$A$2:$F$2700,5,FALSE) -> 2679 | H9: =+ROUND(F9*G9,0) -> 670
A10: 001.045 | B10: I1565 | C10: ACARREO INTERNO | D10: Insumo | E10: UND | F10: 0.266 | G10: =+VLOOKUP(B10,[111]Insumos!$A$2:$F$2700,5,FALSE) -> 1402 | H10: =+ROUND(F10*G10,0) -> 373
A12: 002.83 | B12: - | C12: EXCAVACION MANUAL | D12: Actividad | E12: M3 | H12: =+SUM(H13:H14) -> 16829 | I12: =+$I$6 -> 1.3814 | J12: =ROUND(H12*I12,0) -> 23248
A13: 002.83 | B13: C44 | C13: CUADRILLA AA (2 AYUDANTES) | D13: Cuadrilla | E13: HR | F13: 1 | G13: =+VLOOKUP(B13,[111]Insumos!$A$2:$F$2700,5,FALSE) -> 14150 | H13: =+ROUND(F13*G13,0) -> 14150
A14: 002.83 | B14: H2 | C14: EQUIPO BASICO (HERRAMIENTA MENOR) | D14: Herramienta | E14: UND | F14: 1 | G14: =+VLOOKUP(B14,[111]Insumos!$A$2:$F$2700,5,FALSE) -> 2679 | H14: =+ROUND(F14*G14,0) -> 2679
A16: 002.016 | B16: - | C16: EXCAVACIÓN A CIELO ABIERTO - MATERIAL COMÚN - 0.0 A 2.0 M | D16: Actividad | E16: M3 | H16: =+SUM(H17:H19) -> 24717 | I16: =+$I$6 -> 1.3814 | J16: =ROUND(H16*I16,0) -> 34144
A17: 002.016 | B17: C22 | C17: CUADRILLA AA TIPO 4 (1 OFICIAL + 4 AYUDANTE) (Albañileria) | D17: Cuadrilla | E17: HR | F17: 0.54 | G17: =+VLOOKUP(B17,[111]Insumos!$A$2:$F$2700,5,FALSE) -> 39620 | H17: =+ROUND(F17*G17,0) -> 21395
A18: 002.016 | B18: I282 | C18: MANEJO DE AGUAS PARA PROTECCION DE LA ZONA DE EXCAVACION(SUELO CEMENTO 10:1) | D18: Insumo | E18: M3 | F18: 0.015 | G18: =+VLOOKUP(B18,[111]Insumos!$A$2:$F$2700,5,FALSE) -> 149975 | H18: =+ROUND(F18*G18,0) -> 2250
A19: 002.016 | B19: H2 | C19: EQUIPO BASICO (HERRAMIENTA MENOR) | D19: Herramienta | E19: UND | F19: 0.4 | G19: =+VLOOKUP(B19,[111]Insumos!$A$2:$F$2700,5,FALSE) -> 2679 | H19: =+ROUND(F19*G19,0) -> 1072
A21: 002.017 | B21: - | C21: EXCAVACIÓN A CIELO ABIERTO - CONGLOMERADO - 0.0 A 2.0 M | D21: Actividad | E21: M3 | H21: =+SUM(H22:H24) -> 35949 | I21: =+$I$6 -> 1.3814 | J21: =ROUND(H21*I21,0) -> 49660
A22: 002.017 | B22: C22 | C22: CUADRILLA AA TIPO 4 (1 OFICIAL + 4 AYUDANTE) (Albañileria) | D22: Cuadrilla | E22: HR | F22: 0.81 | G22: =+VLOOKUP(B22,[111]Insumos!$A$2:$F$2700,5,FALSE) -> 39620 | H22: =+ROUND(F22*G22,0) -> 32092
A23: 002.017 | B23: I282 | C23: MANEJO DE AGUAS PARA PROTECCION DE LA ZONA DE EXCAVACION(SUELO CEMENTO 10:1) | D23: Insumo | E23: M3 | F23: 0.015 | G23: 149975 | H23: =+ROUND(F23*G23,0) -> 2250
A24: 002.017 | B24: H2 | C24: EQUIPO BASICO (HERRAMIENTA MENOR) | D24: Herramienta | E24: UND | F24: 0.6 | G24: =+VLOOKUP(B24,[111]Insumos!$A$2:$F$2700,5,FALSE) -> 2679 | H24: =+ROUND(F24*G24,0) -> 1607
A26: 002.049 | B26: - | C26: RELLENO EN MATERIAL SELECCIONADO PROVENIENTE DE LA EXCAVACION (APISONADO) | D26: Actividad | E26: M3 | H26: =+SUM(H27:H29) -> 25804 | I26: =+$I$6 -> 1.3814 | J26: =ROUND(H26*I26,0) -> 35646
A27: 002.049 | B27: C15 | C27: CUADRILLA AA TIPO 3 (1 OFICIAL + 3 AYUDANTE) (Albañileria) | D27: Cuadrilla | E27: HR | F27: 0.7 | G27: =+VLOOKUP(B27,[111]Insumos!$A$2:$F$2700,5,FALSE) -> 32545 | H27: =+ROUND(F27*G27,0) -> 22782
A28: 002.049 | B28: H2 | C28: EQUIPO BASICO (HERRAMIENTA MENOR) | D28: Herramienta | E28: UND | F28: 0.5 | G28: =+VLOOKUP(B28,[111]Insumos!$A$2:$F$2700,5,FALSE) -> 2679 | H28: =+ROUND(F28*G28,0) -> 1340
A29: 002.049 | B29: I1565 | C29: ACARREO INTERNO | D29: Insumo | E29: UND | F29: 1.2 | G29: =+VLOOKUP(B29,[111]Insumos!$A$2:$F$2700,5,FALSE) -> 1402 | H29: =+ROUND(F29*G29,0) -> 1682
A31: 002.032 | B31: - | C31: RETIRO DE MATERIAL SOBRANTE EN VOLQUETA, CARGUE MANUAL | D31: Actividad | E31: M3 | H31: =+SUM(H32:H34) -> 34708 | I31: =+$I$6 -> 1.3814 | J31: =ROUND(H31*I31,0) -> 47946 | JGJ31: 34708 | JGK31: 002.032 | JGL31: - | JGM31: RETIRO DE MATERIAL SOBRANTE EN VOLQUETA, CARGUE MANUAL | JGN31: Actividad | JGO31: M3 | JGR31: 34708 | JGS31: 002.032 | JGT31: - | JGU31: RETIRO DE MATERIAL SOBRANTE EN VOLQUETA, CARGUE MANUAL | JGV31: Actividad | JGW31: M3 | JGZ31: 34708 | JHA31: 002.032 | JHB31: - | JHC31: RETIRO DE MATERIAL SOBRANTE EN VOLQUETA, CARGUE MANUAL | JHD31: Actividad | JHE31: M3 | JHH31: 34708 | JHI31: 002.032 | JHJ31: - | JHK31: RETIRO DE MATERIAL SOBRANTE EN VOLQUETA, CARGUE MANUAL | JHL31: Actividad | JHM31: M3 | JHP31: 34708 | JHQ31: 002.032 | JHR31: - | JHS31: RETIRO DE MATERIAL SOBRANTE EN VOLQUETA, CARGUE MANUAL | JHT31: Actividad | JHU31: M3 | JHX31: 34708 | JHY31: 002.032 | JHZ31: - | JIA31: RETIRO DE MATERIAL SOBRANTE EN VOLQUETA, CARGUE MANUAL | JIB31: Actividad | JIC31: M3 | JIF31: 34708 | JIG31: 002.032 | JIH31: - | JII31: RETIRO DE MATERIAL SOBRANTE EN VOLQUETA, CARGUE MANUAL | JIJ31: Actividad | JIK31: M3 | JIN31: 34708 | JIO31: 002.032 | JIP31: - | JIQ31: RETIRO DE MATERIAL SOBRANTE EN VOLQUETA, CARGUE MANUAL | JIR31: Actividad | JIS31: M3 | JIV31: 34708 | JIW31: 002.032 | JIX31: - | JIY31: RETIRO DE MATERIAL SOBRANTE EN VOLQUETA, CARGUE MANUAL | JIZ31: Actividad | JJA31: M3 | JJD31: 34708 | JJE31: 002.032 | JJF31: - | JJG31: RETIRO DE MATERIAL SOBRANTE EN VOLQUETA, CARGUE MANUAL | JJH31: Actividad | JJI31: M3 | JJL31: 34708 | JJM31: 002.032 | JJN31: - | JJO31: RETIRO DE MATERIAL SOBRANTE EN VOLQUETA, CARGUE MANUAL | JJP31: Actividad | JJQ31: M3 | JJT31: 34708 | JJU31: 002.032 | JJV31: - | JJW31: RETIRO DE MATERIAL SOBRANTE EN VOLQUETA, CARGUE MANUAL | JJX31: Actividad | JJY31: M3 | JKB31: 34708 | JKC31: 002.032 | JKD31: - | JKE31: RETIRO DE MATERIAL SOBRANTE EN VOLQUETA, CARGUE MANUAL | JKF31: Actividad | JKG31: M3 | JKJ31: 34708 | JKK31: 002.032 | JKL31: - | JKM31: RETIRO DE MATERIAL SOBRANTE EN VOLQUETA, CARGUE MANUAL | JKN31: Actividad | JKO31: M3 | JKR31: 34708 | JKS31: 002.032 | JKT31: - | JKU31: RETIRO DE MATERIAL SOBRANTE EN VOLQUETA, CARGUE MANUAL | JKV31: Actividad | JKW31: M3 | JKZ31: 34708 | JLA31: 002.032 | JLB31: - | JLC31: RETIRO DE MATERIAL SOBRANTE EN VOLQUETA, CARGUE MANUAL | JLD31: Actividad | JLE31: M3 | JLH31: 34708 | JLI31: 002.032 | JLJ31: - | JLK31: RETIRO DE MATERIAL SOBRANTE EN VOLQUETA, CARGUE MANUAL | JLL31: Actividad | JLM31: M3 | JLP31: 34708 | JLQ31: 002.032 | JLR31: - | JLS31: RETIRO DE MATERIAL SOBRANTE EN VOLQUETA, CARGUE MANUAL | JLT31: Actividad | JLU31: M3 | JLX31: 34708 | JLY31: 002.032 | JLZ31: - | JMA31: RETIRO DE MATERIAL SOBRANTE EN VOLQUETA, CARGUE MANUAL | JMB31: Actividad | JMC31: M3 | JMF31: 34708 | JMG31: 002.032 | JMH31: - | JMI31: RETIRO DE MATERIAL SOBRANTE EN VOLQUETA, CARGUE MANUAL | JMJ31: Actividad | JMK31: M3 | JMN31: 34708 | JMO31: 002.032 | JMP31: - | JMQ31: RETIRO DE MATERIAL SOBRANTE EN VOLQUETA, CARGUE MANUAL | JMR31: Actividad | JMS31: M3 | JMV31: 34708 | JMW31: 002.032 | JMX31: - | JMY31: RETIRO DE MATERIAL SOBRANTE EN VOLQUETA, CARGUE MANUAL | JMZ31: Actividad | JNA31: M3 | JND31: 34708 | JNE31: 002.032 | JNF31: - | JNG31: RETIRO DE MATERIAL SOBRANTE EN VOLQUETA, CARGUE MANUAL | JNH31: Actividad | JNI31: M3 | JNL31: 34708 | JNM31: 002.032 | JNN31: - | JNO31: RETIRO DE MATERIAL SOBRANTE EN VOLQUETA, CARGUE MANUAL | JNP31: Actividad | JNQ31: M3 | JNT31: 34708 | JNU31: 002.032 | JNV31: - | JNW31: RETIRO DE MATERIAL SOBRANTE EN VOLQUETA, CARGUE MANUAL | JNX31: Actividad | JNY31: M3 | JOB31: 34708 | JOC31: 002.032 | JOD31: - | JOE31: RETIRO DE MATERIAL SOBRANTE EN VOLQUETA, CARGUE MANUAL | JOF31: Actividad | JOG31: M3 | JOJ31: 34708 | JOK31: 002.032 | JOL31: - | JOM31: RETIRO DE MATERIAL SOBRANTE EN VOLQUETA, CARGUE MANUAL | JON31: Actividad | JOO31: M3 | JOR31: 34708 | JOS31: 002.032 | JOT31: - | JOU31: RETIRO DE MATERIAL SOBRANTE EN VOLQUETA, CARGUE MANUAL | JOV31: Actividad | JOW31: M3 | JOZ31: 34708 | JPA31: 002.032 | JPB31: - | JPC31: RETIRO DE MATERIAL SOBRANTE EN VOLQUETA, CARGUE MANUAL | JPD31: Actividad | JPE31: M3 | JPH31: 34708 | JPI31: 002.032 | JPJ31: - | JPK31: RETIRO DE MATERIAL SOBRANTE EN VOLQUETA, CARGUE MANUAL | JPL31: Actividad | JPM31: M3 | JPP31: 34708 | JPQ31: 002.032 | JPR31: - | JPS31: RETIRO DE MATERIAL SOBRANTE EN VOLQUETA, CARGUE MANUAL | JPT31: Actividad | JPU31: M3 | JPX31: 34708 | JPY31: 002.032 | JPZ31: - | JQA31: RETIRO DE MATERIAL SOBRANTE EN VOLQUETA, CARGUE MANUAL | JQB31: Actividad | JQC31: M3 | JQF31: 34708 | JQG31: 002.032 | JQH31: - | JQI31: RETIRO DE MATERIAL SOBRANTE EN VOLQUETA, CARGUE MANUAL | JQJ31: Actividad | JQK31: M3 | JQN31: 34708 | JQO31: 002.032 | JQP31: - | JQQ31: RETIRO DE MATERIAL SOBRANTE EN VOLQUETA, CARGUE MANUAL | JQR31: Actividad | JQS31: M3 | JQV31: 34708 | JQW31: 002.032 | JQX31: - | JQY31: RETIRO DE MATERIAL SOBRANTE EN VOLQUETA, CARGUE MANUAL | JQZ31: Actividad | JRA31: M3 | JRD31: 34708 | JRE31: 002.032 | JRF31: - | JRG31: RETIRO DE MATERIAL SOBRANTE EN VOLQUETA, CARGUE MANUAL | JRH31: Actividad | JRI31: M3 | JRL31: 34708 | JRM31: 002.032 | JRN31: - | JRO31: RETIRO DE MATERIAL SOBRANTE EN VOLQUETA, CARGUE MANUAL | JRP31: Actividad | JRQ31: M3 | JRT31: 34708 | JRU31: 002.032 | JRV31: - | JRW31: RETIRO DE MATERIAL SOBRANTE EN VOLQUETA, CARGUE MANUAL | JRX31: Actividad | JRY31: M3 | JSB31: 34708 | JSC31: 002.032 | JSD31: - | JSE31: RETIRO DE MATERIAL SOBRANTE EN VOLQUETA, CARGUE MANUAL | JSF31: Actividad | JSG31: M3 | JSJ31: 34708 | JSK31: 002.032 | JSL31: - | JSM31: RETIRO DE MATERIAL SOBRANTE EN VOLQUETA, CARGUE MANUAL | JSN31: Actividad | JSO31: M3 | JSR31: 34708 | JSS31: 002.032 | JST31: - | JSU31: RETIRO DE MATERIAL SOBRANTE EN VOLQUETA, CARGUE MANUAL | JSV31: Actividad | JSW31: M3 | JSZ31: 34708 | JTA31: 002.032 | JTB31: - | JTC31: RETIRO DE MATERIAL SOBRANTE EN VOLQUETA, CARGUE MANUAL | JTD31: Actividad | JTE31: M3 | JTH31: 34708 | JTI31: 002.032 | JTJ31: - | JTK31: RETIRO DE MATERIAL SOBRANTE EN VOLQUETA, CARGUE MANUAL | JTL31: Actividad | JTM31: M3 | JTP31: 34708 | JTQ31: 002.032 | JTR31: - | JTS31: RETIRO DE MATERIAL SOBRANTE EN VOLQUETA, CARGUE MANUAL | JTT31: Actividad | JTU31: M3 | JTX31: 34708 | JTY31: 002.032 | JTZ31: - | JUA31: RETIRO DE MATERIAL SOBRANTE EN VOLQUETA, CARGUE MANUAL | JUB31: Actividad | JUC31: M3 | JUF31: 34708 | JUG31: 002.032 | JUH31: - | JUI31: RETIRO DE MATERIAL SOBRANTE EN VOLQUETA, CARGUE MANUAL | JUJ31: Actividad | JUK31: M3 | JUN31: 34708 | JUO31: 002.032 | JUP31: - | JUQ31: RETIRO DE MATERIAL SOBRANTE EN VOLQUETA, CARGUE MANUAL | JUR31: Actividad | JUS31: M3 | JUV31: 34708 | JUW31: 002.032 | JUX31: - | JUY31: RETIRO DE MATERIAL SOBRANTE EN VOLQUETA, CARGUE MANUAL | JUZ31: Actividad | JVA31: M3 | JVD31: 34708 | JVE31: 002.032 | JVF31: - | JVG31: RETIRO DE MATERIAL SOBRANTE EN VOLQUETA, CARGUE MANUAL | JVH31: Actividad | JVI31: M3 | JVL31: 34708 | JVM31: 002.032 | JVN31: - | JVO31: RETIRO DE MATERIAL SOBRANTE EN VOLQUETA, CARGUE MANUAL | JVP31: Actividad | JVQ31: M3 | JVT31: 34708 | JVU31: 002.032 | JVV31: - | JVW31: RETIRO DE MATERIAL SOBRANTE EN VOLQUETA, CARGUE MANUAL | JVX31: Actividad | JVY31: M3 | JWB31: 34708 | JWC31: 002.032 | JWD31: - | JWE31: RETIRO DE MATERIAL SOBRANTE EN VOLQUETA, CARGUE MANUAL | JWF31: Actividad | JWG31: M3 | JWJ31: 34708 | JWK31: 002.032 | JWL31: - | JWM31: RETIRO DE MATERIAL SOBRANTE EN VOLQUETA, CARGUE MANUAL | JWN31: Actividad | JWO31: M3 | JWR31: 34708 | JWS31: 002.032 | JWT31: - | JWU31: RETIRO DE MATERIAL SOBRANTE EN VOLQUETA, CARGUE MANUAL | JWV31: Actividad | JWW31: M3 | JWZ31: 34708 | JXA31: 002.032 | JXB31: - | JXC31: RETIRO DE MATERIAL SOBRANTE EN VOLQUETA, CARGUE MANUAL | JXD31: Actividad | JXE31: M3 | JXH31: 34708 | JXI31: 002.032 | JXJ31: - | JXK31: RETIRO DE MATERIAL SOBRANTE EN VOLQUETA, CARGUE MANUAL | JXL31: Actividad | JXM31: M3 | JXP31: 34708 | JXQ31: 002.032 | JXR31: - | JXS31: RETIRO DE MATERIAL SOBRANTE EN VOLQUETA, CARGUE MANUAL | JXT31: Actividad | JXU31: M3 | JXX31: 34708 | JXY31: 002.032 | JXZ31: - | JYA31: RETIRO DE MATERIAL SOBRANTE EN VOLQUETA, CARGUE MANUAL | JYB31: Actividad | JYC31: M3 | JYF31: 34708 | JYG31: 002.032 | JYH31: - | JYI31: RETIRO DE MATERIAL SOBRANTE EN VOLQUETA, CARGUE MANUAL | JYJ31: Actividad | JYK31: M3 | JYN31: 34708 | JYO31: 002.032 | JYP31: - | JYQ31: RETIRO DE MATERIAL SOBRANTE EN VOLQUETA, CARGUE MANUAL | JYR31: Actividad | JYS31: M3 | JYV31: 34708 | JYW31: 002.032 | JYX31: - | JYY31: RETIRO DE MATERIAL SOBRANTE EN VOLQUETA, CARGUE MANUAL | JYZ31: Actividad | JZA31: M3 | JZD31: 34708 | JZE31: 002.032 | JZF31: - | JZG31: RETIRO DE MATERIAL SOBRANTE EN VOLQUETA, CARGUE MANUAL | JZH31: Actividad | JZI31: M3 | JZL31: 34708 | JZM31: 002.032 | JZN31: - | JZO31: RETIRO DE MATERIAL SOBRANTE EN VOLQUETA, CARGUE MANUAL | JZP31: Actividad | JZQ31: M3 | JZT31: 34708 | JZU31: 002.032 | JZV31: - | JZW31: RETIRO DE MATERIAL SOBRANTE EN VOLQUETA, CARGUE MANUAL | JZX31: Actividad | JZY31: M3 | KAB31: 34708 | KAC31: 002.032 | KAD31: - | KAE31: RETIRO DE MATERIAL SOBRANTE EN VOLQUETA, CARGUE MANUAL | KAF31: Actividad | KAG31: M3 | KAJ31: 34708 | KAK31: 002.032 | KAL31: - | KAM31: RETIRO DE MATERIAL SOBRANTE EN VOLQUETA, CARGUE MANUAL | KAN31: Actividad | KAO31: M3 | KAR31: 34708 | KAS31: 002.032 | KAT31: - | KAU31: RETIRO DE MATERIAL SOBRANTE EN VOLQUETA, CARGUE MANUAL | KAV31: Actividad | KAW31: M3 | KAZ31: 34708 | KBA31: 002.032 | KBB31: - | KBC31: RETIRO DE MATERIAL SOBRANTE EN VOLQUETA, CARGUE MANUAL | KBD31: Actividad | KBE31: M3 | KBH31: 34708 | KBI31: 002.032 | KBJ31: - | KBK31: RETIRO DE MATERIAL SOBRANTE EN VOLQUETA, CARGUE MANUAL | KBL31: Actividad | KBM31: M3 | KBP31: 34708 | KBQ31: 002.032 | KBR31: - | KBS31: RETIRO DE MATERIAL SOBRANTE EN VOLQUETA, CARGUE MANUAL | KBT31: Actividad | KBU31: M3 | KBX31: 34708 | KBY31: 002.032 | KBZ31: - | KCA31: RETIRO DE MATERIAL SOBRANTE EN VOLQUETA, CARGUE MANUAL | KCB31: Actividad | KCC31: M3 | KCF31: 34708 | KCG31: 002.032 | KCH31: - | KCI31: RETIRO DE MATERIAL SOBRANTE EN VOLQUETA, CARGUE MANUAL | KCJ31: Actividad | KCK31: M3 | KCN31: 34708 | KCO31: 002.032 | KCP31: - | KCQ31: RETIRO DE MATERIAL SOBRANTE EN VOLQUETA, CARGUE MANUAL | KCR31: Actividad | KCS31: M3 | KCV31: 34708 | KCW31: 002.032 | KCX31: - | KCY31: RETIRO DE MATERIAL SOBRANTE EN VOLQUETA, CARGUE MANUAL | KCZ31: Actividad | KDA31: M3 | KDD31: 34708 | KDE31: 002.032 | KDF31: - | KDG31: RETIRO DE MATERIAL SOBRANTE EN VOLQUETA, CARGUE MANUAL | KDH31: Actividad | KDI31: M3 | KDL31: 34708 | KDM31: 002.032 | KDN31: - | KDO31: RETIRO DE MATERIAL SOBRANTE EN VOLQUETA, CARGUE MANUAL | KDP31: Actividad | KDQ31: M3 | KDT31: 34708 | KDU31: 002.032 | KDV31: - | KDW31: RETIRO DE MATERIAL SOBRANTE EN VOLQUETA, CARGUE MANUAL | KDX31: Actividad | KDY31: M3 | KEB31: 34708 | KEC31: 002.032 | KED31: - | KEE31: RETIRO DE MATERIAL SOBRANTE EN VOLQUETA, CARGUE MANUAL | KEF31: Actividad | KEG31: M3 | KEJ31: 34708 | KEK31: 002.032 | KEL31: - | KEM31: RETIRO DE MATERIAL SOBRANTE EN VOLQUETA, CARGUE MANUAL | KEN31: Actividad | KEO31: M3 | KER31: 34708 | KES31: 002.032 | KET31: - | KEU31: RETIRO DE MATERIAL SOBRANTE EN VOLQUETA, CARGUE MANUAL | KEV31: Actividad | KEW31: M3 | KEZ31: 34708 | KFA31: 002.032 | KFB31: - | KFC31: RETIRO DE MATERIAL SOBRANTE EN VOLQUETA, CARGUE MANUAL | KFD31: Actividad | KFE31: M3 | KFH31: 34708 | KFI31: 002.032 | KFJ31: - | KFK31: RETIRO DE MATERIAL SOBRANTE EN VOLQUETA, CARGUE MANUAL | KFL31: Actividad | KFM31: M3 | KFP31: 34708 | KFQ31: 002.032 | KFR31: - | KFS31: RETIRO DE MATERIAL SOBRANTE EN VOLQUETA, CARGUE MANUAL | KFT31: Actividad | KFU31: M3 | KFX31: 34708 | KFY31: 002.032 | KFZ31: - | KGA31: RETIRO DE MATERIAL SOBRANTE EN VOLQUETA, CARGUE MANUAL | KGB31: Actividad | KGC31: M3 | KGF31: 34708 | KGG31: 002.032 | KGH31: - | KGI31: RETIRO DE MATERIAL SOBRANTE EN VOLQUETA, CARGUE MANUAL | KGJ31: Actividad | KGK31: M3 | KGN31: 34708 | KGO31: 002.032 | KGP31: - | KGQ31: RETIRO DE MATERIAL SOBRANTE EN VOLQUETA, CARGUE MANUAL | KGR31: Actividad | KGS31: M3 | KGV31: 34708 | KGW31: 002.032 | KGX31: - | KGY31: RETIRO DE MATERIAL SOBRANTE EN VOLQUETA, CARGUE MANUAL | KGZ31: Actividad | KHA31: M3 | KHD31: 34708 | KHE31: 002.032 | KHF31: - | KHG31: RETIRO DE MATERIAL SOBRANTE EN VOLQUETA, CARGUE MANUAL | KHH31: Actividad | KHI31: M3 | KHL31: 34708 | KHM31: 002.032 | KHN31: - | KHO31: RETIRO DE MATERIAL SOBRANTE EN VOLQUETA, CARGUE MANUAL | KHP31: Actividad | KHQ31: M3 | KHT31: 34708 | KHU31: 002.032 | KHV31: - | KHW31: RETIRO DE MATERIAL SOBRANTE EN VOLQUETA, CARGUE MANUAL | KHX31: Actividad | KHY31: M3 | KIB31: 34708 | KIC31: 002.032 | KID31: - | KIE31: RETIRO DE MATERIAL SOBRANTE EN VOLQUETA, CARGUE MANUAL | KIF31: Actividad | KIG31: M3 | KIJ31: 34708 | KIK31: 002.032 | KIL31: - | KIM31: RETIRO DE MATERIAL SOBRANTE EN VOLQUETA, CARGUE MANUAL | KIN31: Actividad | KIO31: M3 | KIR31: 34708 | KIS31: 002.032 | KIT31: - | KIU31: RETIRO DE MATERIAL SOBRANTE EN VOLQUETA, CARGUE MANUAL | KIV31: Actividad | KIW31: M3 | KIZ31: 34708 | KJA31: 002.032 | KJB31: - | KJC31: RETIRO DE MATERIAL SOBRANTE EN VOLQUETA, CARGUE MANUAL | KJD31: Actividad | KJE31: M3 | KJH31: 34708 | KJI31: 002.032 | KJJ31: - | KJK31: RETIRO DE MATERIAL SOBRANTE EN VOLQUETA, CARGUE MANUAL | KJL31: Actividad | KJM31: M3 | KJP31: 34708 | KJQ31: 002.032 | KJR31: - | KJS31: RETIRO DE MATERIAL SOBRANTE EN VOLQUETA, CARGUE MANUAL | KJT31: Actividad | KJU31: M3 | KJX31: 34708 | KJY31: 002.032 | KJZ31: - | KKA31: RETIRO DE MATERIAL SOBRANTE EN VOLQUETA, CARGUE MANUAL | KKB31: Actividad | KKC31: M3 | KKF31: 34708 | KKG31: 002.032 | KKH31: - | KKI31: RETIRO DE MATERIAL SOBRANTE EN VOLQUETA, CARGUE MANUAL | KKJ31: Actividad | KKK31: M3 | KKN31: 34708 | KKO31: 002.032 | KKP31: - | KKQ31: RETIRO DE MATERIAL SOBRANTE EN VOLQUETA, CARGUE MANUAL | KKR31: Actividad | KKS31: M3 | KKV31: 34708 | KKW31: 002.032 | KKX31: - | KKY31: RETIRO DE MATERIAL SOBRANTE EN VOLQUETA, CARGUE MANUAL | KKZ31: Actividad | KLA31: M3 | KLD31: 34708 | KLE31: 002.032 | KLF31: - | KLG31: RETIRO DE MATERIAL SOBRANTE EN VOLQUETA, CARGUE MANUAL | KLH31: Actividad | KLI31: M3 | KLL31: 34708 | KLM31: 002.032 | KLN31: - | KLO31: RETIRO DE MATERIAL SOBRANTE EN VOLQUETA, CARGUE MANUAL | KLP31: Actividad | KLQ31: M3 | KLT31: 34708 | KLU31: 002.032 | KLV31: - | KLW31: RETIRO DE MATERIAL SOBRANTE EN VOLQUETA, CARGUE MANUAL | KLX31: Actividad | KLY31: M3 | KMB31: 34708 | KMC31: 002.032 | KMD31: - | KME31: RETIRO DE MATERIAL SOBRANTE EN VOLQUETA, CARGUE MANUAL | KMF31: Actividad | KMG31: M3 | KMJ31: 34708 | KMK31: 002.032 | KML31: - | KMM31: RETIRO DE MATERIAL SOBRANTE EN VOLQUETA, CARGUE MANUAL | KMN31: Actividad | KMO31: M3 | KMR31: 34708 | KMS31: 002.032 | KMT31: - | KMU31: RETIRO DE MATERIAL SOBRANTE EN VOLQUETA, CARGUE MANUAL | KMV31: Actividad | KMW31: M3 | KMZ31: 34708 | KNA31: 002.032 | KNB31: - | KNC31: RETIRO DE MATERIAL SOBRANTE EN VOLQUETA, CARGUE MANUAL | KND31: Actividad | KNE31: M3 | KNH31: 34708 | KNI31: 002.032 | KNJ31: - | KNK31: RETIRO DE MATERIAL SOBRANTE EN VOLQUETA, CARGUE MANUAL | KNL31: Actividad | KNM31: M3 | KNP31: 34708 | KNQ31: 002.032 | KNR31: - | KNS31: RETIRO DE MATERIAL SOBRANTE EN VOLQUETA, CARGUE MANUAL | KNT31: Actividad | KNU31: M3 | KNX31: 34708 | KNY31: 002.032 | KNZ31: - | KOA31: RETIRO DE MATERIAL SOBRANTE EN VOLQUETA, CARGUE MANUAL | KOB31: Actividad | KOC31: M3 | KOF31: 34708 | KOG31: 002.032 | KOH31: - | KOI31: RETIRO DE MATERIAL SOBRANTE EN VOLQUETA, CARGUE MANUAL | KOJ31: Actividad | KOK31: M3 | KON31: 34708 | KOO31: 002.032 | KOP31: - | KOQ31: RETIRO DE MATERIAL SOBRANTE EN VOLQUETA, CARGUE MANUAL | KOR31: Actividad | KOS31: M3 | KOV31: 34708 | KOW31: 002.032 | KOX31: - | KOY31: RETIRO DE MATERIAL SOBRANTE EN VOLQUETA, CARGUE MANUAL | KOZ31: Actividad | KPA31: M3 | KPD31: 34708 | KPE31: 002.032 | KPF31: - | KPG31: RETIRO DE MATERIAL SOBRANTE EN VOLQUETA, CARGUE MANUAL | KPH31: Actividad | KPI31: M3 | KPL31: 34708 | KPM31: 002.032 | KPN31: - | KPO31: RETIRO DE MATERIAL SOBRANTE EN VOLQUETA, CARGUE MANUAL | KPP31: Actividad | KPQ31: M3 | KPT31: 34708 | KPU31: 002.032 | KPV31: - | KPW31: RETIRO DE MATERIAL SOBRANTE EN VOLQUETA, CARGUE MANUAL | KPX31: Actividad | KPY31: M3 | KQB31: 34708 | KQC31: 002.032 | KQD31: - | KQE31: RETIRO DE MATERIAL SOBRANTE EN VOLQUETA, CARGUE MANUAL | KQF31: Actividad | KQG31: M3 | KQJ31: 34708 | KQK31: 002.032 | KQL31: - | KQM31: RETIRO DE MATERIAL SOBRANTE EN VOLQUETA, CARGUE MANUAL | KQN31: Actividad | KQO31: M3 | KQR31: 34708 | KQS31: 002.032 | KQT31: - | KQU31: RETIRO DE MATERIAL SOBRANTE EN VOLQUETA, CARGUE MANUAL | KQV31: Actividad | KQW31: M3 | KQZ31: 34708 | KRA31: 002.032 | KRB31: - | KRC31: RETIRO DE MATERIAL SOBRANTE EN VOLQUETA, CARGUE MANUAL | KRD31: Actividad | KRE31: M3 | KRH31: 34708 | KRI31: 002.032 | KRJ31: - | KRK31: RETIRO DE MATERIAL SOBRANTE EN VOLQUETA, CARGUE MANUAL | KRL31: Actividad | KRM31: M3 | KRP31: 34708 | KRQ31: 002.032 | KRR31: - | KRS31: RETIRO DE MATERIAL SOBRANTE EN VOLQUETA, CARGUE MANUAL | KRT31: Actividad | KRU31: M3 | KRX31: 34708 | KRY31: 002.032 | KRZ31: - | KSA31: RETIRO DE MATERIAL SOBRANTE EN VOLQUETA, CARGUE MANUAL | KSB31: Actividad | KSC31: M3 | KSF31: 34708 | KSG31: 002.032 | KSH31: - | KSI31: RETIRO DE MATERIAL SOBRANTE EN VOLQUETA, CARGUE MANUAL | KSJ31: Actividad | KSK31: M3 | KSN31: 34708 | KSO31: 002.032 | KSP31: - | KSQ31: RETIRO DE MATERIAL SOBRANTE EN VOLQUETA, CARGUE MANUAL | KSR31: Actividad | KSS31: M3 | KSV31: 34708 | KSW31: 002.032 | KSX31: - | KSY31: RETIRO DE MATERIAL SOBRANTE EN VOLQUETA, CARGUE MANUAL | KSZ31: Actividad | KTA31: M3 | KTD31: 34708 | KTE31: 002.032 | KTF31: - | KTG31: RETIRO DE MATERIAL SOBRANTE EN VOLQUETA, CARGUE MANUAL | KTH31: Actividad | KTI31: M3 | KTL31: 34708 | KTM31: 002.032 | KTN31: - | KTO31: RETIRO DE MATERIAL SOBRANTE EN VOLQUETA, CARGUE MANUAL | KTP31: Actividad | KTQ31: M3 | KTT31: 34708 | KTU31: 002.032 | KTV31: - | KTW31: RETIRO DE MATERIAL SOBRANTE EN VOLQUETA, CARGUE MANUAL | KTX31: Actividad | KTY31: M3 | KUB31: 34708 | KUC31: 002.032 | KUD31: - | KUE31: RETIRO DE MATERIAL SOBRANTE EN VOLQUETA, CARGUE MANUAL | KUF31: Actividad | KUG31: M3 | KUJ31: 34708 | KUK31: 002.032 | KUL31: - | KUM31: RETIRO DE MATERIAL SOBRANTE EN VOLQUETA, CARGUE MANUAL | KUN31: Actividad | KUO31: M3 | KUR31: 34708 | KUS31: 002.032 | KUT31: - | KUU31: RETIRO DE MATERIAL SOBRANTE EN VOLQUETA, CARGUE MANUAL | KUV31: Actividad | KUW31: M3 | KUZ31: 34708 | KVA31: 002.032 | KVB31: - | KVC31: RETIRO DE MATERIAL SOBRANTE EN VOLQUETA, CARGUE MANUAL | KVD31: Actividad | KVE31: M3 | KVH31: 34708 | KVI31: 002.032 | KVJ31: - | KVK31: RETIRO DE MATERIAL SOBRANTE EN VOLQUETA, CARGUE MANUAL | KVL31: Actividad | KVM31: M3 | KVP31: 34708 | KVQ31: 002.032 | KVR31: - | KVS31: RETIRO DE MATERIAL SOBRANTE EN VOLQUETA, CARGUE MANUAL | KVT31: Actividad | KVU31: M3 | KVX31: 34708 | KVY31: 002.032 | KVZ31: - | KWA31: RETIRO DE MATERIAL SOBRANTE EN VOLQUETA, CARGUE MANUAL | KWB31: Actividad | KWC31: M3 | KWF31: 34708 | KWG31: 002.032 | KWH31: - | KWI31: RETIRO DE MATERIAL SOBRANTE EN VOLQUETA, CARGUE MANUAL | KWJ31: Actividad | KWK31: M3 | KWN31: 34708 | KWO31: 002.032 | KWP31: - | KWQ31: RETIRO DE MATERIAL SOBRANTE EN VOLQUETA, CARGUE MANUAL | KWR31: Actividad | KWS31: M3 | KWV31: 34708 | KWW31: 002.032 | KWX31: - | KWY31: RETIRO DE MATERIAL SOBRANTE EN VOLQUETA, CARGUE MANUAL | KWZ31: Actividad | KXA31: M3 | KXD31: 34708 | KXE31: 002.032 | KXF31: - | KXG31: RETIRO DE MATERIAL SOBRANTE EN VOLQUETA, CARGUE MANUAL | KXH31: Actividad | KXI31: M3 | KXL31: 34708 | KXM31: 002.032 | KXN31: - | KXO31: RETIRO DE MATERIAL SOBRANTE EN VOLQUETA, CARGUE MANUAL | KXP31: Actividad | KXQ31: M3 | KXT31: 34708 | KXU31: 002.032 | KXV31: - | KXW31: RETIRO DE MATERIAL SOBRANTE EN VOLQUETA, CARGUE MANUAL | KXX31: Actividad | KXY31: M3 | KYB31: 34708 | KYC31: 002.032 | KYD31: - | KYE31: RETIRO DE MATERIAL SOBRANTE EN VOLQUETA, CARGUE MANUAL | KYF31: Actividad | KYG31: M3 | KYJ31: 34708 | KYK31: 002.032 | KYL31: - | KYM31: RETIRO DE MATERIAL SOBRANTE EN VOLQUETA, CARGUE MANUAL | KYN31: Actividad | KYO31: M3 | KYR31: 34708 | KYS31: 002.032 | KYT31: - | KYU31: RETIRO DE MATERIAL SOBRANTE EN VOLQUETA, CARGUE MANUAL | KYV31: Actividad | KYW31: M3 | KYZ31: 34708 | KZA31: 002.032 | KZB31: - | KZC31: RETIRO DE MATERIAL SOBRANTE EN VOLQUETA, CARGUE MANUAL | KZD31: Actividad | KZE31: M3 | KZH31: 34708 | KZI31: 002.032 | KZJ31: - | KZK31: RETIRO DE MATERIAL SOBRANTE EN VOLQUETA, CARGUE MANUAL | KZL31: Actividad | KZM31: M3 | KZP31: 34708 | KZQ31: 002.032 | KZR31: - | KZS31: RETIRO DE MATERIAL SOBRANTE EN VOLQUETA, CARGUE MANUAL | KZT31: Actividad | KZU31: M3 | KZX31: 34708 | KZY31: 002.032 | KZZ31: - | LAA31: RETIRO DE MATERIAL SOBRANTE EN VOLQUETA, CARGUE MANUAL | LAB31: Actividad | LAC31: M3 | LAF31: 34708 | LAG31: 002.032 | LAH31: - | LAI31: RETIRO DE MATERIAL SOBRANTE EN VOLQUETA, CARGUE MANUAL | LAJ31: Actividad | LAK31: M3 | LAN31: 34708 | LAO31: 002.032 | LAP31: - | LAQ31: RETIRO DE MATERIAL SOBRANTE EN VOLQUETA, CARGUE MANUAL | LAR31: Actividad | LAS31: M3 | LAV31: 34708 | LAW31: 002.032 | LAX31: - | LAY31: RETIRO DE MATERIAL SOBRANTE EN VOLQUETA, CARGUE MANUAL | LAZ31: Actividad | LBA31: M3 | LBD31: 34708 | LBE31: 002.032 | LBF31: - | LBG31: RETIRO DE MATERIAL SOBRANTE EN VOLQUETA, CARGUE MANUAL | LBH31: Actividad | LBI31: M3 | LBL31: 34708 | LBM31: 002.032 | LBN31: - | LBO31: RETIRO DE MATERIAL SOBRANTE EN VOLQUETA, CARGUE MANUAL | LBP31: Actividad | LBQ31: M3 | LBT31: 34708 | LBU31: 002.032 | LBV31: - | LBW31: RETIRO DE MATERIAL SOBRANTE EN VOLQUETA, CARGUE MANUAL | LBX31: Actividad | LBY31: M3 | LCB31: 34708 | LCC31: 002.032 | LCD31: - | LCE31: RETIRO DE MATERIAL SOBRANTE EN VOLQUETA, CARGUE MANUAL | LCF31: Actividad | LCG31: M3 | LCJ31: 34708 | LCK31: 002.032 | LCL31: - | LCM31: RETIRO DE MATERIAL SOBRANTE EN VOLQUETA, CARGUE MANUAL | LCN31: Actividad | LCO31: M3 | LCR31: 34708 | LCS31: 002.032 | LCT31: - | LCU31: RETIRO DE MATERIAL SOBRANTE EN VOLQUETA, CARGUE MANUAL | LCV31: Actividad | LCW31: M3 | LCZ31: 34708 | LDA31: 002.032 | LDB31: - | LDC31: RETIRO DE MATERIAL SOBRANTE EN VOLQUETA, CARGUE MANUAL | LDD31: Actividad | LDE31: M3 | LDH31: 34708 | LDI31: 002.032 | LDJ31: - | LDK31: RETIRO DE MATERIAL SOBRANTE EN VOLQUETA, CARGUE MANUAL | LDL31: Actividad | LDM31: M3 | LDP31: 34708 | LDQ31: 002.032 | LDR31: - | LDS31: RETIRO DE MATERIAL SOBRANTE EN VOLQUETA, CARGUE MANUAL | LDT31: Actividad | LDU31: M3 | LDX31: 34708 | LDY31: 002.032 | LDZ31: - | LEA31: RETIRO DE MATERIAL SOBRANTE EN VOLQUETA, CARGUE MANUAL | LEB31: Actividad | LEC31: M3 | LEF31: 34708 | LEG31: 002.032 | LEH31: - | LEI31: RETIRO DE MATERIAL SOBRANTE EN VOLQUETA, CARGUE MANUAL | LEJ31: Actividad | LEK31: M3 | LEN31: 34708 | LEO31: 002.032 | LEP31: - | LEQ31: RETIRO DE MATERIAL SOBRANTE EN VOLQUETA, CARGUE MANUAL | LER31: Actividad | LES31: M3 | LEV31: 34708 | LEW31: 002.032 | LEX31: - | LEY31: RETIRO DE MATERIAL SOBRANTE EN VOLQUETA, CARGUE MANUAL | LEZ31: Actividad | LFA31: M3 | LFD31: 34708 | LFE31: 002.032 | LFF31: - | LFG31: RETIRO DE MATERIAL SOBRANTE EN VOLQUETA, CARGUE MANUAL | LFH31: Actividad | LFI31: M3 | LFL31: 34708 | LFM31: 002.032 | LFN31: - | LFO31: RETIRO DE MATERIAL SOBRANTE EN VOLQUETA, CARGUE MANUAL | LFP31: Actividad | LFQ31: M3 | LFT31: 34708 | LFU31: 002.032 | LFV31: - | LFW31: RETIRO DE MATERIAL SOBRANTE EN VOLQUETA, CARGUE MANUAL | LFX31: Actividad | LFY31: M3 | LGB31: 34708 | LGC31: 002.032 | LGD31: - | LGE31: RETIRO DE MATERIAL SOBRANTE EN VOLQUETA, CARGUE MANUAL | LGF31: Actividad | LGG31: M3 | LGJ31: 34708 | LGK31: 002.032 | LGL31: - | LGM31: RETIRO DE MATERIAL SOBRANTE EN VOLQUETA, CARGUE MANUAL | LGN31: Actividad | LGO31: M3 | LGR31: 34708 | LGS31: 002.032 | LGT31: - | LGU31: RETIRO DE MATERIAL SOBRANTE EN VOLQUETA, CARGUE MANUAL | LGV31: Actividad | LGW31: M3 | LGZ31: 34708 | LHA31: 002.032 | LHB31: - | LHC31: RETIRO DE MATERIAL SOBRANTE EN VOLQUETA, CARGUE MANUAL | LHD31: Actividad | LHE31: M3 | LHH31: 34708 | LHI31: 002.032 | LHJ31: - | LHK31: RETIRO DE MATERIAL SOBRANTE EN VOLQUETA, CARGUE MANUAL | LHL31: Actividad | LHM31: M3 | LHP31: 34708 | LHQ31: 002.032 | LHR31: - | LHS31: RETIRO DE MATERIAL SOBRANTE EN VOLQUETA, CARGUE MANUAL | LHT31: Actividad | LHU31: M3 | LHX31: 34708 | LHY31: 002.032 | LHZ31: - | LIA31: RETIRO DE MATERIAL SOBRANTE EN VOLQUETA, CARGUE MANUAL | LIB31: Actividad | LIC31: M3 | LIF31: 34708 | LIG31: 002.032 | LIH31: - | LII31: RETIRO DE MATERIAL SOBRANTE EN VOLQUETA, CARGUE MANUAL | LIJ31: Actividad | LIK31: M3 | LIN31: 34708 | LIO31: 002.032 | LIP31: - | LIQ31: RETIRO DE MATERIAL SOBRANTE EN VOLQUETA, CARGUE MANUAL | LIR31: Actividad | LIS31: M3 | LIV31: 34708 | LIW31: 002.032 | LIX31: - | LIY31: RETIRO DE MATERIAL SOBRANTE EN VOLQUETA, CARGUE MANUAL | LIZ31: Actividad | LJA31: M3 | LJD31: 34708 | LJE31: 002.032 | LJF31: - | LJG31: RETIRO DE MATERIAL SOBRANTE EN VOLQUETA, CARGUE MANUAL | LJH31: Actividad | LJI31: M3 | LJL31: 34708 | LJM31: 002.032 | LJN31: - | LJO31: RETIRO DE MATERIAL SOBRANTE EN VOLQUETA, CARGUE MANUAL | LJP31: Actividad | LJQ31: M3 | LJT31: 34708 | LJU31: 002.032 | LJV31: - | LJW31: RETIRO DE MATERIAL SOBRANTE EN VOLQUETA, CARGUE MANUAL | LJX31: Actividad | LJY31: M3 | LKB31: 34708 | LKC31: 002.032 | LKD31: - | LKE31: RETIRO DE MATERIAL SOBRANTE EN VOLQUETA, CARGUE MANUAL | LKF31: Actividad | LKG31: M3 | LKJ31: 34708 | LKK31: 002.032 | LKL31: - | LKM31: RETIRO DE MATERIAL SOBRANTE EN VOLQUETA, CARGUE MANUAL | LKN31: Actividad | LKO31: M3 | LKR31: 34708 | LKS31: 002.032 | LKT31: - | LKU31: RETIRO DE MATERIAL SOBRANTE EN VOLQUETA, CARGUE MANUAL | LKV31: Actividad | LKW31: M3 | LKZ31: 34708 | LLA31: 002.032 | LLB31: - | LLC31: RETIRO DE MATERIAL SOBRANTE EN VOLQUETA, CARGUE MANUAL | LLD31: Actividad | LLE31: M3 | LLH31: 34708 | LLI31: 002.032 | LLJ31: - | LLK31: RETIRO DE MATERIAL SOBRANTE EN VOLQUETA, CARGUE MANUAL | LLL31: Actividad | LLM31: M3 | LLP31: 34708 | LLQ31: 002.032 | LLR31: - | LLS31: RETIRO DE MATERIAL SOBRANTE EN VOLQUETA, CARGUE MANUAL | LLT31: Actividad | LLU31: M3 | LLX31: 34708 | LLY31: 002.032 | LLZ31: - | LMA31: RETIRO DE MATERIAL SOBRANTE EN VOLQUETA, CARGUE MANUAL | LMB31: Actividad | LMC31: M3 | LMF31: 34708 | LMG31: 002.032 | LMH31: - | LMI31: RETIRO DE MATERIAL SOBRANTE EN VOLQUETA, CARGUE MANUAL | LMJ31: Actividad | LMK31: M3 | LMN31: 34708 | LMO31: 002.032 | LMP31: - | LMQ31: RETIRO DE MATERIAL SOBRANTE EN VOLQUETA, CARGUE MANUAL | LMR31: Actividad | LMS31: M3 | LMV31: 34708 | LMW31: 002.032 | LMX31: - | LMY31: RETIRO DE MATERIAL SOBRANTE EN VOLQUETA, CARGUE MANUAL | LMZ31: Actividad | LNA31: M3 | LND31: 34708 | LNE31: 002.032 | LNF31: - | LNG31: RETIRO DE MATERIAL SOBRANTE EN VOLQUETA, CARGUE MANUAL | LNH31: Actividad | LNI31: M3 | LNL31: 34708 | LNM31: 002.032 | LNN31: - | LNO31: RETIRO DE MATERIAL SOBRANTE EN VOLQUETA, CARGUE MANUAL | LNP31: Actividad | LNQ31: M3 | LNT31: 34708 | LNU31: 002.032 | LNV31: - | LNW31: RETIRO DE MATERIAL SOBRANTE EN VOLQUETA, CARGUE MANUAL | LNX31: Actividad | LNY31: M3 | LOB31: 34708 | LOC31: 002.032 | LOD31: - | LOE31: RETIRO DE MATERIAL SOBRANTE EN VOLQUETA, CARGUE MANUAL | LOF31: Actividad | LOG31: M3 | LOJ31: 34708 | LOK31: 002.032 | LOL31: - | LOM31: RETIRO DE MATERIAL SOBRANTE EN VOLQUETA, CARGUE MANUAL | LON31: Actividad | LOO31: M3 | LOR31: 34708 | LOS31: 002.032 | LOT31: - | LOU31: RETIRO DE MATERIAL SOBRANTE EN VOLQUETA, CARGUE MANUAL | LOV31: Actividad | LOW31: M3 | LOZ31: 34708 | LPA31: 002.032 | LPB31: - | LPC31: RETIRO DE MATERIAL SOBRANTE EN VOLQUETA, CARGUE MANUAL | LPD31: Actividad | LPE31: M3 | LPH31: 34708 | LPI31: 002.032 | LPJ31: - | LPK31: RETIRO DE MATERIAL SOBRANTE EN VOLQUETA, CARGUE MANUAL | LPL31: Actividad | LPM31: M3 | LPP31: 34708 | LPQ31: 002.032 | LPR31: - | LPS31: RETIRO DE MATERIAL SOBRANTE EN VOLQUETA, CARGUE MANUAL | LPT31: Actividad | LPU31: M3 | LPX31: 34708 | LPY31: 002.032 | LPZ31: - | LQA31: RETIRO DE MATERIAL SOBRANTE EN VOLQUETA, CARGUE MANUAL | LQB31: Actividad | LQC31: M3 | LQF31: 34708 | LQG31: 002.032 | LQH31: - | LQI31: RETIRO DE MATERIAL SOBRANTE EN VOLQUETA, CARGUE MANUAL | LQJ31: Actividad | LQK31: M3 | LQN31: 34708 | LQO31: 002.032 | LQP31: - | LQQ31: RETIRO DE MATERIAL SOBRANTE EN VOLQUETA, CARGUE MANUAL | LQR31: Actividad | LQS31: M3 | LQV31: 34708 | LQW31: 002.032 | LQX31: - | LQY31: RETIRO DE MATERIAL SOBRANTE EN VOLQUETA, CARGUE MANUAL | LQZ31: Actividad | LRA31: M3 | LRD31: 34708 | LRE31: 002.032 | LRF31: - | LRG31: RETIRO DE MATERIAL SOBRANTE EN VOLQUETA, CARGUE MANUAL | LRH31: Actividad | LRI31: M3 | LRL31: 34708 | LRM31: 002.032 | LRN31: - | LRO31: RETIRO DE MATERIAL SOBRANTE EN VOLQUETA, CARGUE MANUAL | LRP31: Actividad | LRQ31: M3 | LRT31: 34708 | LRU31: 002.032 | LRV31: - | LRW31: RETIRO DE MATERIAL SOBRANTE EN VOLQUETA, CARGUE MANUAL | LRX31: Actividad | LRY31: M3 | LSB31: 34708 | LSC31: 002.032 | LSD31: - | LSE31: RETIRO DE MATERIAL SOBRANTE EN VOLQUETA, CARGUE MANUAL | LSF31: Actividad | LSG31: M3 | LSJ31: 34708 | LSK31: 002.032 | LSL31: - | LSM31: RETIRO DE MATERIAL SOBRANTE EN VOLQUETA, CARGUE MANUAL | LSN31: Actividad | LSO31: M3 | LSR31: 34708 | LSS31: 002.032 | LST31: - | LSU31: RETIRO DE MATERIAL SOBRANTE EN VOLQUETA, CARGUE MANUAL | LSV31: Actividad | LSW31: M3 | LSZ31: 34708 | LTA31: 002.032 | LTB31: - | LTC31: RETIRO DE MATERIAL SOBRANTE EN VOLQUETA, CARGUE MANUAL | LTD31: Actividad | LTE31: M3 | LTH31: 34708 | LTI31: 002.032 | LTJ31: - | LTK31: RETIRO DE MATERIAL SOBRANTE EN VOLQUETA, CARGUE MANUAL | LTL31: Actividad | LTM31: M3 | LTP31: 34708 | LTQ31: 002.032 | LTR31: - | LTS31: RETIRO DE MATERIAL SOBRANTE EN VOLQUETA, CARGUE MANUAL | LTT31: Actividad | LTU31: M3 | LTX31: 34708 | LTY31: 002.032 | LTZ31: - | LUA31: RETIRO DE MATERIAL SOBRANTE EN VOLQUETA, CARGUE MANUAL | LUB31: Actividad | LUC31: M3 | LUF31: 34708 | LUG31: 002.032 | LUH31: - | LUI31: RETIRO DE MATERIAL SOBRANTE EN VOLQUETA, CARGUE MANUAL | LUJ31: Actividad | LUK31: M3 | LUN31: 34708 | LUO31: 002.032 | LUP31: - | LUQ31: RETIRO DE MATERIAL SOBRANTE EN VOLQUETA, CARGUE MANUAL | LUR31: Actividad | LUS31: M3 | LUV31: 34708 | LUW31: 002.032 | LUX31: - | LUY31: RETIRO DE MATERIAL SOBRANTE EN VOLQUETA, CARGUE MANUAL | LUZ31: Actividad | LVA31: M3 | LVD31: 34708 | LVE31: 002.032 | LVF31: - | LVG31: RETIRO DE MATERIAL SOBRANTE EN VOLQUETA, CARGUE MANUAL | LVH31: Actividad | LVI31: M3 | LVL31: 34708 | LVM31: 002.032 | LVN31: - | LVO31: RETIRO DE MATERIAL SOBRANTE EN VOLQUETA, CARGUE MANUAL | LVP31: Actividad | LVQ31: M3 | LVT31: 34708 | LVU31: 002.032 | LVV31: - | LVW31: RETIRO DE MATERIAL SOBRANTE EN VOLQUETA, CARGUE MANUAL | LVX31: Actividad | LVY31: M3 | LWB31: 34708 | LWC31: 002.032 | LWD31: - | LWE31: RETIRO DE MATERIAL SOBRANTE EN VOLQUETA, CARGUE MANUAL | LWF31: Actividad | LWG31: M3 | LWJ31: 34708 | LWK31: 002.032 | LWL31: - | LWM31: RETIRO DE MATERIAL SOBRANTE EN VOLQUETA, CARGUE MANUAL | LWN31: Actividad | LWO31: M3 | LWR31: 34708 | LWS31: 002.032 | LWT31: - | LWU31: RETIRO DE MATERIAL SOBRANTE EN VOLQUETA, CARGUE MANUAL | LWV31: Actividad | LWW31: M3 | LWZ31: 34708 | LXA31: 002.032 | LXB31: - | LXC31: RETIRO DE MATERIAL SOBRANTE EN VOLQUETA, CARGUE MANUAL | LXD31: Actividad | LXE31: M3 | LXH31: 34708 | LXI31: 002.032 | LXJ31: - | LXK31: RETIRO DE MATERIAL SOBRANTE EN VOLQUETA, CARGUE MANUAL | LXL31: Actividad | LXM31: M3 | LXP31: 34708 | LXQ31: 002.032 | LXR31: - | LXS31: RETIRO DE MATERIAL SOBRANTE EN VOLQUETA, CARGUE MANUAL | LXT31: Actividad | LXU31: M3 | LXX31: 34708 | LXY31: 002.032 | LXZ31: - | LYA31: RETIRO DE MATERIAL SOBRANTE EN VOLQUETA, CARGUE MANUAL | LYB31: Actividad | LYC31: M3 | LYF31: 34708 | LYG31: 002.032 | LYH31: - | LYI31: RETIRO DE MATERIAL SOBRANTE EN VOLQUETA, CARGUE MANUAL | LYJ31: Actividad | LYK31: M3 | LYN31: 34708 | LYO31: 002.032 | LYP31: - | LYQ31: RETIRO DE MATERIAL SOBRANTE EN VOLQUETA, CARGUE MANUAL | LYR31: Actividad | LYS31: M3 | LYV31: 34708 | LYW31: 002.032 | LYX31: - | LYY31: RETIRO DE MATERIAL SOBRANTE EN VOLQUETA, CARGUE MANUAL | LYZ31: Actividad | LZA31: M3 | LZD31: 34708 | LZE31: 002.032 | LZF31: - | LZG31: RETIRO DE MATERIAL SOBRANTE EN VOLQUETA, CARGUE MANUAL | LZH31: Actividad | LZI31: M3 | LZL31: 34708 | LZM31: 002.032 | LZN31: - | LZO31: RETIRO DE MATERIAL SOBRANTE EN VOLQUETA, CARGUE MANUAL | LZP31: Actividad | LZQ31: M3 | LZT31: 34708 | LZU31: 002.032 | LZV31: - | LZW31: RETIRO DE MATERIAL SOBRANTE EN VOLQUETA, CARGUE MANUAL | LZX31: Actividad | LZY31: M3 | MAB31: 34708 | MAC31: 002.032 | MAD31: - | MAE31: RETIRO DE MATERIAL SOBRANTE EN VOLQUETA, CARGUE MANUAL | MAF31: Actividad | MAG31: M3 | MAJ31: 34708 | MAK31: 002.032 | MAL31: - | MAM31: RETIRO DE MATERIAL SOBRANTE EN VOLQUETA, CARGUE MANUAL | MAN31: Actividad | MAO31: M3 | MAR31: 34708 | MAS31: 002.032 | MAT31: - | MAU31: RETIRO DE MATERIAL SOBRANTE EN VOLQUETA, CARGUE MANUAL | MAV31: Actividad | MAW31: M3 | MAZ31: 34708 | MBA31: 002.032 | MBB31: - | MBC31: RETIRO DE MATERIAL SOBRANTE EN VOLQUETA, CARGUE MANUAL | MBD31: Actividad | MBE31: M3 | MBH31: 34708 | MBI31: 002.032 | MBJ31: - | MBK31: RETIRO DE MATERIAL SOBRANTE EN VOLQUETA, CARGUE MANUAL | MBL31: Actividad | MBM31: M3 | MBP31: 34708 | MBQ31: 002.032 | MBR31: - | MBS31: RETIRO DE MATERIAL SOBRANTE EN VOLQUETA, CARGUE MANUAL | MBT31: Actividad | MBU31: M3 | MBX31: 34708 | MBY31: 002.032 | MBZ31: - | MCA31: RETIRO DE MATERIAL SOBRANTE EN VOLQUETA, CARGUE MANUAL | MCB31: Actividad | MCC31: M3 | MCF31: 34708 | MCG31: 002.032 | MCH31: - | MCI31: RETIRO DE MATERIAL SOBRANTE EN VOLQUETA, CARGUE MANUAL | MCJ31: Actividad | MCK31: M3 | MCN31: 34708 | MCO31: 002.032 | MCP31: - | MCQ31: RETIRO DE MATERIAL SOBRANTE EN VOLQUETA, CARGUE MANUAL | MCR31: Actividad | MCS31: M3 | MCV31: 34708 | MCW31: 002.032 | MCX31: - | MCY31: RETIRO DE MATERIAL SOBRANTE EN VOLQUETA, CARGUE MANUAL | MCZ31: Actividad | MDA31: M3 | MDD31: 34708 | MDE31: 002.032 | MDF31: - | MDG31: RETIRO DE MATERIAL SOBRANTE EN VOLQUETA, CARGUE MANUAL | MDH31: Actividad | MDI31: M3 | MDL31: 34708 | MDM31: 002.032 | MDN31: - | MDO31: RETIRO DE MATERIAL SOBRANTE EN VOLQUETA, CARGUE MANUAL | MDP31: Actividad | MDQ31: M3 | MDT31: 34708 | MDU31: 002.032 | MDV31: - | MDW31: RETIRO DE MATERIAL SOBRANTE EN VOLQUETA, CARGUE MANUAL | MDX31: Actividad | MDY31: M3 | MEB31: 34708 | MEC31: 002.032 | MED31: - | MEE31: RETIRO DE MATERIAL SOBRANTE EN VOLQUETA, CARGUE MANUAL | MEF31: Actividad | MEG31: M3 | MEJ31: 34708 | MEK31: 002.032 | MEL31: - | MEM31: RETIRO DE MATERIAL SOBRANTE EN VOLQUETA, CARGUE MANUAL | MEN31: Actividad | MEO31: M3 | MER31: 34708 | MES31: 002.032 | MET31: - | MEU31: RETIRO DE MATERIAL SOBRANTE EN VOLQUETA, CARGUE MANUAL | MEV31: Actividad | MEW31: M3 | MEZ31: 34708 | MFA31: 002.032 | MFB31: - | MFC31: RETIRO DE MATERIAL SOBRANTE EN VOLQUETA, CARGUE MANUAL | MFD31: Actividad | MFE31: M3 | MFH31: 34708 | MFI31: 002.032 | MFJ31: - | MFK31: RETIRO DE MATERIAL SOBRANTE EN VOLQUETA, CARGUE MANUAL | MFL31: Actividad | MFM31: M3 | MFP31: 34708 | MFQ31: 002.032 | MFR31: - | MFS31: RETIRO DE MATERIAL SOBRANTE EN VOLQUETA, CARGUE MANUAL | MFT31: Actividad | MFU31: M3 | MFX31: 34708 | MFY31: 002.032 | MFZ31: - | MGA31: RETIRO DE MATERIAL SOBRANTE EN VOLQUETA, CARGUE MANUAL | MGB31: Actividad | MGC31: M3 | MGF31: 34708 | MGG31: 002.032 | MGH31: - | MGI31: RETIRO DE MATERIAL SOBRANTE EN VOLQUETA, CARGUE MANUAL | MGJ31: Actividad | MGK31: M3 | MGN31: 34708 | MGO31: 002.032 | MGP31: - | MGQ31: RETIRO DE MATERIAL SOBRANTE EN VOLQUETA, CARGUE MANUAL | MGR31: Actividad | MGS31: M3 | MGV31: 34708 | MGW31: 002.032 | MGX31: - | MGY31: RETIRO DE MATERIAL SOBRANTE EN VOLQUETA, CARGUE MANUAL | MGZ31: Actividad | MHA31: M3 | MHD31: 34708 | MHE31: 002.032 | MHF31: - | MHG31: RETIRO DE MATERIAL SOBRANTE EN VOLQUETA, CARGUE MANUAL | MHH31: Actividad | MHI31: M3 | MHL31: 34708 | MHM31: 002.032 | MHN31: - | MHO31: RETIRO DE MATERIAL SOBRANTE EN VOLQUETA, CARGUE MANUAL | MHP31: Actividad | MHQ31: M3 | MHT31: 34708 | MHU31: 002.032 | MHV31: - | MHW31: RETIRO DE MATERIAL SOBRANTE EN VOLQUETA, CARGUE MANUAL | MHX31: Actividad | MHY31: M3 | MIB31: 34708 | MIC31: 002.032 | MID31: - | MIE31: RETIRO DE MATERIAL SOBRANTE EN VOLQUETA, CARGUE MANUAL | MIF31: Actividad | MIG31: M3 | MIJ31: 34708 | MIK31: 002.032 | MIL31: - | MIM31: RETIRO DE MATERIAL SOBRANTE EN VOLQUETA, CARGUE MANUAL | MIN31: Actividad | MIO31: M3 | MIR31: 34708 | MIS31: 002.032 | MIT31: - | MIU31: RETIRO DE MATERIAL SOBRANTE EN VOLQUETA, CARGUE MANUAL | MIV31: Actividad | MIW31: M3 | MIZ31: 34708 | MJA31: 002.032 | MJB31: - | MJC31: RETIRO DE MATERIAL SOBRANTE EN VOLQUETA, CARGUE MANUAL | MJD31: Actividad | MJE31: M3 | MJH31: 34708 | MJI31: 002.032 | MJJ31: - | MJK31: RETIRO DE MATERIAL SOBRANTE EN VOLQUETA, CARGUE MANUAL | MJL31: Actividad | MJM31: M3 | MJP31: 34708 | MJQ31: 002.032 | MJR31: - | MJS31: RETIRO DE MATERIAL SOBRANTE EN VOLQUETA, CARGUE MANUAL | MJT31: Actividad | MJU31: M3 | MJX31: 34708 | MJY31: 002.032 | MJZ31: - | MKA31: RETIRO DE MATERIAL SOBRANTE EN VOLQUETA, CARGUE MANUAL | MKB31: Actividad | MKC31: M3 | MKF31: 34708 | MKG31: 002.032 | MKH31: - | MKI31: RETIRO DE MATERIAL SOBRANTE EN VOLQUETA, CARGUE MANUAL | MKJ31: Actividad | MKK31: M3 | MKN31: 34708 | MKO31: 002.032 | MKP31: - | MKQ31: RETIRO DE MATERIAL SOBRANTE EN VOLQUETA, CARGUE MANUAL | MKR31: Actividad | MKS31: M3 | MKV31: 34708 | MKW31: 002.032 | MKX31: - | MKY31: RETIRO DE MATERIAL SOBRANTE EN VOLQUETA, CARGUE MANUAL | MKZ31: Actividad | MLA31: M3 | MLD31: 34708 | MLE31: 002.032 | MLF31: - | MLG31: RETIRO DE MATERIAL SOBRANTE EN VOLQUETA, CARGUE MANUAL | MLH31: Actividad | MLI31: M3 | MLL31: 34708 | MLM31: 002.032 | MLN31: - | MLO31: RETIRO DE MATERIAL SOBRANTE EN VOLQUETA, CARGUE MANUAL | MLP31: Actividad | MLQ31: M3 | MLT31: 34708 | MLU31: 002.032 | MLV31: - | MLW31: RETIRO DE MATERIAL SOBRANTE EN VOLQUETA, CARGUE MANUAL | MLX31: Actividad | MLY31: M3 | MMB31: 34708 | MMC31: 002.032 | MMD31: - | MME31: RETIRO DE MATERIAL SOBRANTE EN VOLQUETA, CARGUE MANUAL | MMF31: Actividad | MMG31: M3 | MMJ31: 34708 | MMK31: 002.032 | MML31: - | MMM31: RETIRO DE MATERIAL SOBRANTE EN VOLQUETA, CARGUE MANUAL | MMN31: Actividad | MMO31: M3 | MMR31: 34708 | MMS31: 002.032 | MMT31: - | MMU31: RETIRO DE MATERIAL SOBRANTE EN VOLQUETA, CARGUE MANUAL | MMV31: Actividad | MMW31: M3 | MMZ31: 34708 | MNA31: 002.032 | MNB31: - | MNC31: RETIRO DE MATERIAL SOBRANTE EN VOLQUETA, CARGUE MANUAL | MND31: Actividad | MNE31: M3 | MNH31: 34708 | MNI31: 002.032 | MNJ31: - | MNK31: RETIRO DE MATERIAL SOBRANTE EN VOLQUETA, CARGUE MANUAL | MNL31: Actividad | MNM31: M3 | MNP31: 34708 | MNQ31: 002.032 | MNR31: - | MNS31: RETIRO DE MATERIAL SOBRANTE EN VOLQUETA, CARGUE MANUAL | MNT31: Actividad | MNU31: M3 | MNX31: 34708 | MNY31: 002.032 | MNZ31: - | MOA31: RETIRO DE MATERIAL SOBRANTE EN VOLQUETA, CARGUE MANUAL | MOB31: Actividad | MOC31: M3 | MOF31: 34708 | MOG31: 002.032 | MOH31: - | MOI31: RETIRO DE MATERIAL SOBRANTE EN VOLQUETA, CARGUE MANUAL | MOJ31: Actividad | MOK31: M3 | MON31: 34708 | MOO31: 002.032 | MOP31: - | MOQ31: RETIRO DE MATERIAL SOBRANTE EN VOLQUETA, CARGUE MANUAL | MOR31: Actividad | MOS31: M3 | MOV31: 34708 | MOW31: 002.032 | MOX31: - | MOY31: RETIRO DE MATERIAL SOBRANTE EN VOLQUETA, CARGUE MANUAL | MOZ31: Actividad | MPA31: M3 | MPD31: 34708 | MPE31: 002.032 | MPF31: - | MPG31: RETIRO DE MATERIAL SOBRANTE EN VOLQUETA, CARGUE MANUAL | MPH31: Actividad | MPI31: M3 | MPL31: 34708 | MPM31: 002.032 | MPN31: - | MPO31: RETIRO DE MATERIAL SOBRANTE EN VOLQUETA, CARGUE MANUAL | MPP31: Actividad | MPQ31: M3 | MPT31: 34708 | MPU31: 002.032 | MPV31: - | MPW31: RETIRO DE MATERIAL SOBRANTE EN VOLQUETA, CARGUE MANUAL | MPX31: Actividad | MPY31: M3 | MQB31: 34708 | MQC31: 002.032 | MQD31: - | MQE31: RETIRO DE MATERIAL SOBRANTE EN VOLQUETA, CARGUE MANUAL | MQF31: Actividad | MQG31: M3 | MQJ31: 34708 | MQK31: 002.032 | MQL31: - | MQM31: RETIRO DE MATERIAL SOBRANTE EN VOLQUETA, CARGUE MANUAL | MQN31: Actividad | MQO31: M3 | MQR31: 34708 | MQS31: 002.032 | MQT31: - | MQU31: RETIRO DE MATERIAL SOBRANTE EN VOLQUETA, CARGUE MANUAL | MQV31: Actividad | MQW31: M3 | MQZ31: 34708 | MRA31: 002.032 | MRB31: - | MRC31: RETIRO DE MATERIAL SOBRANTE EN VOLQUETA, CARGUE MANUAL | MRD31: Actividad | MRE31: M3 | MRH31: 34708 | MRI31: 002.032 | MRJ31: - | MRK31: RETIRO DE MATERIAL SOBRANTE EN VOLQUETA, CARGUE MANUAL | MRL31: Actividad | MRM31: M3 | MRP31: 34708 | MRQ31: 002.032 | MRR31: - | MRS31: RETIRO DE MATERIAL SOBRANTE EN VOLQUETA, CARGUE MANUAL | MRT31: Actividad | MRU31: M3 | MRX31: 34708 | MRY31: 002.032 | MRZ31: - | MSA31: RETIRO DE MATERIAL SOBRANTE EN VOLQUETA, CARGUE MANUAL | MSB31: Actividad | MSC31: M3 | MSF31: 34708 | MSG31: 002.032 | MSH31: - | MSI31: RETIRO DE MATERIAL SOBRANTE EN VOLQUETA, CARGUE MANUAL | MSJ31: Actividad | MSK31: M3 | MSN31: 34708 | MSO31: 002.032 | MSP31: - | MSQ31: RETIRO DE MATERIAL SOBRANTE EN VOLQUETA, CARGUE MANUAL | MSR31: Actividad | MSS31: M3 | MSV31: 34708 | MSW31: 002.032 | MSX31: - | MSY31: RETIRO DE MATERIAL SOBRANTE EN VOLQUETA, CARGUE MANUAL | MSZ31: Actividad | MTA31: M3 | MTD31: 34708 | MTE31: 002.032 | MTF31: - | MTG31: RETIRO DE MATERIAL SOBRANTE EN VOLQUETA, CARGUE MANUAL | MTH31: Actividad | MTI31: M3 | MTL31: 34708 | MTM31: 002.032 | MTN31: - | MTO31: RETIRO DE MATERIAL SOBRANTE EN VOLQUETA, CARGUE MANUAL | MTP31: Actividad | MTQ31: M3 | MTT31: 34708 | MTU31: 002.032 | MTV31: - | MTW31: RETIRO DE MATERIAL SOBRANTE EN VOLQUETA, CARGUE MANUAL | MTX31: Actividad | MTY31: M3 | MUB31: 34708 | MUC31: 002.032 | MUD31: - | MUE31: RETIRO DE MATERIAL SOBRANTE EN VOLQUETA, CARGUE MANUAL | MUF31: Actividad | MUG31: M3 | MUJ31: 34708 | MUK31: 002.032 | MUL31: - | MUM31: RETIRO DE MATERIAL SOBRANTE EN VOLQUETA, CARGUE MANUAL | MUN31: Actividad | MUO31: M3 | MUR31: 34708 | MUS31: 002.032 | MUT31: - | MUU31: RETIRO DE MATERIAL SOBRANTE EN VOLQUETA, CARGUE MANUAL | MUV31: Actividad | MUW31: M3 | MUZ31: 34708 | MVA31: 002.032 | MVB31: - | MVC31: RETIRO DE MATERIAL SOBRANTE EN VOLQUETA, CARGUE MANUAL | MVD31: Actividad | MVE31: M3 | MVH31: 34708 | MVI31: 002.032 | MVJ31: - | MVK31: RETIRO DE MATERIAL SOBRANTE EN VOLQUETA, CARGUE MANUAL | MVL31: Actividad | MVM31: M3 | MVP31: 34708 | MVQ31: 002.032 | MVR31: - | MVS31: RETIRO DE MATERIAL SOBRANTE EN VOLQUETA, CARGUE MANUAL | MVT31: Actividad | MVU31: M3 | MVX31: 34708 | MVY31: 002.032 | MVZ31: - | MWA31: RETIRO DE MATERIAL SOBRANTE EN VOLQUETA, CARGUE MANUAL | MWB31: Actividad | MWC31: M3 | MWF31: 34708 | MWG31: 002.032 | MWH31: - | MWI31: RETIRO DE MATERIAL SOBRANTE EN VOLQUETA, CARGUE MANUAL | MWJ31: Actividad | MWK31: M3 | MWN31: 34708 | MWO31: 002.032 | MWP31: - | MWQ31: RETIRO DE MATERIAL SOBRANTE EN VOLQUETA, CARGUE MANUAL | MWR31: Actividad | MWS31: M3 | MWV31: 34708 | MWW31: 002.032 | MWX31: - | MWY31: RETIRO DE MATERIAL SOBRANTE EN VOLQUETA, CARGUE MANUAL | MWZ31: Actividad | MXA31: M3 | MXD31: 34708 | MXE31: 002.032 | MXF31: - | MXG31: RETIRO DE MATERIAL SOBRANTE EN VOLQUETA, CARGUE MANUAL | MXH31: Actividad | MXI31: M3 | MXL31: 34708 | MXM31: 002.032 | MXN31: - | MXO31: RETIRO DE MATERIAL SOBRANTE EN VOLQUETA, CARGUE MANUAL | MXP31: Actividad | MXQ31: M3 | MXT31: 34708 | MXU31: 002.032 | MXV31: - | MXW31: RETIRO DE MATERIAL SOBRANTE EN VOLQUETA, CARGUE MANUAL | MXX31: Actividad | MXY31: M3 | MYB31: 34708 | MYC31: 002.032 | MYD31: - | MYE31: RETIRO DE MATERIAL SOBRANTE EN VOLQUETA, CARGUE MANUAL | MYF31: Actividad | MYG31: M3 | MYJ31: 34708 | MYK31: 002.032 | MYL31: - | MYM31: RETIRO DE MATERIAL SOBRANTE EN VOLQUETA, CARGUE MANUAL | MYN31: Actividad | MYO31: M3 | MYR31: 34708 | MYS31: 002.032 | MYT31: - | MYU31: RETIRO DE MATERIAL SOBRANTE EN VOLQUETA, CARGUE MANUAL | MYV31: Actividad | MYW31: M3 | MYZ31: 34708 | MZA31: 002.032 | MZB31: - | MZC31: RETIRO DE MATERIAL SOBRANTE EN VOLQUETA, CARGUE MANUAL | MZD31: Actividad | MZE31: M3 | MZH31: 34708 | MZI31: 002.032 | MZJ31: - | MZK31: RETIRO DE MATERIAL SOBRANTE EN VOLQUETA, CARGUE MANUAL | MZL31: Actividad | MZM31: M3 | MZP31: 34708 | MZQ31: 002.032 | MZR31: - | MZS31: RETIRO DE MATERIAL SOBRANTE EN VOLQUETA, CARGUE MANUAL | MZT31: Actividad | MZU31: M3 | MZX31: 34708 | MZY31: 002.032 | MZZ31: - | NAA31: RETIRO DE MATERIAL SOBRANTE EN VOLQUETA, CARGUE MANUAL | NAB31: Actividad | NAC31: M3 | NAF31: 34708 | NAG31: 002.032 | NAH31: - | NAI31: RETIRO DE MATERIAL SOBRANTE EN VOLQUETA, CARGUE MANUAL | NAJ31: Actividad | NAK31: M3 | NAN31: 34708 | NAO31: 002.032 | NAP31: - | NAQ31: RETIRO DE MATERIAL SOBRANTE EN VOLQUETA, CARGUE MANUAL | NAR31: Actividad | NAS31: M3 | NAV31: 34708 | NAW31: 002.032 | NAX31: - | NAY31: RETIRO DE MATERIAL SOBRANTE EN VOLQUETA, CARGUE MANUAL | NAZ31: Actividad | NBA31: M3 | NBD31: 34708 | NBE31: 002.032 | NBF31: - | NBG31: RETIRO DE MATERIAL SOBRANTE EN VOLQUETA, CARGUE MANUAL | NBH31: Actividad | NBI31: M3 | NBL31: 34708 | NBM31: 002.032 | NBN31: - | NBO31: RETIRO DE MATERIAL SOBRANTE EN VOLQUETA, CARGUE MANUAL | NBP31: Actividad | NBQ31: M3 | NBT31: 34708 | NBU31: 002.032 | NBV31: - | NBW31: RETIRO DE MATERIAL SOBRANTE EN VOLQUETA, CARGUE MANUAL | NBX31: Actividad | NBY31: M3 | NCB31: 34708 | NCC31: 002.032 | NCD31: - | NCE31: RETIRO DE MATERIAL SOBRANTE EN VOLQUETA, CARGUE MANUAL | NCF31: Actividad | NCG31: M3 | NCJ31: 34708 | NCK31: 002.032 | NCL31: - | NCM31: RETIRO DE MATERIAL SOBRANTE EN VOLQUETA, CARGUE MANUAL | NCN31: Actividad | NCO31: M3 | NCR31: 34708 | NCS31: 002.032 | NCT31: - | NCU31: RETIRO DE MATERIAL SOBRANTE EN VOLQUETA, CARGUE MANUAL | NCV31: Actividad | NCW31: M3 | NCZ31: 34708 | NDA31: 002.032 | NDB31: - | NDC31: RETIRO DE MATERIAL SOBRANTE EN VOLQUETA, CARGUE MANUAL | NDD31: Actividad | NDE31: M3 | NDH31: 34708 | NDI31: 002.032 | NDJ31: - | NDK31: RETIRO DE MATERIAL SOBRANTE EN VOLQUETA, CARGUE MANUAL | NDL31: Actividad | NDM31: M3 | NDP31: 34708 | NDQ31: 002.032 | NDR31: - | NDS31: RETIRO DE MATERIAL SOBRANTE EN VOLQUETA, CARGUE MANUAL | NDT31: Actividad | NDU31: M3 | NDX31: 34708 | NDY31: 002.032 | NDZ31: - | NEA31: RETIRO DE MATERIAL SOBRANTE EN VOLQUETA, CARGUE MANUAL | NEB31: Actividad | NEC31: M3 | NEF31: 34708 | NEG31: 002.032 | NEH31: - | NEI31: RETIRO DE MATERIAL SOBRANTE EN VOLQUETA, CARGUE MANUAL | NEJ31: Actividad | NEK31: M3 | NEN31: 34708 | NEO31: 002.032 | NEP31: - | NEQ31: RETIRO DE MATERIAL SOBRANTE EN VOLQUETA, CARGUE MANUAL | NER31: Actividad | NES31: M3 | NEV31: 34708 | NEW31: 002.032 | NEX31: - | NEY31: RETIRO DE MATERIAL SOBRANTE EN VOLQUETA, CARGUE MANUAL | NEZ31: Actividad | NFA31: M3 | NFD31: 34708 | NFE31: 002.032 | NFF31: - | NFG31: RETIRO DE MATERIAL SOBRANTE EN VOLQUETA, CARGUE MANUAL | NFH31: Actividad | NFI31: M3 | NFL31: 34708 | NFM31: 002.032 | NFN31: - | NFO31: RETIRO DE MATERIAL SOBRANTE EN VOLQUETA, CARGUE MANUAL | NFP31: Actividad | NFQ31: M3 | NFT31: 34708 | NFU31: 002.032 | NFV31: - | NFW31: RETIRO DE MATERIAL SOBRANTE EN VOLQUETA, CARGUE MANUAL | NFX31: Actividad | NFY31: M3 | NGB31: 34708 | NGC31: 002.032 | NGD31: - | NGE31: RETIRO DE MATERIAL SOBRANTE EN VOLQUETA, CARGUE MANUAL | NGF31: Actividad | NGG31: M3 | NGJ31: 34708 | NGK31: 002.032 | NGL31: - | NGM31: RETIRO DE MATERIAL SOBRANTE EN VOLQUETA, CARGUE MANUAL | NGN31: Actividad | NGO31: M3 | NGR31: 34708 | NGS31: 002.032 | NGT31: - | NGU31: RETIRO DE MATERIAL SOBRANTE EN VOLQUETA, CARGUE MANUAL | NGV31: Actividad | NGW31: M3 | NGZ31: 34708 | NHA31: 002.032 | NHB31: - | NHC31: RETIRO DE MATERIAL SOBRANTE EN VOLQUETA, CARGUE MANUAL | NHD31: Actividad | NHE31: M3 | NHH31: 34708 | NHI31: 002.032 | NHJ31: - | NHK31: RETIRO DE MATERIAL SOBRANTE EN VOLQUETA, CARGUE MANUAL | NHL31: Actividad | NHM31: M3 | NHP31: 34708 | NHQ31: 002.032 | NHR31: - | NHS31: RETIRO DE MATERIAL SOBRANTE EN VOLQUETA, CARGUE MANUAL | NHT31: Actividad | NHU31: M3 | NHX31: 34708 | NHY31: 002.032 | NHZ31: - | NIA31: RETIRO DE MATERIAL SOBRANTE EN VOLQUETA, CARGUE MANUAL | NIB31: Actividad | NIC31: M3 | NIF31: 34708 | NIG31: 002.032 | NIH31: - | NII31: RETIRO DE MATERIAL SOBRANTE EN VOLQUETA, CARGUE MANUAL | NIJ31: Actividad | NIK31: M3 | NIN31: 34708 | NIO31: 002.032 | NIP31: - | NIQ31: RETIRO DE MATERIAL SOBRANTE EN VOLQUETA, CARGUE MANUAL | NIR31: Actividad | NIS31: M3 | NIV31: 34708 | NIW31: 002.032 | NIX31: - | NIY31: RETIRO DE MATERIAL SOBRANTE EN VOLQUETA, CARGUE MANUAL | NIZ31: Actividad | NJA31: M3 | NJD31: 34708 | NJE31: 002.032 | NJF31: - | NJG31: RETIRO DE MATERIAL SOBRANTE EN VOLQUETA, CARGUE MANUAL | NJH31: Actividad | NJI31: M3 | NJL31: 34708 | NJM31: 002.032 | NJN31: - | NJO31: RETIRO DE MATERIAL SOBRANTE EN VOLQUETA, CARGUE MANUAL | NJP31: Actividad | NJQ31: M3 | NJT31: 34708 | NJU31: 002.032 | NJV31: - | NJW31: RETIRO DE MATERIAL SOBRANTE EN VOLQUETA, CARGUE MANUAL | NJX31: Actividad | NJY31: M3 | NKB31: 34708 | NKC31: 002.032 | NKD31: - | NKE31: RETIRO DE MATERIAL SOBRANTE EN VOLQUETA, CARGUE MANUAL | NKF31: Actividad | NKG31: M3 | NKJ31: 34708 | NKK31: 002.032 | NKL31: - | NKM31: RETIRO DE MATERIAL SOBRANTE EN VOLQUETA, CARGUE MANUAL | NKN31: Actividad | NKO31: M3 | NKR31: 34708 | NKS31: 002.032 | NKT31: - | NKU31: RETIRO DE MATERIAL SOBRANTE EN VOLQUETA, CARGUE MANUAL | NKV31: Actividad | NKW31: M3 | NKZ31: 34708 | NLA31: 002.032 | NLB31: - | NLC31: RETIRO DE MATERIAL SOBRANTE EN VOLQUETA, CARGUE MANUAL | NLD31: Actividad | NLE31: M3 | NLH31: 34708 | NLI31: 002.032 | NLJ31: - | NLK31: RETIRO DE MATERIAL SOBRANTE EN VOLQUETA, CARGUE MANUAL | NLL31: Actividad | NLM31: M3 | NLP31: 34708 | NLQ31: 002.032 | NLR31: - | NLS31: RETIRO DE MATERIAL SOBRANTE EN VOLQUETA, CARGUE MANUAL | NLT31: Actividad | NLU31: M3 | NLX31: 34708 | NLY31: 002.032 | NLZ31: - | NMA31: RETIRO DE MATERIAL SOBRANTE EN VOLQUETA, CARGUE MANUAL | NMB31: Actividad | NMC31: M3 | NMF31: 34708 | NMG31: 002.032 | NMH31: - | NMI31: RETIRO DE MATERIAL SOBRANTE EN VOLQUETA, CARGUE MANUAL | NMJ31: Actividad | NMK31: M3 | NMN31: 34708 | NMO31: 002.032 | NMP31: - | NMQ31: RETIRO DE MATERIAL SOBRANTE EN VOLQUETA, CARGUE MANUAL | NMR31: Actividad | NMS31: M3 | NMV31: 34708 | NMW31: 002.032 | NMX31: - | NMY31: RETIRO DE MATERIAL SOBRANTE EN VOLQUETA, CARGUE MANUAL | NMZ31: Actividad | NNA31: M3 | NND31: 34708 | NNE31: 002.032 | NNF31: - | NNG31: RETIRO DE MATERIAL SOBRANTE EN VOLQUETA, CARGUE MANUAL | NNH31: Actividad | NNI31: M3 | NNL31: 34708 | NNM31: 002.032 | NNN31: - | NNO31: RETIRO DE MATERIAL SOBRANTE EN VOLQUETA, CARGUE MANUAL | NNP31: Actividad | NNQ31: M3 | NNT31: 34708 | NNU31: 002.032 | NNV31: - | NNW31: RETIRO DE MATERIAL SOBRANTE EN VOLQUETA, CARGUE MANUAL | NNX31: Actividad | NNY31: M3 | NOB31: 34708 | NOC31: 002.032 | NOD31: - | NOE31: RETIRO DE MATERIAL SOBRANTE EN VOLQUETA, CARGUE MANUAL | NOF31: Actividad | NOG31: M3 | NOJ31: 34708 | NOK31: 002.032 | NOL31: - | NOM31: RETIRO DE MATERIAL SOBRANTE EN VOLQUETA, CARGUE MANUAL | NON31: Actividad | NOO31: M3 | NOR31: 34708 | NOS31: 002.032 | NOT31: - | NOU31: RETIRO DE MATERIAL SOBRANTE EN VOLQUETA, CARGUE MANUAL | NOV31: Actividad | NOW31: M3 | NOZ31: 34708 | NPA31: 002.032 | NPB31: - | NPC31: RETIRO DE MATERIAL SOBRANTE EN VOLQUETA, CARGUE MANUAL | NPD31: Actividad | NPE31: M3 | NPH31: 34708 | NPI31: 002.032 | NPJ31: - | NPK31: RETIRO DE MATERIAL SOBRANTE EN VOLQUETA, CARGUE MANUAL | NPL31: Actividad | NPM31: M3 | NPP31: 34708 | NPQ31: 002.032 | NPR31: - | NPS31: RETIRO DE MATERIAL SOBRANTE EN VOLQUETA, CARGUE MANUAL | NPT31: Actividad | NPU31: M3 | NPX31: 34708 | NPY31: 002.032 | NPZ31: - | NQA31: RETIRO DE MATERIAL SOBRANTE EN VOLQUETA, CARGUE MANUAL | NQB31: Actividad | NQC31: M3 | NQF31: 34708 | NQG31: 002.032 | NQH31: - | NQI31: RETIRO DE MATERIAL SOBRANTE EN VOLQUETA, CARGUE MANUAL | NQJ31: Actividad | NQK31: M3 | NQN31: 34708 | NQO31: 002.032 | NQP31: - | NQQ31: RETIRO DE MATERIAL SOBRANTE EN VOLQUETA, CARGUE MANUAL | NQR31: Actividad | NQS31: M3 | NQV31: 34708 | NQW31: 002.032 | NQX31: - | NQY31: RETIRO DE MATERIAL SOBRANTE EN VOLQUETA, CARGUE MANUAL | NQZ31: Actividad | NRA31: M3 | NRD31: 34708 | NRE31: 002.032 | NRF31: - | NRG31: RETIRO DE MATERIAL SOBRANTE EN VOLQUETA, CARGUE MANUAL | NRH31: Actividad | NRI31: M3 | NRL31: 34708 | NRM31: 002.032 | NRN31: - | NRO31: RETIRO DE MATERIAL SOBRANTE EN VOLQUETA, CARGUE MANUAL | NRP31: Actividad | NRQ31: M3 | NRT31: 34708 | NRU31: 002.032 | NRV31: - | NRW31: RETIRO DE MATERIAL SOBRANTE EN VOLQUETA, CARGUE MANUAL | NRX31: Actividad | NRY31: M3 | NSB31: 34708 | NSC31: 002.032 | NSD31: - | NSE31: RETIRO DE MATERIAL SOBRANTE EN VOLQUETA, CARGUE MANUAL | NSF31: Actividad | NSG31: M3 | NSJ31: 34708 | NSK31: 002.032 | NSL31: - | NSM31: RETIRO DE MATERIAL SOBRANTE EN VOLQUETA, CARGUE MANUAL | NSN31: Actividad | NSO31: M3 | NSR31: 34708 | NSS31: 002.032 | NST31: - | NSU31: RETIRO DE MATERIAL SOBRANTE EN VOLQUETA, CARGUE MANUAL | NSV31: Actividad | NSW31: M3 | NSZ31: 34708 | NTA31: 002.032 | NTB31: - | NTC31: RETIRO DE MATERIAL SOBRANTE EN VOLQUETA, CARGUE MANUAL | NTD31: Actividad | NTE31: M3 | NTH31: 34708 | NTI31: 002.032 | NTJ31: - | NTK31: RETIRO DE MATERIAL SOBRANTE EN VOLQUETA, CARGUE MANUAL | NTL31: Actividad | NTM31: M3 | NTP31: 34708 | NTQ31: 002.032 | NTR31: - | NTS31: RETIRO DE MATERIAL SOBRANTE EN VOLQUETA, CARGUE MANUAL | NTT31: Actividad | NTU31: M3 | NTX31: 34708 | NTY31: 002.032 | NTZ31: - | NUA31: RETIRO DE MATERIAL SOBRANTE EN VOLQUETA, CARGUE MANUAL | NUB31: Actividad | NUC31: M3 | NUF31: 34708 | NUG31: 002.032 | NUH31: - | NUI31: RETIRO DE MATERIAL SOBRANTE EN VOLQUETA, CARGUE MANUAL | NUJ31: Actividad | NUK31: M3 | NUN31: 34708 | NUO31: 002.032 | NUP31: - | NUQ31: RETIRO DE MATERIAL SOBRANTE EN VOLQUETA, CARGUE MANUAL | NUR31: Actividad | NUS31: M3 | NUV31: 34708 | NUW31: 002.032 | NUX31: - | NUY31: RETIRO DE MATERIAL SOBRANTE EN VOLQUETA, CARGUE MANUAL | NUZ31: Actividad | NVA31: M3 | NVD31: 34708 | NVE31: 002.032 | NVF31: - | NVG31: RETIRO DE MATERIAL SOBRANTE EN VOLQUETA, CARGUE MANUAL | NVH31: Actividad | NVI31: M3 | NVL31: 34708 | NVM31: 002.032 | NVN31: - | NVO31: RETIRO DE MATERIAL SOBRANTE EN VOLQUETA, CARGUE MANUAL | NVP31: Actividad | NVQ31: M3 | NVT31: 34708 | NVU31: 002.032 | NVV31: - | NVW31: RETIRO DE MATERIAL SOBRANTE EN VOLQUETA, CARGUE MANUAL | NVX31: Actividad | NVY31: M3 | NWB31: 34708 | NWC31: 002.032 | NWD31: - | NWE31: RETIRO DE MATERIAL SOBRANTE EN VOLQUETA, CARGUE MANUAL | NWF31: Actividad | NWG31: M3 | NWJ31: 34708 | NWK31: 002.032 | NWL31: - | NWM31: RETIRO DE MATERIAL SOBRANTE EN VOLQUETA, CARGUE MANUAL | NWN31: Actividad | NWO31: M3 | NWR31: 34708 | NWS31: 002.032 | NWT31: - | NWU31: RETIRO DE MATERIAL SOBRANTE EN VOLQUETA, CARGUE MANUAL | NWV31: Actividad | NWW31: M3 | NWZ31: 34708 | NXA31: 002.032 | NXB31: - | NXC31: RETIRO DE MATERIAL SOBRANTE EN VOLQUETA, CARGUE MANUAL | NXD31: Actividad | NXE31: M3 | NXH31: 34708 | NXI31: 002.032 | NXJ31: - | NXK31: RETIRO DE MATERIAL SOBRANTE EN VOLQUETA, CARGUE MANUAL | NXL31: Actividad | NXM31: M3 | NXP31: 34708 | NXQ31: 002.032 | NXR31: - | NXS31: RETIRO DE MATERIAL SOBRANTE EN VOLQUETA, CARGUE MANUAL | NXT31: Actividad | NXU31: M3 | NXX31: 34708 | NXY31: 002.032 | NXZ31: - | NYA31: RETIRO DE MATERIAL SOBRANTE EN VOLQUETA, CARGUE MANUAL | NYB31: Actividad | NYC31: M3 | NYF31: 34708 | NYG31: 002.032 | NYH31: - | NYI31: RETIRO DE MATERIAL SOBRANTE EN VOLQUETA, CARGUE MANUAL | NYJ31: Actividad | NYK31: M3 | NYN31: 34708 | NYO31: 002.032 | NYP31: - | NYQ31: RETIRO DE MATERIAL SOBRANTE EN VOLQUETA, CARGUE MANUAL | NYR31: Actividad | NYS31: M3 | NYV31: 34708 | NYW31: 002.032 | NYX31: - | NYY31: RETIRO DE MATERIAL SOBRANTE EN VOLQUETA, CARGUE MANUAL | NYZ31: Actividad | NZA31: M3 | NZD31: 34708 | NZE31: 002.032 | NZF31: - | NZG31: RETIRO DE MATERIAL SOBRANTE EN VOLQUETA, CARGUE MANUAL | NZH31: Actividad | NZI31: M3 | NZL31: 34708 | NZM31: 002.032 | NZN31: - | NZO31: RETIRO DE MATERIAL SOBRANTE EN VOLQUETA, CARGUE MANUAL | NZP31: Actividad | NZQ31: M3 | NZT31: 34708 | NZU31: 002.032 | NZV31: - | NZW31: RETIRO DE MATERIAL SOBRANTE EN VOLQUETA, CARGUE MANUAL | NZX31: Actividad | NZY31: M3 | OAB31: 34708 | OAC31: 002.032 | OAD31: - | OAE31: RETIRO DE MATERIAL SOBRANTE EN VOLQUETA, CARGUE MANUAL | OAF31: Actividad | OAG31: M3 | OAJ31: 34708 | OAK31: 002.032 | OAL31: - | OAM31: RETIRO DE MATERIAL SOBRANTE EN VOLQUETA, CARGUE MANUAL | OAN31: Actividad | OAO31: M3 | OAR31: 34708 | OAS31: 002.032 | OAT31: - | OAU31: RETIRO DE MATERIAL SOBRANTE EN VOLQUETA, CARGUE MANUAL | OAV31: Actividad | OAW31: M3 | OAZ31: 34708 | OBA31: 002.032 | OBB31: - | OBC31: RETIRO DE MATERIAL SOBRANTE EN VOLQUETA, CARGUE MANUAL | OBD31: Actividad | OBE31: M3 | OBH31: 34708 | OBI31: 002.032 | OBJ31: - | OBK31: RETIRO DE MATERIAL SOBRANTE EN VOLQUETA, CARGUE MANUAL | OBL31: Actividad | OBM31: M3 | OBP31: 34708 | OBQ31: 002.032 | OBR31: - | OBS31: RETIRO DE MATERIAL SOBRANTE EN VOLQUETA, CARGUE MANUAL | OBT31: Actividad | OBU31: M3 | OBX31: 34708 | OBY31: 002.032 | OBZ31: - | OCA31: RETIRO DE MATERIAL SOBRANTE EN VOLQUETA, CARGUE MANUAL | OCB31: Actividad | OCC31: M3 | OCF31: 34708 | OCG31: 002.032 | OCH31: - | OCI31: RETIRO DE MATERIAL SOBRANTE EN VOLQUETA, CARGUE MANUAL | OCJ31: Actividad | OCK31: M3 | OCN31: 34708 | OCO31: 002.032 | OCP31: - | OCQ31: RETIRO DE MATERIAL SOBRANTE EN VOLQUETA, CARGUE MANUAL | OCR31: Actividad | OCS31: M3 | OCV31: 34708 | OCW31: 002.032 | OCX31: - | OCY31: RETIRO DE MATERIAL SOBRANTE EN VOLQUETA, CARGUE MANUAL | OCZ31: Actividad | ODA31: M3 | ODD31: 34708 | ODE31: 002.032 | ODF31: - | ODG31: RETIRO DE MATERIAL SOBRANTE EN VOLQUETA, CARGUE MANUAL | ODH31: Actividad | ODI31: M3 | ODL31: 34708 | ODM31: 002.032 | ODN31: - | ODO31: RETIRO DE MATERIAL SOBRANTE EN VOLQUETA, CARGUE MANUAL | ODP31: Actividad | ODQ31: M3 | ODT31: 34708 | ODU31: 002.032 | ODV31: - | ODW31: RETIRO DE MATERIAL SOBRANTE EN VOLQUETA, CARGUE MANUAL | ODX31: Actividad | ODY31: M3 | OEB31: 34708 | OEC31: 002.032 | OED31: - | OEE31: RETIRO DE MATERIAL SOBRANTE EN VOLQUETA, CARGUE MANUAL | OEF31: Actividad | OEG31: M3 | OEJ31: 34708 | OEK31: 002.032 | OEL31: - | OEM31: RETIRO DE MATERIAL SOBRANTE EN VOLQUETA, CARGUE MANUAL | OEN31: Actividad | OEO31: M3 | OER31: 34708 | OES31: 002.032 | OET31: - | OEU31: RETIRO DE MATERIAL SOBRANTE EN VOLQUETA, CARGUE MANUAL | OEV31: Actividad | OEW31: M3 | OEZ31: 34708 | OFA31: 002.032 | OFB31: - | OFC31: RETIRO DE MATERIAL SOBRANTE EN VOLQUETA, CARGUE MANUAL | OFD31: Actividad | OFE31: M3 | OFH31: 34708 | OFI31: 002.032 | OFJ31: - | OFK31: RETIRO DE MATERIAL SOBRANTE EN VOLQUETA, CARGUE MANUAL | OFL31: Actividad | OFM31: M3 | OFP31: 34708 | OFQ31: 002.032 | OFR31: - | OFS31: RETIRO DE MATERIAL SOBRANTE EN VOLQUETA, CARGUE MANUAL | OFT31: Actividad | OFU31: M3 | OFX31: 34708 | OFY31: 002.032 | OFZ31: - | OGA31: RETIRO DE MATERIAL SOBRANTE EN VOLQUETA, CARGUE MANUAL | OGB31: Actividad | OGC31: M3 | OGF31: 34708 | OGG31: 002.032 | OGH31: - | OGI31: RETIRO DE MATERIAL SOBRANTE EN VOLQUETA, CARGUE MANUAL | OGJ31: Actividad | OGK31: M3 | OGN31: 34708 | OGO31: 002.032 | OGP31: - | OGQ31: RETIRO DE MATERIAL SOBRANTE EN VOLQUETA, CARGUE MANUAL | OGR31: Actividad | OGS31: M3 | OGV31: 34708 | OGW31: 002.032 | OGX31: - | OGY31: RETIRO DE MATERIAL SOBRANTE EN VOLQUETA, CARGUE MANUAL | OGZ31: Actividad | OHA31: M3 | OHD31: 34708 | OHE31: 002.032 | OHF31: - | OHG31: RETIRO DE MATERIAL SOBRANTE EN VOLQUETA, CARGUE MANUAL | OHH31: Actividad | OHI31: M3 | OHL31: 34708 | OHM31: 002.032 | OHN31: - | OHO31: RETIRO DE MATERIAL SOBRANTE EN VOLQUETA, CARGUE MANUAL | OHP31: Actividad | OHQ31: M3 | OHT31: 34708 | OHU31: 002.032 | OHV31: - | OHW31: RETIRO DE MATERIAL SOBRANTE EN VOLQUETA, CARGUE MANUAL | OHX31: Actividad | OHY31: M3 | OIB31: 34708 | OIC31: 002.032 | OID31: - | OIE31: RETIRO DE MATERIAL SOBRANTE EN VOLQUETA, CARGUE MANUAL | OIF31: Actividad | OIG31: M3 | OIJ31: 34708 | OIK31: 002.032 | OIL31: - | OIM31: RETIRO DE MATERIAL SOBRANTE EN VOLQUETA, CARGUE MANUAL | OIN31: Actividad | OIO31: M3 | OIR31: 34708 | OIS31: 002.032 | OIT31: - | OIU31: RETIRO DE MATERIAL SOBRANTE EN VOLQUETA, CARGUE MANUAL | OIV31: Actividad | OIW31: M3 | OIZ31: 34708 | OJA31: 002.032 | OJB31: - | OJC31: RETIRO DE MATERIAL SOBRANTE EN VOLQUETA, CARGUE MANUAL | OJD31: Actividad | OJE31: M3 | OJH31: 34708 | OJI31: 002.032 | OJJ31: - | OJK31: RETIRO DE MATERIAL SOBRANTE EN VOLQUETA, CARGUE MANUAL | OJL31: Actividad | OJM31: M3 | OJP31: 34708 | OJQ31: 002.032 | OJR31: - | OJS31: RETIRO DE MATERIAL SOBRANTE EN VOLQUETA, CARGUE MANUAL | OJT31: Actividad | OJU31: M3 | OJX31: 34708 | OJY31: 002.032 | OJZ31: - | OKA31: RETIRO DE MATERIAL SOBRANTE EN VOLQUETA, CARGUE MANUAL | OKB31: Actividad | OKC31: M3 | OKF31: 34708 | OKG31: 002.032 | OKH31: - | OKI31: RETIRO DE MATERIAL SOBRANTE EN VOLQUETA, CARGUE MANUAL | OKJ31: Actividad | OKK31: M3 | OKN31: 34708 | OKO31: 002.032 | OKP31: - | OKQ31: RETIRO DE MATERIAL SOBRANTE EN VOLQUETA, CARGUE MANUAL | OKR31: Actividad | OKS31: M3 | OKV31: 34708 | OKW31: 002.032 | OKX31: - | OKY31: RETIRO DE MATERIAL SOBRANTE EN VOLQUETA, CARGUE MANUAL | OKZ31: Actividad | OLA31: M3 | OLD31: 34708 | OLE31: 002.032 | OLF31: - | OLG31: RETIRO DE MATERIAL SOBRANTE EN VOLQUETA, CARGUE MANUAL | OLH31: Actividad | OLI31: M3 | OLL31: 34708 | OLM31: 002.032 | OLN31: - | OLO31: RETIRO DE MATERIAL SOBRANTE EN VOLQUETA, CARGUE MANUAL | OLP31: Actividad | OLQ31: M3 | OLT31: 34708 | OLU31: 002.032 | OLV31: - | OLW31: RETIRO DE MATERIAL SOBRANTE EN VOLQUETA, CARGUE MANUAL | OLX31: Actividad | OLY31: M3 | OMB31: 34708 | OMC31: 002.032 | OMD31: - | OME31: RETIRO DE MATERIAL SOBRANTE EN VOLQUETA, CARGUE MANUAL | OMF31: Actividad | OMG31: M3 | OMJ31: 34708 | OMK31: 002.032 | OML31: - | OMM31: RETIRO DE MATERIAL SOBRANTE EN VOLQUETA, CARGUE MANUAL | OMN31: Actividad | OMO31: M3 | OMR31: 34708 | OMS31: 002.032 | OMT31: - | OMU31: RETIRO DE MATERIAL SOBRANTE EN VOLQUETA, CARGUE MANUAL | OMV31: Actividad | OMW31: M3 | OMZ31: 34708 | ONA31: 002.032 | ONB31: - | ONC31: RETIRO DE MATERIAL SOBRANTE EN VOLQUETA, CARGUE MANUAL | OND31: Actividad | ONE31: M3 | ONH31: 34708 | ONI31: 002.032 | ONJ31: - | ONK31: RETIRO DE MATERIAL SOBRANTE EN VOLQUETA, CARGUE MANUAL | ONL31: Actividad | ONM31: M3 | ONP31: 34708 | ONQ31: 002.032 | ONR31: - | ONS31: RETIRO DE MATERIAL SOBRANTE EN VOLQUETA, CARGUE MANUAL | ONT31: Actividad | ONU31: M3 | ONX31: 34708 | ONY31: 002.032 | ONZ31: - | OOA31: RETIRO DE MATERIAL SOBRANTE EN VOLQUETA, CARGUE MANUAL | OOB31: Actividad | OOC31: M3 | OOF31: 34708 | OOG31: 002.032 | OOH31: - | OOI31: RETIRO DE MATERIAL SOBRANTE EN VOLQUETA, CARGUE MANUAL | OOJ31: Actividad | OOK31: M3 | OON31: 34708 | OOO31: 002.032 | OOP31: - | OOQ31: RETIRO DE MATERIAL SOBRANTE EN VOLQUETA, CARGUE MANUAL | OOR31: Actividad | OOS31: M3 | OOV31: 34708 | OOW31: 002.032 | OOX31: - | OOY31: RETIRO DE MATERIAL SOBRANTE EN VOLQUETA, CARGUE MANUAL | OOZ31: Actividad | OPA31: M3 | OPD31: 34708 | OPE31: 002.032 | OPF31: - | OPG31: RETIRO DE MATERIAL SOBRANTE EN VOLQUETA, CARGUE MANUAL | OPH31: Actividad | OPI31: M3 | OPL31: 34708 | OPM31: 002.032 | OPN31: - | OPO31: RETIRO DE MATERIAL SOBRANTE EN VOLQUETA, CARGUE MANUAL | OPP31: Actividad | OPQ31: M3 | OPT31: 34708 | OPU31: 002.032 | OPV31: - | OPW31: RETIRO DE MATERIAL SOBRANTE EN VOLQUETA, CARGUE MANUAL | OPX31: Actividad | OPY31: M3 | OQB31: 34708 | OQC31: 002.032 | OQD31: - | OQE31: RETIRO DE MATERIAL SOBRANTE EN VOLQUETA, CARGUE MANUAL | OQF31: Actividad | OQG31: M3 | OQJ31: 34708 | OQK31: 002.032 | OQL31: - | OQM31: RETIRO DE MATERIAL SOBRANTE EN VOLQUETA, CARGUE MANUAL | OQN31: Actividad | OQO31: M3 | OQR31: 34708 | OQS31: 002.032 | OQT31: - | OQU31: RETIRO DE MATERIAL SOBRANTE EN VOLQUETA, CARGUE MANUAL | OQV31: Actividad | OQW31: M3 | OQZ31: 34708 | ORA31: 002.032 | ORB31: - | ORC31: RETIRO DE MATERIAL SOBRANTE EN VOLQUETA, CARGUE MANUAL | ORD31: Actividad | ORE31: M3 | ORH31: 34708 | ORI31: 002.032 | ORJ31: - | ORK31: RETIRO DE MATERIAL SOBRANTE EN VOLQUETA, CARGUE MANUAL | ORL31: Actividad | ORM31: M3 | ORP31: 34708 | ORQ31: 002.032 | ORR31: - | ORS31: RETIRO DE MATERIAL SOBRANTE EN VOLQUETA, CARGUE MANUAL | ORT31: Actividad | ORU31: M3 | ORX31: 34708 | ORY31: 002.032 | ORZ31: - | OSA31: RETIRO DE MATERIAL SOBRANTE EN VOLQUETA, CARGUE MANUAL | OSB31: Actividad | OSC31: M3 | OSF31: 34708 | OSG31: 002.032 | OSH31: - | OSI31: RETIRO DE MATERIAL SOBRANTE EN VOLQUETA, CARGUE MANUAL | OSJ31: Actividad | OSK31: M3 | OSN31: 34708 | OSO31: 002.032 | OSP31: - | OSQ31: RETIRO DE MATERIAL SOBRANTE EN VOLQUETA, CARGUE MANUAL | OSR31: Actividad | OSS31: M3 | OSV31: 34708 | OSW31: 002.032 | OSX31: - | OSY31: RETIRO DE MATERIAL SOBRANTE EN VOLQUETA, CARGUE MANUAL | OSZ31: Actividad | OTA31: M3 | OTD31: 34708 | OTE31: 002.032 | OTF31: - | OTG31: RETIRO DE MATERIAL SOBRANTE EN VOLQUETA, CARGUE MANUAL | OTH31: Actividad | OTI31: M3 | OTL31: 34708 | OTM31: 002.032 | OTN31: - | OTO31: RETIRO DE MATERIAL SOBRANTE EN VOLQUETA, CARGUE MANUAL | OTP31: Actividad | OTQ31: M3 | OTT31: 34708 | OTU31: 002.032 | OTV31: - | OTW31: RETIRO DE MATERIAL SOBRANTE EN VOLQUETA, CARGUE MANUAL | OTX31: Actividad | OTY31: M3 | OUB31: 34708 | OUC31: 002.032 | OUD31: - | OUE31: RETIRO DE MATERIAL SOBRANTE EN VOLQUETA, CARGUE MANUAL | OUF31: Actividad | OUG31: M3 | OUJ31: 34708 | OUK31: 002.032 | OUL31: - | OUM31: RETIRO DE MATERIAL SOBRANTE EN VOLQUETA, CARGUE MANUAL | OUN31: Actividad | OUO31: M3 | OUR31: 34708 | OUS31: 002.032 | OUT31: - | OUU31: RETIRO DE MATERIAL SOBRANTE EN VOLQUETA, CARGUE MANUAL | OUV31: Actividad | OUW31: M3 | OUZ31: 34708 | OVA31: 002.032 | OVB31: - | OVC31: RETIRO DE MATERIAL SOBRANTE EN VOLQUETA, CARGUE MANUAL | OVD31: Actividad | OVE31: M3 | OVH31: 34708 | OVI31: 002.032 | OVJ31: - | OVK31: RETIRO DE MATERIAL SOBRANTE EN VOLQUETA, CARGUE MANUAL | OVL31: Actividad | OVM31: M3 | OVP31: 34708 | OVQ31: 002.032 | OVR31: - | OVS31: RETIRO DE MATERIAL SOBRANTE EN VOLQUETA, CARGUE MANUAL | OVT31: Actividad | OVU31: M3 | OVX31: 34708 | OVY31: 002.032 | OVZ31: - | OWA31: RETIRO DE MATERIAL SOBRANTE EN VOLQUETA, CARGUE MANUAL | OWB31: Actividad | OWC31: M3 | OWF31: 34708 | OWG31: 002.032 | OWH31: - | OWI31: RETIRO DE MATERIAL SOBRANTE EN VOLQUETA, CARGUE MANUAL | OWJ31: Actividad | OWK31: M3 | OWN31: 34708 | OWO31: 002.032 | OWP31: - | OWQ31: RETIRO DE MATERIAL SOBRANTE EN VOLQUETA, CARGUE MANUAL | OWR31: Actividad | OWS31: M3 | OWV31: 34708 | OWW31: 002.032 | OWX31: - | OWY31: RETIRO DE MATERIAL SOBRANTE EN VOLQUETA, CARGUE MANUAL | OWZ31: Actividad | OXA31: M3 | OXD31: 34708 | OXE31: 002.032 | OXF31: - | OXG31: RETIRO DE MATERIAL SOBRANTE EN VOLQUETA, CARGUE MANUAL | OXH31: Actividad | OXI31: M3 | OXL31: 34708 | OXM31: 002.032 | OXN31: - | OXO31: RETIRO DE MATERIAL SOBRANTE EN VOLQUETA, CARGUE MANUAL | OXP31: Actividad | OXQ31: M3 | OXT31: 34708 | OXU31: 002.032 | OXV31: - | OXW31: RETIRO DE MATERIAL SOBRANTE EN VOLQUETA, CARGUE MANUAL | OXX31: Actividad | OXY31: M3 | OYB31: 34708 | OYC31: 002.032 | OYD31: - | OYE31: RETIRO DE MATERIAL SOBRANTE EN VOLQUETA, CARGUE MANUAL | OYF31: Actividad | OYG31: M3 | OYJ31: 34708 | OYK31: 002.032 | OYL31: - | OYM31: RETIRO DE MATERIAL SOBRANTE EN VOLQUETA, CARGUE MANUAL | OYN31: Actividad | OYO31: M3 | OYR31: 34708 | OYS31: 002.032 | OYT31: - | OYU31: RETIRO DE MATERIAL SOBRANTE EN VOLQUETA, CARGUE MANUAL | OYV31: Actividad | OYW31: M3 | OYZ31: 34708 | OZA31: 002.032 | OZB31: - | OZC31: RETIRO DE MATERIAL SOBRANTE EN VOLQUETA, CARGUE MANUAL | OZD31: Actividad | OZE31: M3 | OZH31: 34708 | OZI31: 002.032 | OZJ31: - | OZK31: RETIRO DE MATERIAL SOBRANTE EN VOLQUETA, CARGUE MANUAL | OZL31: Actividad | OZM31: M3 | OZP31: 34708 | OZQ31: 002.032 | OZR31: - | OZS31: RETIRO DE MATERIAL SOBRANTE EN VOLQUETA, CARGUE MANUAL | OZT31: Actividad | OZU31: M3 | OZX31: 34708 | OZY31: 002.032 | OZZ31: - | PAA31: RETIRO DE MATERIAL SOBRANTE EN VOLQUETA, CARGUE MANUAL | PAB31: Actividad | PAC31: M3 | PAF31: 34708 | PAG31: 002.032 | PAH31: - | PAI31: RETIRO DE MATERIAL SOBRANTE EN VOLQUETA, CARGUE MANUAL | PAJ31: Actividad | PAK31: M3 | PAN31: 34708 | PAO31: 002.032 | PAP31: - | PAQ31: RETIRO DE MATERIAL SOBRANTE EN VOLQUETA, CARGUE MANUAL | PAR31: Actividad | PAS31: M3 | PAV31: 34708 | PAW31: 002.032 | PAX31: - | PAY31: RETIRO DE MATERIAL SOBRANTE EN VOLQUETA, CARGUE MANUAL | PAZ31: Actividad | PBA31: M3 | PBD31: 34708 | PBE31: 002.032 | PBF31: - | PBG31: RETIRO DE MATERIAL SOBRANTE EN VOLQUETA, CARGUE MANUAL | PBH31: Actividad | PBI31: M3 | PBL31: 34708 | PBM31: 002.032 | PBN31: - | PBO31: RETIRO DE MATERIAL SOBRANTE EN VOLQUETA, CARGUE MANUAL | PBP31: Actividad | PBQ31: M3 | PBT31: 34708 | PBU31: 002.032 | PBV31: - | PBW31: RETIRO DE MATERIAL SOBRANTE EN VOLQUETA, CARGUE MANUAL | PBX31: Actividad | PBY31: M3 | PCB31: 34708 | PCC31: 002.032 | PCD31: - | PCE31: RETIRO DE MATERIAL SOBRANTE EN VOLQUETA, CARGUE MANUAL | PCF31: Actividad | PCG31: M3 | PCJ31: 34708 | PCK31: 002.032 | PCL31: - | PCM31: RETIRO DE MATERIAL SOBRANTE EN VOLQUETA, CARGUE MANUAL | PCN31: Actividad | PCO31: M3 | PCR31: 34708 | PCS31: 002.032 | PCT31: - | PCU31: RETIRO DE MATERIAL SOBRANTE EN VOLQUETA, CARGUE MANUAL | PCV31: Actividad | PCW31: M3 | PCZ31: 34708 | PDA31: 002.032 | PDB31: - | PDC31: RETIRO DE MATERIAL SOBRANTE EN VOLQUETA, CARGUE MANUAL | PDD31: Actividad | PDE31: M3 | PDH31: 34708 | PDI31: 002.032 | PDJ31: - | PDK31: RETIRO DE MATERIAL SOBRANTE EN VOLQUETA, CARGUE MANUAL | PDL31: Actividad | PDM31: M3 | PDP31: 34708 | PDQ31: 002.032 | PDR31: - | PDS31: RETIRO DE MATERIAL SOBRANTE EN VOLQUETA, CARGUE MANUAL | PDT31: Actividad | PDU31: M3 | PDX31: 34708 | PDY31: 002.032 | PDZ31: - | PEA31: RETIRO DE MATERIAL SOBRANTE EN VOLQUETA, CARGUE MANUAL | PEB31: Actividad | PEC31: M3 | PEF31: 34708 | PEG31: 002.032 | PEH31: - | PEI31: RETIRO DE MATERIAL SOBRANTE EN VOLQUETA, CARGUE MANUAL | PEJ31: Actividad | PEK31: M3 | PEN31: 34708 | PEO31: 002.032 | PEP31: - | PEQ31: RETIRO DE MATERIAL SOBRANTE EN VOLQUETA, CARGUE MANUAL | PER31: Actividad | PES31: M3 | PEV31: 34708 | PEW31: 002.032 | PEX31: - | PEY31: RETIRO DE MATERIAL SOBRANTE EN VOLQUETA, CARGUE MANUAL | PEZ31: Actividad | PFA31: M3 | PFD31: 34708 | PFE31: 002.032 | PFF31: - | PFG31: RETIRO DE MATERIAL SOBRANTE EN VOLQUETA, CARGUE MANUAL | PFH31: Actividad | PFI31: M3 | PFL31: 34708 | PFM31: 002.032 | PFN31: - | PFO31: RETIRO DE MATERIAL SOBRANTE EN VOLQUETA, CARGUE MANUAL | PFP31: Actividad | PFQ31: M3 | PFT31: 34708 | PFU31: 002.032 | PFV31: - | PFW31: RETIRO DE MATERIAL SOBRANTE EN VOLQUETA, CARGUE MANUAL | PFX31: Actividad | PFY31: M3 | PGB31: 34708 | PGC31: 002.032 | PGD31: - | PGE31: RETIRO DE MATERIAL SOBRANTE EN VOLQUETA, CARGUE MANUAL | PGF31: Actividad | PGG31: M3 | PGJ31: 34708 | PGK31: 002.032 | PGL31: - | PGM31: RETIRO DE MATERIAL SOBRANTE EN VOLQUETA, CARGUE MANUAL | PGN31: Actividad | PGO31: M3 | PGR31: 34708 | PGS31: 002.032 | PGT31: - | PGU31: RETIRO DE MATERIAL SOBRANTE EN VOLQUETA, CARGUE MANUAL | PGV31: Actividad | PGW31: M3 | PGZ31: 34708 | PHA31: 002.032 | PHB31: - | PHC31: RETIRO DE MATERIAL SOBRANTE EN VOLQUETA, CARGUE MANUAL | PHD31: Actividad | PHE31: M3 | PHH31: 34708 | PHI31: 002.032 | PHJ31: - | PHK31: RETIRO DE MATERIAL SOBRANTE EN VOLQUETA, CARGUE MANUAL | PHL31: Actividad | PHM31: M3 | PHP31: 34708 | PHQ31: 002.032 | PHR31: - | PHS31: RETIRO DE MATERIAL SOBRANTE EN VOLQUETA, CARGUE MANUAL | PHT31: Actividad | PHU31: M3 | PHX31: 34708 | PHY31: 002.032 | PHZ31: - | PIA31: RETIRO DE MATERIAL SOBRANTE EN VOLQUETA, CARGUE MANUAL | PIB31: Actividad | PIC31: M3 | PIF31: 34708 | PIG31: 002.032 | PIH31: - | PII31: RETIRO DE MATERIAL SOBRANTE EN VOLQUETA, CARGUE MANUAL | PIJ31: Actividad | PIK31: M3 | PIN31: 34708 | PIO31: 002.032 | PIP31: - | PIQ31: RETIRO DE MATERIAL SOBRANTE EN VOLQUETA, CARGUE MANUAL | PIR31: Actividad | PIS31: M3 | PIV31: 34708 | PIW31: 002.032 | PIX31: - | PIY31: RETIRO DE MATERIAL SOBRANTE EN VOLQUETA, CARGUE MANUAL | PIZ31: Actividad | PJA31: M3 | PJD31: 34708 | PJE31: 002.032 | PJF31: - | PJG31: RETIRO DE MATERIAL SOBRANTE EN VOLQUETA, CARGUE MANUAL | PJH31: Actividad | PJI31: M3 | PJL31: 34708 | PJM31: 002.032 | PJN31: - | PJO31: RETIRO DE MATERIAL SOBRANTE EN VOLQUETA, CARGUE MANUAL | PJP31: Actividad | PJQ31: M3 | PJT31: 34708 | PJU31: 002.032 | PJV31: - | PJW31: RETIRO DE MATERIAL SOBRANTE EN VOLQUETA, CARGUE MANUAL | PJX31: Actividad | PJY31: M3 | PKB31: 34708 | PKC31: 002.032 | PKD31: - | PKE31: RETIRO DE MATERIAL SOBRANTE EN VOLQUETA, CARGUE MANUAL | PKF31: Actividad | PKG31: M3 | PKJ31: 34708 | PKK31: 002.032 | PKL31: - | PKM31: RETIRO DE MATERIAL SOBRANTE EN VOLQUETA, CARGUE MANUAL | PKN31: Actividad | PKO31: M3 | PKR31: 34708 | PKS31: 002.032 | PKT31: - | PKU31: RETIRO DE MATERIAL SOBRANTE EN VOLQUETA, CARGUE MANUAL | PKV31: Actividad | PKW31: M3 | PKZ31: 34708 | PLA31: 002.032 | PLB31: - | PLC31: RETIRO DE MATERIAL SOBRANTE EN VOLQUETA, CARGUE MANUAL | PLD31: Actividad | PLE31: M3 | PLH31: 34708 | PLI31: 002.032 | PLJ31: - | PLK31: RETIRO DE MATERIAL SOBRANTE EN VOLQUETA, CARGUE MANUAL | PLL31: Actividad | PLM31: M3 | PLP31: 34708 | PLQ31: 002.032 | PLR31: - | PLS31: RETIRO DE MATERIAL SOBRANTE EN VOLQUETA, CARGUE MANUAL | PLT31: Actividad | PLU31: M3 | PLX31: 34708 | PLY31: 002.032 | PLZ31: - | PMA31: RETIRO DE MATERIAL SOBRANTE EN VOLQUETA, CARGUE MANUAL | PMB31: Actividad | PMC31: M3 | PMF31: 34708 | PMG31: 002.032 | PMH31: - | PMI31: RETIRO DE MATERIAL SOBRANTE EN VOLQUETA, CARGUE MANUAL | PMJ31: Actividad | PMK31: M3 | PMN31: 34708 | PMO31: 002.032 | PMP31: - | PMQ31: RETIRO DE MATERIAL SOBRANTE EN VOLQUETA, CARGUE MANUAL | PMR31: Actividad | PMS31: M3 | PMV31: 34708 | PMW31: 002.032 | PMX31: - | PMY31: RETIRO DE MATERIAL SOBRANTE EN VOLQUETA, CARGUE MANUAL | PMZ31: Actividad | PNA31: M3 | PND31: 34708 | PNE31: 002.032 | PNF31: - | PNG31: RETIRO DE MATERIAL SOBRANTE EN VOLQUETA, CARGUE MANUAL | PNH31: Actividad | PNI31: M3 | PNL31: 34708 | PNM31: 002.032 | PNN31: - | PNO31: RETIRO DE MATERIAL SOBRANTE EN VOLQUETA, CARGUE MANUAL | PNP31: Actividad | PNQ31: M3 | PNT31: 34708 | PNU31: 002.032 | PNV31: - | PNW31: RETIRO DE MATERIAL SOBRANTE EN VOLQUETA, CARGUE MANUAL | PNX31: Actividad | PNY31: M3 | POB31: 34708 | POC31: 002.032 | POD31: - | POE31: RETIRO DE MATERIAL SOBRANTE EN VOLQUETA, CARGUE MANUAL | POF31: Actividad | POG31: M3 | POJ31: 34708 | POK31: 002.032 | POL31: - | POM31: RETIRO DE MATERIAL SOBRANTE EN VOLQUETA, CARGUE MANUAL | PON31: Actividad | POO31: M3 | POR31: 34708 | POS31: 002.032 | POT31: - | POU31: RETIRO DE MATERIAL SOBRANTE EN VOLQUETA, CARGUE MANUAL | POV31: Actividad | POW31: M3 | POZ31: 34708 | PPA31: 002.032 | PPB31: - | PPC31: RETIRO DE MATERIAL SOBRANTE EN VOLQUETA, CARGUE MANUAL | PPD31: Actividad | PPE31: M3 | PPH31: 34708 | PPI31: 002.032 | PPJ31: - | PPK31: RETIRO DE MATERIAL SOBRANTE EN VOLQUETA, CARGUE MANUAL | PPL31: Actividad | PPM31: M3 | PPP31: 34708 | PPQ31: 002.032 | PPR31: - | PPS31: RETIRO DE MATERIAL SOBRANTE EN VOLQUETA, CARGUE MANUAL | PPT31: Actividad | PPU31: M3 | PPX31: 34708 | PPY31: 002.032 | PPZ31: - | PQA31: RETIRO DE MATERIAL SOBRANTE EN VOLQUETA, CARGUE MANUAL | PQB31: Actividad | PQC31: M3 | PQF31: 34708 | PQG31: 002.032 | PQH31: - | PQI31: RETIRO DE MATERIAL SOBRANTE EN VOLQUETA, CARGUE MANUAL | PQJ31: Actividad | PQK31: M3 | PQN31: 34708 | PQO31: 002.032 | PQP31: - | PQQ31: RETIRO DE MATERIAL SOBRANTE EN VOLQUETA, CARGUE MANUAL | PQR31: Actividad | PQS31: M3 | PQV31: 34708 | PQW31: 002.032 | PQX31: - | PQY31: RETIRO DE MATERIAL SOBRANTE EN VOLQUETA, CARGUE MANUAL | PQZ31: Actividad | PRA31: M3 | PRD31: 34708 | PRE31: 002.032 | PRF31: - | PRG31: RETIRO DE MATERIAL SOBRANTE EN VOLQUETA, CARGUE MANUAL | PRH31: Actividad | PRI31: M3 | PRL31: 34708 | PRM31: 002.032 | PRN31: - | PRO31: RETIRO DE MATERIAL SOBRANTE EN VOLQUETA, CARGUE MANUAL | PRP31: Actividad | PRQ31: M3 | PRT31: 34708 | PRU31: 002.032 | PRV31: - | PRW31: RETIRO DE MATERIAL SOBRANTE EN VOLQUETA, CARGUE MANUAL | PRX31: Actividad | PRY31: M3 | PSB31: 34708 | PSC31: 002.032 | PSD31: - | PSE31: RETIRO DE MATERIAL SOBRANTE EN VOLQUETA, CARGUE MANUAL | PSF31: Actividad | PSG31: M3 | PSJ31: 34708 | PSK31: 002.032 | PSL31: - | PSM31: RETIRO DE MATERIAL SOBRANTE EN VOLQUETA, CARGUE MANUAL | PSN31: Actividad | PSO31: M3 | PSR31: 34708 | PSS31: 002.032 | PST31: - | PSU31: RETIRO DE MATERIAL SOBRANTE EN VOLQUETA, CARGUE MANUAL | PSV31: Actividad | PSW31: M3 | PSZ31: 34708 | PTA31: 002.032 | PTB31: - | PTC31: RETIRO DE MATERIAL SOBRANTE EN VOLQUETA, CARGUE MANUAL | PTD31: Actividad | PTE31: M3 | PTH31: 34708 | PTI31: 002.032 | PTJ31: - | PTK31: RETIRO DE MATERIAL SOBRANTE EN VOLQUETA, CARGUE MANUAL | PTL31: Actividad | PTM31: M3 | PTP31: 34708 | PTQ31: 002.032 | PTR31: - | PTS31: RETIRO DE MATERIAL SOBRANTE EN VOLQUETA, CARGUE MANUAL | PTT31: Actividad | PTU31: M3 | PTX31: 34708 | PTY31: 002.032 | PTZ31: - | PUA31: RETIRO DE MATERIAL SOBRANTE EN VOLQUETA, CARGUE MANUAL | PUB31: Actividad | PUC31: M3 | PUF31: 34708 | PUG31: 002.032 | PUH31: - | PUI31: RETIRO DE MATERIAL SOBRANTE EN VOLQUETA, CARGUE MANUAL | PUJ31: Actividad | PUK31: M3 | PUN31: 34708 | PUO31: 002.032 | PUP31: - | PUQ31: RETIRO DE MATERIAL SOBRANTE EN VOLQUETA, CARGUE MANUAL | PUR31: Actividad | PUS31: M3 | PUV31: 34708 | PUW31: 002.032 | PUX31: - | PUY31: RETIRO DE MATERIAL SOBRANTE EN VOLQUETA, CARGUE MANUAL | PUZ31: Actividad | PVA31: M3 | PVD31: 34708 | PVE31: 002.032 | PVF31: - | PVG31: RETIRO DE MATERIAL SOBRANTE EN VOLQUETA, CARGUE MANUAL | PVH31: Actividad | PVI31: M3 | PVL31: 34708 | PVM31: 002.032 | PVN31: - | PVO31: RETIRO DE MATERIAL SOBRANTE EN VOLQUETA, CARGUE MANUAL | PVP31: Actividad | PVQ31: M3 | PVT31: 34708 | PVU31: 002.032 | PVV31: - | PVW31: RETIRO DE MATERIAL SOBRANTE EN VOLQUETA, CARGUE MANUAL | PVX31: Actividad | PVY31: M3 | PWB31: 34708 | PWC31: 002.032 | PWD31: - | PWE31: RETIRO DE MATERIAL SOBRANTE EN VOLQUETA, CARGUE MANUAL | PWF31: Actividad | PWG31: M3 | PWJ31: 34708 | PWK31: 002.032 | PWL31: - | PWM31: RETIRO DE MATERIAL SOBRANTE EN VOLQUETA, CARGUE MANUAL | PWN31: Actividad | PWO31: M3 | PWR31: 34708 | PWS31: 002.032 | PWT31: - | PWU31: RETIRO DE MATERIAL SOBRANTE EN VOLQUETA, CARGUE MANUAL | PWV31: Actividad | PWW31: M3 | PWZ31: 34708 | PXA31: 002.032 | PXB31: - | PXC31: RETIRO DE MATERIAL SOBRANTE EN VOLQUETA, CARGUE MANUAL | PXD31: Actividad | PXE31: M3 | PXH31: 34708 | PXI31: 002.032 | PXJ31: - | PXK31: RETIRO DE MATERIAL SOBRANTE EN VOLQUETA, CARGUE MANUAL | PXL31: Actividad | PXM31: M3 | PXP31: 34708 | PXQ31: 002.032 | PXR31: - | PXS31: RETIRO DE MATERIAL SOBRANTE EN VOLQUETA, CARGUE MANUAL | PXT31: Actividad | PXU31: M3 | PXX31: 34708 | PXY31: 002.032 | PXZ31: - | PYA31: RETIRO DE MATERIAL SOBRANTE EN VOLQUETA, CARGUE MANUAL | PYB31: Actividad | PYC31: M3 | PYF31: 34708 | PYG31: 002.032 | PYH31: - | PYI31: RETIRO DE MATERIAL SOBRANTE EN VOLQUETA, CARGUE MANUAL | PYJ31: Actividad | PYK31: M3 | PYN31: 34708 | PYO31: 002.032 | PYP31: - | PYQ31: RETIRO DE MATERIAL SOBRANTE EN VOLQUETA, CARGUE MANUAL | PYR31: Actividad | PYS31: M3 | PYV31: 34708 | PYW31: 002.032 | PYX31: - | PYY31: RETIRO DE MATERIAL SOBRANTE EN VOLQUETA, CARGUE MANUAL | PYZ31: Actividad | PZA31: M3 | PZD31: 34708 | PZE31: 002.032 | PZF31: - | PZG31: RETIRO DE MATERIAL SOBRANTE EN VOLQUETA, CARGUE MANUAL | PZH31: Actividad | PZI31: M3 | PZL31: 34708 | PZM31: 002.032 | PZN31: - | PZO31: RETIRO DE MATERIAL SOBRANTE EN VOLQUETA, CARGUE MANUAL | PZP31: Actividad | PZQ31: M3 | PZT31: 34708 | PZU31: 002.032 | PZV31: - | PZW31: RETIRO DE MATERIAL SOBRANTE EN VOLQUETA, CARGUE MANUAL | PZX31: Actividad | PZY31: M3 | QAB31: 34708 | QAC31: 002.032 | QAD31: - | QAE31: RETIRO DE MATERIAL SOBRANTE EN VOLQUETA, CARGUE MANUAL | QAF31: Actividad | QAG31: M3 | QAJ31: 34708 | QAK31: 002.032 | QAL31: - | QAM31: RETIRO DE MATERIAL SOBRANTE EN VOLQUETA, CARGUE MANUAL | QAN31: Actividad | QAO31: M3 | QAR31: 34708 | QAS31: 002.032 | QAT31: - | QAU31: RETIRO DE MATERIAL SOBRANTE EN VOLQUETA, CARGUE MANUAL | QAV31: Actividad | QAW31: M3 | QAZ31: 34708 | QBA31: 002.032 | QBB31: - | QBC31: RETIRO DE MATERIAL SOBRANTE EN VOLQUETA, CARGUE MANUAL | QBD31: Actividad | QBE31: M3 | QBH31: 34708 | QBI31: 002.032 | QBJ31: - | QBK31: RETIRO DE MATERIAL SOBRANTE EN VOLQUETA, CARGUE MANUAL | QBL31: Actividad | QBM31: M3 | QBP31: 34708 | QBQ31: 002.032 | QBR31: - | QBS31: RETIRO DE MATERIAL SOBRANTE EN VOLQUETA, CARGUE MANUAL | QBT31: Actividad | QBU31: M3 | QBX31: 34708 | QBY31: 002.032 | QBZ31: - | QCA31: RETIRO DE MATERIAL SOBRANTE EN VOLQUETA, CARGUE MANUAL | QCB31: Actividad | QCC31: M3 | QCF31: 34708 | QCG31: 002.032 | QCH31: - | QCI31: RETIRO DE MATERIAL SOBRANTE EN VOLQUETA, CARGUE MANUAL | QCJ31: Actividad | QCK31: M3 | QCN31: 34708 | QCO31: 002.032 | QCP31: - | QCQ31: RETIRO DE MATERIAL SOBRANTE EN VOLQUETA, CARGUE MANUAL | QCR31: Actividad | QCS31: M3 | QCV31: 34708 | QCW31: 002.032 | QCX31: - | QCY31: RETIRO DE MATERIAL SOBRANTE EN VOLQUETA, CARGUE MANUAL | QCZ31: Actividad | QDA31: M3 | QDD31: 34708 | QDE31: 002.032 | QDF31: - | QDG31: RETIRO DE MATERIAL SOBRANTE EN VOLQUETA, CARGUE MANUAL | QDH31: Actividad | QDI31: M3 | QDL31: 34708 | QDM31: 002.032 | QDN31: - | QDO31: RETIRO DE MATERIAL SOBRANTE EN VOLQUETA, CARGUE MANUAL | QDP31: Actividad | QDQ31: M3 | QDT31: 34708 | QDU31: 002.032 | QDV31: - | QDW31: RETIRO DE MATERIAL SOBRANTE EN VOLQUETA, CARGUE MANUAL | QDX31: Actividad | QDY31: M3 | QEB31: 34708 | QEC31: 002.032 | QED31: - | QEE31: RETIRO DE MATERIAL SOBRANTE EN VOLQUETA, CARGUE MANUAL | QEF31: Actividad | QEG31: M3 | QEJ31: 34708 | QEK31: 002.032 | QEL31: - | QEM31: RETIRO DE MATERIAL SOBRANTE EN VOLQUETA, CARGUE MANUAL | QEN31: Actividad | QEO31: M3 | QER31: 34708 | QES31: 002.032 | QET31: - | QEU31: RETIRO DE MATERIAL SOBRANTE EN VOLQUETA, CARGUE MANUAL | QEV31: Actividad | QEW31: M3 | QEZ31: 34708 | QFA31: 002.032 | QFB31: - | QFC31: RETIRO DE MATERIAL SOBRANTE EN VOLQUETA, CARGUE MANUAL | QFD31: Actividad | QFE31: M3 | QFH31: 34708 | QFI31: 002.032 | QFJ31: - | QFK31: RETIRO DE MATERIAL SOBRANTE EN VOLQUETA, CARGUE MANUAL | QFL31: Actividad | QFM31: M3 | QFP31: 34708 | QFQ31: 002.032 | QFR31: - | QFS31: RETIRO DE MATERIAL SOBRANTE EN VOLQUETA, CARGUE MANUAL | QFT31: Actividad | QFU31: M3 | QFX31: 34708 | QFY31: 002.032 | QFZ31: - | QGA31: RETIRO DE MATERIAL SOBRANTE EN VOLQUETA, CARGUE MANUAL | QGB31: Actividad | QGC31: M3 | QGF31: 34708 | QGG31: 002.032 | QGH31: - | QGI31: RETIRO DE MATERIAL SOBRANTE EN VOLQUETA, CARGUE MANUAL | QGJ31: Actividad | QGK31: M3 | QGN31: 34708 | QGO31: 002.032 | QGP31: - | QGQ31: RETIRO DE MATERIAL SOBRANTE EN VOLQUETA, CARGUE MANUAL | QGR31: Actividad | QGS31: M3 | QGV31: 34708 | QGW31: 002.032 | QGX31: - | QGY31: RETIRO DE MATERIAL SOBRANTE EN VOLQUETA, CARGUE MANUAL | QGZ31: Actividad | QHA31: M3 | QHD31: 34708 | QHE31: 002.032 | QHF31: - | QHG31: RETIRO DE MATERIAL SOBRANTE EN VOLQUETA, CARGUE MANUAL | QHH31: Actividad | QHI31: M3 | QHL31: 34708 | QHM31: 002.032 | QHN31: - | QHO31: RETIRO DE MATERIAL SOBRANTE EN VOLQUETA, CARGUE MANUAL | QHP31: Actividad | QHQ31: M3 | QHT31: 34708 | QHU31: 002.032 | QHV31: - | QHW31: RETIRO DE MATERIAL SOBRANTE EN VOLQUETA, CARGUE MANUAL | QHX31: Actividad | QHY31: M3 | QIB31: 34708 | QIC31: 002.032 | QID31: - | QIE31: RETIRO DE MATERIAL SOBRANTE EN VOLQUETA, CARGUE MANUAL | QIF31: Actividad | QIG31: M3 | QIJ31: 34708 | QIK31: 002.032 | QIL31: - | QIM31: RETIRO DE MATERIAL SOBRANTE EN VOLQUETA, CARGUE MANUAL | QIN31: Actividad | QIO31: M3 | QIR31: 34708 | QIS31: 002.032 | QIT31: - | QIU31: RETIRO DE MATERIAL SOBRANTE EN VOLQUETA, CARGUE MANUAL | QIV31: Actividad | QIW31: M3 | QIZ31: 34708 | QJA31: 002.032 | QJB31: - | QJC31: RETIRO DE MATERIAL SOBRANTE EN VOLQUETA, CARGUE MANUAL | QJD31: Actividad | QJE31: M3 | QJH31: 34708 | QJI31: 002.032 | QJJ31: - | QJK31: RETIRO DE MATERIAL SOBRANTE EN VOLQUETA, CARGUE MANUAL | QJL31: Actividad | QJM31: M3 | QJP31: 34708 | QJQ31: 002.032 | QJR31: - | QJS31: RETIRO DE MATERIAL SOBRANTE EN VOLQUETA, CARGUE MANUAL | QJT31: Actividad | QJU31: M3 | QJX31: 34708 | QJY31: 002.032 | QJZ31: - | QKA31: RETIRO DE MATERIAL SOBRANTE EN VOLQUETA, CARGUE MANUAL | QKB31: Actividad | QKC31: M3 | QKF31: 34708 | QKG31: 002.032 | QKH31: - | QKI31: RETIRO DE MATERIAL SOBRANTE EN VOLQUETA, CARGUE MANUAL | QKJ31: Actividad | QKK31: M3 | QKN31: 34708 | QKO31: 002.032 | QKP31: - | QKQ31: RETIRO DE MATERIAL SOBRANTE EN VOLQUETA, CARGUE MANUAL | QKR31: Actividad | QKS31: M3 | QKV31: 34708 | QKW31: 002.032 | QKX31: - | QKY31: RETIRO DE MATERIAL SOBRANTE EN VOLQUETA, CARGUE MANUAL | QKZ31: Actividad | QLA31: M3 | QLD31: 34708 | QLE31: 002.032 | QLF31: - | QLG31: RETIRO DE MATERIAL SOBRANTE EN VOLQUETA, CARGUE MANUAL | QLH31: Actividad | QLI31: M3 | QLL31: 34708 | QLM31: 002.032 | QLN31: - | QLO31: RETIRO DE MATERIAL SOBRANTE EN VOLQUETA, CARGUE MANUAL | QLP31: Actividad | QLQ31: M3 | QLT31: 34708 | QLU31: 002.032 | QLV31: - | QLW31: RETIRO DE MATERIAL SOBRANTE EN VOLQUETA, CARGUE MANUAL | QLX31: Actividad | QLY31: M3 | QMB31: 34708 | QMC31: 002.032 | QMD31: - | QME31: RETIRO DE MATERIAL SOBRANTE EN VOLQUETA, CARGUE MANUAL | QMF31: Actividad | QMG31: M3 | QMJ31: 34708 | QMK31: 002.032 | QML31: - | QMM31: RETIRO DE MATERIAL SOBRANTE EN VOLQUETA, CARGUE MANUAL | QMN31: Actividad | QMO31: M3 | QMR31: 34708 | QMS31: 002.032 | QMT31: - | QMU31: RETIRO DE MATERIAL SOBRANTE EN VOLQUETA, CARGUE MANUAL | QMV31: Actividad | QMW31: M3 | QMZ31: 34708 | QNA31: 002.032 | QNB31: - | QNC31: RETIRO DE MATERIAL SOBRANTE EN VOLQUETA, CARGUE MANUAL | QND31: Actividad | QNE31: M3 | QNH31: 34708 | QNI31: 002.032 | QNJ31: - | QNK31: RETIRO DE MATERIAL SOBRANTE EN VOLQUETA, CARGUE MANUAL | QNL31: Actividad | QNM31: M3 | QNP31: 34708 | QNQ31: 002.032 | QNR31: - | QNS31: RETIRO DE MATERIAL SOBRANTE EN VOLQUETA, CARGUE MANUAL | QNT31: Actividad | QNU31: M3 | QNX31: 34708 | QNY31: 002.032 | QNZ31: - | QOA31: RETIRO DE MATERIAL SOBRANTE EN VOLQUETA, CARGUE MANUAL | QOB31: Actividad | QOC31: M3 | QOF31: 34708 | QOG31: 002.032 | QOH31: - | QOI31: RETIRO DE MATERIAL SOBRANTE EN VOLQUETA, CARGUE MANUAL | QOJ31: Actividad | QOK31: M3 | QON31: 34708 | QOO31: 002.032 | QOP31: - | QOQ31: RETIRO DE MATERIAL SOBRANTE EN VOLQUETA, CARGUE MANUAL | QOR31: Actividad | QOS31: M3 | QOV31: 34708 | QOW31: 002.032 | QOX31: - | QOY31: RETIRO DE MATERIAL SOBRANTE EN VOLQUETA, CARGUE MANUAL | QOZ31: Actividad | QPA31: M3 | QPD31: 34708 | QPE31: 002.032 | QPF31: - | QPG31: RETIRO DE MATERIAL SOBRANTE EN VOLQUETA, CARGUE MANUAL | QPH31: Actividad | QPI31: M3 | QPL31: 34708 | QPM31: 002.032 | QPN31: - | QPO31: RETIRO DE MATERIAL SOBRANTE EN VOLQUETA, CARGUE MANUAL | QPP31: Actividad | QPQ31: M3 | QPT31: 34708 | QPU31: 002.032 | QPV31: - | QPW31: RETIRO DE MATERIAL SOBRANTE EN VOLQUETA, CARGUE MANUAL | QPX31: Actividad | QPY31: M3 | QQB31: 34708 | QQC31: 002.032 | QQD31: - | QQE31: RETIRO DE MATERIAL SOBRANTE EN VOLQUETA, CARGUE MANUAL | QQF31: Actividad | QQG31: M3 | QQJ31: 34708 | QQK31: 002.032 | QQL31: - | QQM31: RETIRO DE MATERIAL SOBRANTE EN VOLQUETA, CARGUE MANUAL | QQN31: Actividad | QQO31: M3 | QQR31: 34708 | QQS31: 002.032 | QQT31: - | QQU31: RETIRO DE MATERIAL SOBRANTE EN VOLQUETA, CARGUE MANUAL | QQV31: Actividad | QQW31: M3 | QQZ31: 34708 | QRA31: 002.032 | QRB31: - | QRC31: RETIRO DE MATERIAL SOBRANTE EN VOLQUETA, CARGUE MANUAL | QRD31: Actividad | QRE31: M3 | QRH31: 34708 | QRI31: 002.032 | QRJ31: - | QRK31: RETIRO DE MATERIAL SOBRANTE EN VOLQUETA, CARGUE MANUAL | QRL31: Actividad | QRM31: M3 | QRP31: 34708 | QRQ31: 002.032 | QRR31: - | QRS31: RETIRO DE MATERIAL SOBRANTE EN VOLQUETA, CARGUE MANUAL | QRT31: Actividad | QRU31: M3 | QRX31: 34708 | QRY31: 002.032 | QRZ31: - | QSA31: RETIRO DE MATERIAL SOBRANTE EN VOLQUETA, CARGUE MANUAL | QSB31: Actividad | QSC31: M3 | QSF31: 34708 | QSG31: 002.032 | QSH31: - | QSI31: RETIRO DE MATERIAL SOBRANTE EN VOLQUETA, CARGUE MANUAL | QSJ31: Actividad | QSK31: M3 | QSN31: 34708 | QSO31: 002.032 | QSP31: - | QSQ31: RETIRO DE MATERIAL SOBRANTE EN VOLQUETA, CARGUE MANUAL | QSR31: Actividad | QSS31: M3 | QSV31: 34708 | QSW31: 002.032 | QSX31: - | QSY31: RETIRO DE MATERIAL SOBRANTE EN VOLQUETA, CARGUE MANUAL | QSZ31: Actividad | QTA31: M3 | QTD31: 34708 | QTE31: 002.032 | QTF31: - | QTG31: RETIRO DE MATERIAL SOBRANTE EN VOLQUETA, CARGUE MANUAL | QTH31: Actividad | QTI31: M3 | QTL31: 34708 | QTM31: 002.032 | QTN31: - | QTO31: RETIRO DE MATERIAL SOBRANTE EN VOLQUETA, CARGUE MANUAL | QTP31: Actividad | QTQ31: M3 | QTT31: 34708 | QTU31: 002.032 | QTV31: - | QTW31: RETIRO DE MATERIAL SOBRANTE EN VOLQUETA, CARGUE MANUAL | QTX31: Actividad | QTY31: M3 | QUB31: 34708 | QUC31: 002.032 | QUD31: - | QUE31: RETIRO DE MATERIAL SOBRANTE EN VOLQUETA, CARGUE MANUAL | QUF31: Actividad | QUG31: M3 | QUJ31: 34708 | QUK31: 002.032 | QUL31: - | QUM31: RETIRO DE MATERIAL SOBRANTE EN VOLQUETA, CARGUE MANUAL | QUN31: Actividad | QUO31: M3 | QUR31: 34708 | QUS31: 002.032 | QUT31: - | QUU31: RETIRO DE MATERIAL SOBRANTE EN VOLQUETA, CARGUE MANUAL | QUV31: Actividad | QUW31: M3 | QUZ31: 34708 | QVA31: 002.032 | QVB31: - | QVC31: RETIRO DE MATERIAL SOBRANTE EN VOLQUETA, CARGUE MANUAL | QVD31: Actividad | QVE31: M3 | QVH31: 34708 | QVI31: 002.032 | QVJ31: - | QVK31: RETIRO DE MATERIAL SOBRANTE EN VOLQUETA, CARGUE MANUAL | QVL31: Actividad | QVM31: M3 | QVP31: 34708 | QVQ31: 002.032 | QVR31: - | QVS31: RETIRO DE MATERIAL SOBRANTE EN VOLQUETA, CARGUE MANUAL | QVT31: Actividad | QVU31: M3 | QVX31: 34708 | QVY31: 002.032 | QVZ31: - | QWA31: RETIRO DE MATERIAL SOBRANTE EN VOLQUETA, CARGUE MANUAL | QWB31: Actividad | QWC31: M3 | QWF31: 34708 | QWG31: 002.032 | QWH31: - | QWI31: RETIRO DE MATERIAL SOBRANTE EN VOLQUETA, CARGUE MANUAL | QWJ31: Actividad | QWK31: M3 | QWN31: 34708 | QWO31: 002.032 | QWP31: - | QWQ31: RETIRO DE MATERIAL SOBRANTE EN VOLQUETA, CARGUE MANUAL | QWR31: Actividad | QWS31: M3 | QWV31: 34708 | QWW31: 002.032 | QWX31: - | QWY31: RETIRO DE MATERIAL SOBRANTE EN VOLQUETA, CARGUE MANUAL | QWZ31: Actividad | QXA31: M3 | QXD31: 34708 | QXE31: 002.032 | QXF31: - | QXG31: RETIRO DE MATERIAL SOBRANTE EN VOLQUETA, CARGUE MANUAL | QXH31: Actividad | QXI31: M3 | QXL31: 34708 | QXM31: 002.032 | QXN31: - | QXO31: RETIRO DE MATERIAL SOBRANTE EN VOLQUETA, CARGUE MANUAL | QXP31: Actividad | QXQ31: M3 | QXT31: 34708 | QXU31: 002.032 | QXV31: - | QXW31: RETIRO DE MATERIAL SOBRANTE EN VOLQUETA, CARGUE MANUAL | QXX31: Actividad | QXY31: M3 | QYB31: 34708 | QYC31: 002.032 | QYD31: - | QYE31: RETIRO DE MATERIAL SOBRANTE EN VOLQUETA, CARGUE MANUAL | QYF31: Actividad | QYG31: M3 | QYJ31: 34708 | QYK31: 002.032 | QYL31: - | QYM31: RETIRO DE MATERIAL SOBRANTE EN VOLQUETA, CARGUE MANUAL | QYN31: Actividad | QYO31: M3 | QYR31: 34708 | QYS31: 002.032 | QYT31: - | QYU31: RETIRO DE MATERIAL SOBRANTE EN VOLQUETA, CARGUE MANUAL | QYV31: Actividad | QYW31: M3 | QYZ31: 34708 | QZA31: 002.032 | QZB31: - | QZC31: RETIRO DE MATERIAL SOBRANTE EN VOLQUETA, CARGUE MANUAL | QZD31: Actividad | QZE31: M3 | QZH31: 34708 | QZI31: 002.032 | QZJ31: - | QZK31: RETIRO DE MATERIAL SOBRANTE EN VOLQUETA, CARGUE MANUAL | QZL31: Actividad | QZM31: M3 | QZP31: 34708 | QZQ31: 002.032 | QZR31: - | QZS31: RETIRO DE MATERIAL SOBRANTE EN VOLQUETA, CARGUE MANUAL | QZT31: Actividad | QZU31: M3 | QZX31: 34708 | QZY31: 002.032 | QZZ31: - | RAA31: RETIRO DE MATERIAL SOBRANTE EN VOLQUETA, CARGUE MANUAL | RAB31: Actividad | RAC31: M3 | RAF31: 34708 | RAG31: 002.032 | RAH31: - | RAI31: RETIRO DE MATERIAL SOBRANTE EN VOLQUETA, CARGUE MANUAL | RAJ31: Actividad | RAK31: M3 | RAN31: 34708 | RAO31: 002.032 | RAP31: - | RAQ31: RETIRO DE MATERIAL SOBRANTE EN VOLQUETA, CARGUE MANUAL | RAR31: Actividad | RAS31: M3 | RAV31: 34708 | RAW31: 002.032 | RAX31: - | RAY31: RETIRO DE MATERIAL SOBRANTE EN VOLQUETA, CARGUE MANUAL | RAZ31: Actividad | RBA31: M3 | RBD31: 34708 | RBE31: 002.032 | RBF31: - | RBG31: RETIRO DE MATERIAL SOBRANTE EN VOLQUETA, CARGUE MANUAL | RBH31: Actividad | RBI31: M3 | RBL31: 34708 | RBM31: 002.032 | RBN31: - | RBO31: RETIRO DE MATERIAL SOBRANTE EN VOLQUETA, CARGUE MANUAL | RBP31: Actividad | RBQ31: M3 | RBT31: 34708 | RBU31: 002.032 | RBV31: - | RBW31: RETIRO DE MATERIAL SOBRANTE EN VOLQUETA, CARGUE MANUAL | RBX31: Actividad | RBY31: M3 | RCB31: 34708 | RCC31: 002.032 | RCD31: - | RCE31: RETIRO DE MATERIAL SOBRANTE EN VOLQUETA, CARGUE MANUAL | RCF31: Actividad | RCG31: M3 | RCJ31: 34708 | RCK31: 002.032 | RCL31: - | RCM31: RETIRO DE MATERIAL SOBRANTE EN VOLQUETA, CARGUE MANUAL | RCN31: Actividad | RCO31: M3 | RCR31: 34708 | RCS31: 002.032 | RCT31: - | RCU31: RETIRO DE MATERIAL SOBRANTE EN VOLQUETA, CARGUE MANUAL | RCV31: Actividad | RCW31: M3 | RCZ31: 34708 | RDA31: 002.032 | RDB31: - | RDC31: RETIRO DE MATERIAL SOBRANTE EN VOLQUETA, CARGUE MANUAL | RDD31: Actividad | RDE31: M3 | RDH31: 34708 | RDI31: 002.032 | RDJ31: - | RDK31: RETIRO DE MATERIAL SOBRANTE EN VOLQUETA, CARGUE MANUAL | RDL31: Actividad | RDM31: M3 | RDP31: 34708 | RDQ31: 002.032 | RDR31: - | RDS31: RETIRO DE MATERIAL SOBRANTE EN VOLQUETA, CARGUE MANUAL | RDT31: Actividad | RDU31: M3 | RDX31: 34708 | RDY31: 002.032 | RDZ31: - | REA31: RETIRO DE MATERIAL SOBRANTE EN VOLQUETA, CARGUE MANUAL | REB31: Actividad | REC31: M3 | REF31: 34708 | REG31: 002.032 | REH31: - | REI31: RETIRO DE MATERIAL SOBRANTE EN VOLQUETA, CARGUE MANUAL | REJ31: Actividad | REK31: M3 | REN31: 34708 | REO31: 002.032 | REP31: - | REQ31: RETIRO DE MATERIAL SOBRANTE EN VOLQUETA, CARGUE MANUAL | RER31: Actividad | RES31: M3 | REV31: 34708 | REW31: 002.032 | REX31: - | REY31: RETIRO DE MATERIAL SOBRANTE EN VOLQUETA, CARGUE MANUAL | REZ31: Actividad | RFA31: M3 | RFD31: 34708 | RFE31: 002.032 | RFF31: - | RFG31: RETIRO DE MATERIAL SOBRANTE EN VOLQUETA, CARGUE MANUAL | RFH31: Actividad | RFI31: M3 | RFL31: 34708 | RFM31: 002.032 | RFN31: - | RFO31: RETIRO DE MATERIAL SOBRANTE EN VOLQUETA, CARGUE MANUAL | RFP31: Actividad | RFQ31: M3 | RFT31: 34708 | RFU31: 002.032 | RFV31: - | RFW31: RETIRO DE MATERIAL SOBRANTE EN VOLQUETA, CARGUE MANUAL | RFX31: Actividad | RFY31: M3 | RGB31: 34708 | RGC31: 002.032 | RGD31: - | RGE31: RETIRO DE MATERIAL SOBRANTE EN VOLQUETA, CARGUE MANUAL | RGF31: Actividad | RGG31: M3 | RGJ31: 34708 | RGK31: 002.032 | RGL31: - | RGM31: RETIRO DE MATERIAL SOBRANTE EN VOLQUETA, CARGUE MANUAL | RGN31: Actividad | RGO31: M3 | RGR31: 34708 | RGS31: 002.032 | RGT31: - | RGU31: RETIRO DE MATERIAL SOBRANTE EN VOLQUETA, CARGUE MANUAL | RGV31: Actividad | RGW31: M3 | RGZ31: 34708 | RHA31: 002.032 | RHB31: - | RHC31: RETIRO DE MATERIAL SOBRANTE EN VOLQUETA, CARGUE MANUAL | RHD31: Actividad | RHE31: M3 | RHH31: 34708 | RHI31: 002.032 | RHJ31: - | RHK31: RETIRO DE MATERIAL SOBRANTE EN VOLQUETA, CARGUE MANUAL | RHL31: Actividad | RHM31: M3 | RHP31: 34708 | RHQ31: 002.032 | RHR31: - | RHS31: RETIRO DE MATERIAL SOBRANTE EN VOLQUETA, CARGUE MANUAL | RHT31: Actividad | RHU31: M3 | RHX31: 34708 | RHY31: 002.032 | RHZ31: - | RIA31: RETIRO DE MATERIAL SOBRANTE EN VOLQUETA, CARGUE MANUAL | RIB31: Actividad | RIC31: M3 | RIF31: 34708 | RIG31: 002.032 | RIH31: - | RII31: RETIRO DE MATERIAL SOBRANTE EN VOLQUETA, CARGUE MANUAL | RIJ31: Actividad | RIK31: M3 | RIN31: 34708 | RIO31: 002.032 | RIP31: - | RIQ31: RETIRO DE MATERIAL SOBRANTE EN VOLQUETA, CARGUE MANUAL | RIR31: Actividad | RIS31: M3 | RIV31: 34708 | RIW31: 002.032 | RIX31: - | RIY31: RETIRO DE MATERIAL SOBRANTE EN VOLQUETA, CARGUE MANUAL | RIZ31: Actividad | RJA31: M3 | RJD31: 34708 | RJE31: 002.032 | RJF31: - | RJG31: RETIRO DE MATERIAL SOBRANTE EN VOLQUETA, CARGUE MANUAL | RJH31: Actividad | RJI31: M3 | RJL31: 34708 | RJM31: 002.032 | RJN31: - | RJO31: RETIRO DE MATERIAL SOBRANTE EN VOLQUETA, CARGUE MANUAL | RJP31: Actividad | RJQ31: M3 | RJT31: 34708 | RJU31: 002.032 | RJV31: - | RJW31: RETIRO DE MATERIAL SOBRANTE EN VOLQUETA, CARGUE MANUAL | RJX31: Actividad | RJY31: M3 | RKB31: 34708 | RKC31: 002.032 | RKD31: - | RKE31: RETIRO DE MATERIAL SOBRANTE EN VOLQUETA, CARGUE MANUAL | RKF31: Actividad | RKG31: M3 | RKJ31: 34708 | RKK31: 002.032 | RKL31: - | RKM31: RETIRO DE MATERIAL SOBRANTE EN VOLQUETA, CARGUE MANUAL | RKN31: Actividad | RKO31: M3 | RKR31: 34708 | RKS31: 002.032 | RKT31: - | RKU31: RETIRO DE MATERIAL SOBRANTE EN VOLQUETA, CARGUE MANUAL | RKV31: Actividad | RKW31: M3 | RKZ31: 34708 | RLA31: 002.032 | RLB31: - | RLC31: RETIRO DE MATERIAL SOBRANTE EN VOLQUETA, CARGUE MANUAL | RLD31: Actividad | RLE31: M3 | RLH31: 34708 | RLI31: 002.032 | RLJ31: - | RLK31: RETIRO DE MATERIAL SOBRANTE EN VOLQUETA, CARGUE MANUAL | RLL31: Actividad | RLM31: M3 | RLP31: 34708 | RLQ31: 002.032 | RLR31: - | RLS31: RETIRO DE MATERIAL SOBRANTE EN VOLQUETA, CARGUE MANUAL | RLT31: Actividad | RLU31: M3 | RLX31: 34708 | RLY31: 002.032 | RLZ31: - | RMA31: RETIRO DE MATERIAL SOBRANTE EN VOLQUETA, CARGUE MANUAL | RMB31: Actividad | RMC31: M3 | RMF31: 34708 | RMG31: 002.032 | RMH31: - | RMI31: RETIRO DE MATERIAL SOBRANTE EN VOLQUETA, CARGUE MANUAL | RMJ31: Actividad | RMK31: M3 | RMN31: 34708 | RMO31: 002.032 | RMP31: - | RMQ31: RETIRO DE MATERIAL SOBRANTE EN VOLQUETA, CARGUE MANUAL | RMR31: Actividad | RMS31: M3 | RMV31: 34708 | RMW31: 002.032 | RMX31: - | RMY31: RETIRO DE MATERIAL SOBRANTE EN VOLQUETA, CARGUE MANUAL | RMZ31: Actividad | RNA31: M3 | RND31: 34708 | RNE31: 002.032 | RNF31: - | RNG31: RETIRO DE MATERIAL SOBRANTE EN VOLQUETA, CARGUE MANUAL | RNH31: Actividad | RNI31: M3 | RNL31: 34708 | RNM31: 002.032 | RNN31: - | RNO31: RETIRO DE MATERIAL SOBRANTE EN VOLQUETA, CARGUE MANUAL | RNP31: Actividad | RNQ31: M3 | RNT31: 34708 | RNU31: 002.032 | RNV31: - | RNW31: RETIRO DE MATERIAL SOBRANTE EN VOLQUETA, CARGUE MANUAL | RNX31: Actividad | RNY31: M3 | ROB31: 34708 | ROC31: 002.032 | ROD31: - | ROE31: RETIRO DE MATERIAL SOBRANTE EN VOLQUETA, CARGUE MANUAL | ROF31: Actividad | ROG31: M3 | ROJ31: 34708 | ROK31: 002.032 | ROL31: - | ROM31: RETIRO DE MATERIAL SOBRANTE EN VOLQUETA, CARGUE MANUAL | RON31: Actividad | ROO31: M3 | ROR31: 34708 | ROS31: 002.032 | ROT31: - | ROU31: RETIRO DE MATERIAL SOBRANTE EN VOLQUETA, CARGUE MANUAL | ROV31: Actividad | ROW31: M3 | ROZ31: 34708 | RPA31: 002.032 | RPB31: - | RPC31: RETIRO DE MATERIAL SOBRANTE EN VOLQUETA, CARGUE MANUAL | RPD31: Actividad | RPE31: M3 | RPH31: 34708 | RPI31: 002.032 | RPJ31: - | RPK31: RETIRO DE MATERIAL SOBRANTE EN VOLQUETA, CARGUE MANUAL | RPL31: Actividad | RPM31: M3 | RPP31: 34708 | RPQ31: 002.032 | RPR31: - | RPS31: RETIRO DE MATERIAL SOBRANTE EN VOLQUETA, CARGUE MANUAL | RPT31: Actividad | RPU31: M3 | RPX31: 34708 | RPY31: 002.032 | RPZ31: - | RQA31: RETIRO DE MATERIAL SOBRANTE EN VOLQUETA, CARGUE MANUAL | RQB31: Actividad | RQC31: M3 | RQF31: 34708 | RQG31: 002.032 | RQH31: - | RQI31: RETIRO DE MATERIAL SOBRANTE EN VOLQUETA, CARGUE MANUAL | RQJ31: Actividad | RQK31: M3 | RQN31: 34708 | RQO31: 002.032 | RQP31: - | RQQ31: RETIRO DE MATERIAL SOBRANTE EN VOLQUETA, CARGUE MANUAL | RQR31: Actividad | RQS31: M3 | RQV31: 34708 | RQW31: 002.032 | RQX31: - | RQY31: RETIRO DE MATERIAL SOBRANTE EN VOLQUETA, CARGUE MANUAL | RQZ31: Actividad | RRA31: M3 | RRD31: 34708 | RRE31: 002.032 | RRF31: - | RRG31: RETIRO DE MATERIAL SOBRANTE EN VOLQUETA, CARGUE MANUAL | RRH31: Actividad | RRI31: M3 | RRL31: 34708 | RRM31: 002.032 | RRN31: - | RRO31: RETIRO DE MATERIAL SOBRANTE EN VOLQUETA, CARGUE MANUAL | RRP31: Actividad | RRQ31: M3 | RRT31: 34708 | RRU31: 002.032 | RRV31: - | RRW31: RETIRO DE MATERIAL SOBRANTE EN VOLQUETA, CARGUE MANUAL | RRX31: Actividad | RRY31: M3 | RSB31: 34708 | RSC31: 002.032 | RSD31: - | RSE31: RETIRO DE MATERIAL SOBRANTE EN VOLQUETA, CARGUE MANUAL | RSF31: Actividad | RSG31: M3 | RSJ31: 34708 | RSK31: 002.032 | RSL31: - | RSM31: RETIRO DE MATERIAL SOBRANTE EN VOLQUETA, CARGUE MANUAL | RSN31: Actividad | RSO31: M3 | RSR31: 34708 | RSS31: 002.032 | RST31: - | RSU31: RETIRO DE MATERIAL SOBRANTE EN VOLQUETA, CARGUE MANUAL | RSV31: Actividad | RSW31: M3 | RSZ31: 34708 | RTA31: 002.032 | RTB31: - | RTC31: RETIRO DE MATERIAL SOBRANTE EN VOLQUETA, CARGUE MANUAL | RTD31: Actividad | RTE31: M3 | RTH31: 34708 | RTI31: 002.032 | RTJ31: - | RTK31: RETIRO DE MATERIAL SOBRANTE EN VOLQUETA, CARGUE MANUAL | RTL31: Actividad | RTM31: M3 | RTP31: 34708 | RTQ31: 002.032 | RTR31: - | RTS31: RETIRO DE MATERIAL SOBRANTE EN VOLQUETA, CARGUE MANUAL | RTT31: Actividad | RTU31: M3 | RTX31: 34708 | RTY31: 002.032 | RTZ31: - | RUA31: RETIRO DE MATERIAL SOBRANTE EN VOLQUETA, CARGUE MANUAL | RUB31: Actividad | RUC31: M3 | RUF31: 34708 | RUG31: 002.032 | RUH31: - | RUI31: RETIRO DE MATERIAL SOBRANTE EN VOLQUETA, CARGUE MANUAL | RUJ31: Actividad | RUK31: M3 | RUN31: 34708 | RUO31: 002.032 | RUP31: - | RUQ31: RETIRO DE MATERIAL SOBRANTE EN VOLQUETA, CARGUE MANUAL | RUR31: Actividad | RUS31: M3 | RUV31: 34708 | RUW31: 002.032 | RUX31: - | RUY31: RETIRO DE MATERIAL SOBRANTE EN VOLQUETA, CARGUE MANUAL | RUZ31: Actividad | RVA31: M3 | RVD31: 34708 | RVE31: 002.032 | RVF31: - | RVG31: RETIRO DE MATERIAL SOBRANTE EN VOLQUETA, CARGUE MANUAL | RVH31: Actividad | RVI31: M3 | RVL31: 34708 | RVM31: 002.032 | RVN31: - | RVO31: RETIRO DE MATERIAL SOBRANTE EN VOLQUETA, CARGUE MANUAL | RVP31: Actividad | RVQ31: M3 | RVT31: 34708 | RVU31: 002.032 | RVV31: - | RVW31: RETIRO DE MATERIAL SOBRANTE EN VOLQUETA, CARGUE MANUAL | RVX31: Actividad | RVY31: M3 | RWB31: 34708 | RWC31: 002.032 | RWD31: - | RWE31: RETIRO DE MATERIAL SOBRANTE EN VOLQUETA, CARGUE MANUAL | RWF31: Actividad | RWG31: M3 | RWJ31: 34708 | RWK31: 002.032 | RWL31: - | RWM31: RETIRO DE MATERIAL SOBRANTE EN VOLQUETA, CARGUE MANUAL | RWN31: Actividad | RWO31: M3 | RWR31: 34708 | RWS31: 002.032 | RWT31: - | RWU31: RETIRO DE MATERIAL SOBRANTE EN VOLQUETA, CARGUE MANUAL | RWV31: Actividad | RWW31: M3 | RWZ31: 34708 | RXA31: 002.032 | RXB31: - | RXC31: RETIRO DE MATERIAL SOBRANTE EN VOLQUETA, CARGUE MANUAL | RXD31: Actividad | RXE31: M3 | RXH31: 34708 | RXI31: 002.032 | RXJ31: - | RXK31: RETIRO DE MATERIAL SOBRANTE EN VOLQUETA, CARGUE MANUAL | RXL31: Actividad | RXM31: M3 | RXP31: 34708 | RXQ31: 002.032 | RXR31: - | RXS31: RETIRO DE MATERIAL SOBRANTE EN VOLQUETA, CARGUE MANUAL | RXT31: Actividad | RXU31: M3 | RXX31: 34708 | RXY31: 002.032 | RXZ31: - | RYA31: RETIRO DE MATERIAL SOBRANTE EN VOLQUETA, CARGUE MANUAL | RYB31: Actividad | RYC31: M3 | RYF31: 34708 | RYG31: 002.032 | RYH31: - | RYI31: RETIRO DE MATERIAL SOBRANTE EN VOLQUETA, CARGUE MANUAL | RYJ31: Actividad | RYK31: M3 | RYN31: 34708 | RYO31: 002.032 | RYP31: - | RYQ31: RETIRO DE MATERIAL SOBRANTE EN VOLQUETA, CARGUE MANUAL | RYR31: Actividad | RYS31: M3 | RYV31: 34708 | RYW31: 002.032 | RYX31: - | RYY31: RETIRO DE MATERIAL SOBRANTE EN VOLQUETA, CARGUE MANUAL | RYZ31: Actividad | RZA31: M3 | RZD31: 34708 | RZE31: 002.032 | RZF31: - | RZG31: RETIRO DE MATERIAL SOBRANTE EN VOLQUETA, CARGUE MANUAL | RZH31: Actividad | RZI31: M3 | RZL31: 34708 | RZM31: 002.032 | RZN31: - | RZO31: RETIRO DE MATERIAL SOBRANTE EN VOLQUETA, CARGUE MANUAL | RZP31: Actividad | RZQ31: M3 | RZT31: 34708 | RZU31: 002.032 | RZV31: - | RZW31: RETIRO DE MATERIAL SOBRANTE EN VOLQUETA, CARGUE MANUAL | RZX31: Actividad | RZY31: M3 | SAB31: 34708 | SAC31: 002.032 | SAD31: - | SAE31: RETIRO DE MATERIAL SOBRANTE EN VOLQUETA, CARGUE MANUAL | SAF31: Actividad | SAG31: M3 | SAJ31: 34708 | SAK31: 002.032 | SAL31: - | SAM31: RETIRO DE MATERIAL SOBRANTE EN VOLQUETA, CARGUE MANUAL | SAN31: Actividad | SAO31: M3 | SAR31: 34708 | SAS31: 002.032 | SAT31: - | SAU31: RETIRO DE MATERIAL SOBRANTE EN VOLQUETA, CARGUE MANUAL | SAV31: Actividad | SAW31: M3 | SAZ31: 34708 | SBA31: 002.032 | SBB31: - | SBC31: RETIRO DE MATERIAL SOBRANTE EN VOLQUETA, CARGUE MANUAL | SBD31: Actividad | SBE31: M3 | SBH31: 34708 | SBI31: 002.032 | SBJ31: - | SBK31: RETIRO DE MATERIAL SOBRANTE EN VOLQUETA, CARGUE MANUAL | SBL31: Actividad | SBM31: M3 | SBP31: 34708 | SBQ31: 002.032 | SBR31: - | SBS31: RETIRO DE MATERIAL SOBRANTE EN VOLQUETA, CARGUE MANUAL | SBT31: Actividad | SBU31: M3 | SBX31: 34708 | SBY31: 002.032 | SBZ31: - | SCA31: RETIRO DE MATERIAL SOBRANTE EN VOLQUETA, CARGUE MANUAL | SCB31: Actividad | SCC31: M3 | SCF31: 34708 | SCG31: 002.032 | SCH31: - | SCI31: RETIRO DE MATERIAL SOBRANTE EN VOLQUETA, CARGUE MANUAL | SCJ31: Actividad | SCK31: M3 | SCN31: 34708 | SCO31: 002.032 | SCP31: - | SCQ31: RETIRO DE MATERIAL SOBRANTE EN VOLQUETA, CARGUE MANUAL | SCR31: Actividad | SCS31: M3 | SCV31: 34708 | SCW31: 002.032 | SCX31: - | SCY31: RETIRO DE MATERIAL SOBRANTE EN VOLQUETA, CARGUE MANUAL | SCZ31: Actividad | SDA31: M3 | SDD31: 34708 | SDE31: 002.032 | SDF31: - | SDG31: RETIRO DE MATERIAL SOBRANTE EN VOLQUETA, CARGUE MANUAL | SDH31: Actividad | SDI31: M3 | SDL31: 34708 | SDM31: 002.032 | SDN31: - | SDO31: RETIRO DE MATERIAL SOBRANTE EN VOLQUETA, CARGUE MANUAL | SDP31: Actividad | SDQ31: M3 | SDT31: 34708 | SDU31: 002.032 | SDV31: - | SDW31: RETIRO DE MATERIAL SOBRANTE EN VOLQUETA, CARGUE MANUAL | SDX31: Actividad | SDY31: M3 | SEB31: 34708 | SEC31: 002.032 | SED31: - | SEE31: RETIRO DE MATERIAL SOBRANTE EN VOLQUETA, CARGUE MANUAL | SEF31: Actividad | SEG31: M3 | SEJ31: 34708 | SEK31: 002.032 | SEL31: - | SEM31: RETIRO DE MATERIAL SOBRANTE EN VOLQUETA, CARGUE MANUAL | SEN31: Actividad | SEO31: M3 | SER31: 34708 | SES31: 002.032 | SET31: - | SEU31: RETIRO DE MATERIAL SOBRANTE EN VOLQUETA, CARGUE MANUAL | SEV31: Actividad | SEW31: M3 | SEZ31: 34708 | SFA31: 002.032 | SFB31: - | SFC31: RETIRO DE MATERIAL SOBRANTE EN VOLQUETA, CARGUE MANUAL | SFD31: Actividad | SFE31: M3 | SFH31: 34708 | SFI31: 002.032 | SFJ31: - | SFK31: RETIRO DE MATERIAL SOBRANTE EN VOLQUETA, CARGUE MANUAL | SFL31: Actividad | SFM31: M3 | SFP31: 34708 | SFQ31: 002.032 | SFR31: - | SFS31: RETIRO DE MATERIAL SOBRANTE EN VOLQUETA, CARGUE MANUAL | SFT31: Actividad | SFU31: M3 | SFX31: 34708 | SFY31: 002.032 | SFZ31: - | SGA31: RETIRO DE MATERIAL SOBRANTE EN VOLQUETA, CARGUE MANUAL | SGB31: Actividad | SGC31: M3 | SGF31: 34708 | SGG31: 002.032 | SGH31: - | SGI31: RETIRO DE MATERIAL SOBRANTE EN VOLQUETA, CARGUE MANUAL | SGJ31: Actividad | SGK31: M3 | SGN31: 34708 | SGO31: 002.032 | SGP31: - | SGQ31: RETIRO DE MATERIAL SOBRANTE EN VOLQUETA, CARGUE MANUAL | SGR31: Actividad | SGS31: M3 | SGV31: 34708 | SGW31: 002.032 | SGX31: - | SGY31: RETIRO DE MATERIAL SOBRANTE EN VOLQUETA, CARGUE MANUAL | SGZ31: Actividad | SHA31: M3 | SHD31: 34708 | SHE31: 002.032 | SHF31: - | SHG31: RETIRO DE MATERIAL SOBRANTE EN VOLQUETA, CARGUE MANUAL | SHH31: Actividad | SHI31: M3 | SHL31: 34708 | SHM31: 002.032 | SHN31: - | SHO31: RETIRO DE MATERIAL SOBRANTE EN VOLQUETA, CARGUE MANUAL | SHP31: Actividad | SHQ31: M3 | SHT31: 34708 | SHU31: 002.032 | SHV31: - | SHW31: RETIRO DE MATERIAL SOBRANTE EN VOLQUETA, CARGUE MANUAL | SHX31: Actividad | SHY31: M3 | SIB31: 34708 | SIC31: 002.032 | SID31: - | SIE31: RETIRO DE MATERIAL SOBRANTE EN VOLQUETA, CARGUE MANUAL | SIF31: Actividad | SIG31: M3 | SIJ31: 34708 | SIK31: 002.032 | SIL31: - | SIM31: RETIRO DE MATERIAL SOBRANTE EN VOLQUETA, CARGUE MANUAL | SIN31: Actividad | SIO31: M3 | SIR31: 34708 | SIS31: 002.032 | SIT31: - | SIU31: RETIRO DE MATERIAL SOBRANTE EN VOLQUETA, CARGUE MANUAL | SIV31: Actividad | SIW31: M3 | SIZ31: 34708 | SJA31: 002.032 | SJB31: - | SJC31: RETIRO DE MATERIAL SOBRANTE EN VOLQUETA, CARGUE MANUAL | SJD31: Actividad | SJE31: M3 | SJH31: 34708 | SJI31: 002.032 | SJJ31: - | SJK31: RETIRO DE MATERIAL SOBRANTE EN VOLQUETA, CARGUE MANUAL | SJL31: Actividad | SJM31: M3 | SJP31: 34708 | SJQ31: 002.032 | SJR31: - | SJS31: RETIRO DE MATERIAL SOBRANTE EN VOLQUETA, CARGUE MANUAL | SJT31: Actividad | SJU31: M3 | SJX31: 34708 | SJY31: 002.032 | SJZ31: - | SKA31: RETIRO DE MATERIAL SOBRANTE EN VOLQUETA, CARGUE MANUAL | SKB31: Actividad | SKC31: M3 | SKF31: 34708 | SKG31: 002.032 | SKH31: - | SKI31: RETIRO DE MATERIAL SOBRANTE EN VOLQUETA, CARGUE MANUAL | SKJ31: Actividad | SKK31: M3 | SKN31: 34708 | SKO31: 002.032 | SKP31: - | SKQ31: RETIRO DE MATERIAL SOBRANTE EN VOLQUETA, CARGUE MANUAL | SKR31: Actividad | SKS31: M3 | SKV31: 34708 | SKW31: 002.032 | SKX31: - | SKY31: RETIRO DE MATERIAL SOBRANTE EN VOLQUETA, CARGUE MANUAL | SKZ31: Actividad | SLA31: M3 | SLD31: 34708 | SLE31: 002.032 | SLF31: - | SLG31: RETIRO DE MATERIAL SOBRANTE EN VOLQUETA, CARGUE MANUAL | SLH31: Actividad | SLI31: M3 | SLL31: 34708 | SLM31: 002.032 | SLN31: - | SLO31: RETIRO DE MATERIAL SOBRANTE EN VOLQUETA, CARGUE MANUAL | SLP31: Actividad | SLQ31: M3 | SLT31: 34708 | SLU31: 002.032 | SLV31: - | SLW31: RETIRO DE MATERIAL SOBRANTE EN VOLQUETA, CARGUE MANUAL | SLX31: Actividad | SLY31: M3 | SMB31: 34708 | SMC31: 002.032 | SMD31: - | SME31: RETIRO DE MATERIAL SOBRANTE EN VOLQUETA, CARGUE MANUAL | SMF31: Actividad | SMG31: M3 | SMJ31: 34708 | SMK31: 002.032 | SML31: - | SMM31: RETIRO DE MATERIAL SOBRANTE EN VOLQUETA, CARGUE MANUAL | SMN31: Actividad | SMO31: M3 | SMR31: 34708 | SMS31: 002.032 | SMT31: - | SMU31: RETIRO DE MATERIAL SOBRANTE EN VOLQUETA, CARGUE MANUAL | SMV31: Actividad | SMW31: M3 | SMZ31: 34708 | SNA31: 002.032 | SNB31: - | SNC31: RETIRO DE MATERIAL SOBRANTE EN VOLQUETA, CARGUE MANUAL | SND31: Actividad | SNE31: M3 | SNH31: 34708 | SNI31: 002.032 | SNJ31: - | SNK31: RETIRO DE MATERIAL SOBRANTE EN VOLQUETA, CARGUE MANUAL | SNL31: Actividad | SNM31: M3 | SNP31: 34708 | SNQ31: 002.032 | SNR31: - | SNS31: RETIRO DE MATERIAL SOBRANTE EN VOLQUETA, CARGUE MANUAL | SNT31: Actividad | SNU31: M3 | SNX31: 34708 | SNY31: 002.032 | SNZ31: - | SOA31: RETIRO DE MATERIAL SOBRANTE EN VOLQUETA, CARGUE MANUAL | SOB31: Actividad | SOC31: M3 | SOF31: 34708 | SOG31: 002.032 | SOH31: - | SOI31: RETIRO DE MATERIAL SOBRANTE EN VOLQUETA, CARGUE MANUAL | SOJ31: Actividad | SOK31: M3 | SON31: 34708 | SOO31: 002.032 | SOP31: - | SOQ31: RETIRO DE MATERIAL SOBRANTE EN VOLQUETA, CARGUE MANUAL | SOR31: Actividad | SOS31: M3 | SOV31: 34708 | SOW31: 002.032 | SOX31: - | SOY31: RETIRO DE MATERIAL SOBRANTE EN VOLQUETA, CARGUE MANUAL | SOZ31: Actividad | SPA31: M3 | SPD31: 34708 | SPE31: 002.032 | SPF31: - | SPG31: RETIRO DE MATERIAL SOBRANTE EN VOLQUETA, CARGUE MANUAL | SPH31: Actividad | SPI31: M3 | SPL31: 34708 | SPM31: 002.032 | SPN31: - | SPO31: RETIRO DE MATERIAL SOBRANTE EN VOLQUETA, CARGUE MANUAL | SPP31: Actividad | SPQ31: M3 | SPT31: 34708 | SPU31: 002.032 | SPV31: - | SPW31: RETIRO DE MATERIAL SOBRANTE EN VOLQUETA, CARGUE MANUAL | SPX31: Actividad | SPY31: M3 | SQB31: 34708 | SQC31: 002.032 | SQD31: - | SQE31: RETIRO DE MATERIAL SOBRANTE EN VOLQUETA, CARGUE MANUAL | SQF31: Actividad | SQG31: M3 | SQJ31: 34708 | SQK31: 002.032 | SQL31: - | SQM31: RETIRO DE MATERIAL SOBRANTE EN VOLQUETA, CARGUE MANUAL | SQN31: Actividad | SQO31: M3 | SQR31: 34708 | SQS31: 002.032 | SQT31: - | SQU31: RETIRO DE MATERIAL SOBRANTE EN VOLQUETA, CARGUE MANUAL | SQV31: Actividad | SQW31: M3 | SQZ31: 34708 | SRA31: 002.032 | SRB31: - | SRC31: RETIRO DE MATERIAL SOBRANTE EN VOLQUETA, CARGUE MANUAL | SRD31: Actividad | SRE31: M3 | SRH31: 34708 | SRI31: 002.032 | SRJ31: - | SRK31: RETIRO DE MATERIAL SOBRANTE EN VOLQUETA, CARGUE MANUAL | SRL31: Actividad | SRM31: M3 | SRP31: 34708 | SRQ31: 002.032 | SRR31: - | SRS31: RETIRO DE MATERIAL SOBRANTE EN VOLQUETA, CARGUE MANUAL | SRT31: Actividad | SRU31: M3 | SRX31: 34708 | SRY31: 002.032 | SRZ31: - | SSA31: RETIRO DE MATERIAL SOBRANTE EN VOLQUETA, CARGUE MANUAL | SSB31: Actividad | SSC31: M3 | SSF31: 34708 | SSG31: 002.032 | SSH31: - | SSI31: RETIRO DE MATERIAL SOBRANTE EN VOLQUETA, CARGUE MANUAL | SSJ31: Actividad | SSK31: M3 | SSN31: 34708 | SSO31: 002.032 | SSP31: - | SSQ31: RETIRO DE MATERIAL SOBRANTE EN VOLQUETA, CARGUE MANUAL | SSR31: Actividad | SSS31: M3 | SSV31: 34708 | SSW31: 002.032 | SSX31: - | SSY31: RETIRO DE MATERIAL SOBRANTE EN VOLQUETA, CARGUE MANUAL | SSZ31: Actividad | STA31: M3 | STD31: 34708 | STE31: 002.032 | STF31: - | STG31: RETIRO DE MATERIAL SOBRANTE EN VOLQUETA, CARGUE MANUAL | STH31: Actividad | STI31: M3 | STL31: 34708 | STM31: 002.032 | STN31: - | STO31: RETIRO DE MATERIAL SOBRANTE EN VOLQUETA, CARGUE MANUAL | STP31: Actividad | STQ31: M3 | STT31: 34708 | STU31: 002.032 | STV31: - | STW31: RETIRO DE MATERIAL SOBRANTE EN VOLQUETA, CARGUE MANUAL | STX31: Actividad | STY31: M3 | SUB31: 34708 | SUC31: 002.032 | SUD31: - | SUE31: RETIRO DE MATERIAL SOBRANTE EN VOLQUETA, CARGUE MANUAL | SUF31: Actividad | SUG31: M3 | SUJ31: 34708 | SUK31: 002.032 | SUL31: - | SUM31: RETIRO DE MATERIAL SOBRANTE EN VOLQUETA, CARGUE MANUAL | SUN31: Actividad | SUO31: M3 | SUR31: 34708 | SUS31: 002.032 | SUT31: - | SUU31: RETIRO DE MATERIAL SOBRANTE EN VOLQUETA, CARGUE MANUAL | SUV31: Actividad | SUW31: M3 | SUZ31: 34708 | SVA31: 002.032 | SVB31: - | SVC31: RETIRO DE MATERIAL SOBRANTE EN VOLQUETA, CARGUE MANUAL | SVD31: Actividad | SVE31: M3 | SVH31: 34708 | SVI31: 002.032 | SVJ31: - | SVK31: RETIRO DE MATERIAL SOBRANTE EN VOLQUETA, CARGUE MANUAL | SVL31: Actividad | SVM31: M3 | SVP31: 34708 | SVQ31: 002.032 | SVR31: - | SVS31: RETIRO DE MATERIAL SOBRANTE EN VOLQUETA, CARGUE MANUAL | SVT31: Actividad | SVU31: M3 | SVX31: 34708 | SVY31: 002.032 | SVZ31: - | SWA31: RETIRO DE MATERIAL SOBRANTE EN VOLQUETA, CARGUE MANUAL | SWB31: Actividad | SWC31: M3 | SWF31: 34708 | SWG31: 002.032 | SWH31: - | SWI31: RETIRO DE MATERIAL SOBRANTE EN VOLQUETA, CARGUE MANUAL | SWJ31: Actividad | SWK31: M3 | SWN31: 34708 | SWO31: 002.032 | SWP31: - | SWQ31: RETIRO DE MATERIAL SOBRANTE EN VOLQUETA, CARGUE MANUAL | SWR31: Actividad | SWS31: M3 | SWV31: 34708 | SWW31: 002.032 | SWX31: - | SWY31: RETIRO DE MATERIAL SOBRANTE EN VOLQUETA, CARGUE MANUAL | SWZ31: Actividad | SXA31: M3 | SXD31: 34708 | SXE31: 002.032 | SXF31: - | SXG31: RETIRO DE MATERIAL SOBRANTE EN VOLQUETA, CARGUE MANUAL | SXH31: Actividad | SXI31: M3 | SXL31: 34708 | SXM31: 002.032 | SXN31: - | SXO31: RETIRO DE MATERIAL SOBRANTE EN VOLQUETA, CARGUE MANUAL | SXP31: Actividad | SXQ31: M3 | SXT31: 34708 | SXU31: 002.032 | SXV31: - | SXW31: RETIRO DE MATERIAL SOBRANTE EN VOLQUETA, CARGUE MANUAL | SXX31: Actividad | SXY31: M3 | SYB31: 34708 | SYC31: 002.032 | SYD31: - | SYE31: RETIRO DE MATERIAL SOBRANTE EN VOLQUETA, CARGUE MANUAL | SYF31: Actividad | SYG31: M3 | SYJ31: 34708 | SYK31: 002.032 | SYL31: - | SYM31: RETIRO DE MATERIAL SOBRANTE EN VOLQUETA, CARGUE MANUAL | SYN31: Actividad | SYO31: M3 | SYR31: 34708 | SYS31: 002.032 | SYT31: - | SYU31: RETIRO DE MATERIAL SOBRANTE EN VOLQUETA, CARGUE MANUAL | SYV31: Actividad | SYW31: M3 | SYZ31: 34708 | SZA31: 002.032 | SZB31: - | SZC31: RETIRO DE MATERIAL SOBRANTE EN VOLQUETA, CARGUE MANUAL | SZD31: Actividad | SZE31: M3 | SZH31: 34708 | SZI31: 002.032 | SZJ31: - | SZK31: RETIRO DE MATERIAL SOBRANTE EN VOLQUETA, CARGUE MANUAL | SZL31: Actividad | SZM31: M3 | SZP31: 34708 | SZQ31: 002.032 | SZR31: - | SZS31: RETIRO DE MATERIAL SOBRANTE EN VOLQUETA, CARGUE MANUAL | SZT31: Actividad | SZU31: M3 | SZX31: 34708 | SZY31: 002.032 | SZZ31: - | TAA31: RETIRO DE MATERIAL SOBRANTE EN VOLQUETA, CARGUE MANUAL | TAB31: Actividad | TAC31: M3 | TAF31: 34708 | TAG31: 002.032 | TAH31: - | TAI31: RETIRO DE MATERIAL SOBRANTE EN VOLQUETA, CARGUE MANUAL | TAJ31: Actividad | TAK31: M3 | TAN31: 34708 | TAO31: 002.032 | TAP31: - | TAQ31: RETIRO DE MATERIAL SOBRANTE EN VOLQUETA, CARGUE MANUAL | TAR31: Actividad | TAS31: M3 | TAV31: 34708 | TAW31: 002.032 | TAX31: - | TAY31: RETIRO DE MATERIAL SOBRANTE EN VOLQUETA, CARGUE MANUAL | TAZ31: Actividad | TBA31: M3 | TBD31: 34708 | TBE31: 002.032 | TBF31: - | TBG31: RETIRO DE MATERIAL SOBRANTE EN VOLQUETA, CARGUE MANUAL | TBH31: Actividad | TBI31: M3 | TBL31: 34708 | TBM31: 002.032 | TBN31: - | TBO31: RETIRO DE MATERIAL SOBRANTE EN VOLQUETA, CARGUE MANUAL | TBP31: Actividad | TBQ31: M3 | TBT31: 34708 | TBU31: 002.032 | TBV31: - | TBW31: RETIRO DE MATERIAL SOBRANTE EN VOLQUETA, CARGUE MANUAL | TBX31: Actividad | TBY31: M3 | TCB31: 34708 | TCC31: 002.032 | TCD31: - | TCE31: RETIRO DE MATERIAL SOBRANTE EN VOLQUETA, CARGUE MANUAL | TCF31: Actividad | TCG31: M3 | TCJ31: 34708 | TCK31: 002.032 | TCL31: - | TCM31: RETIRO DE MATERIAL SOBRANTE EN VOLQUETA, CARGUE MANUAL | TCN31: Actividad | TCO31: M3 | TCR31: 34708 | TCS31: 002.032 | TCT31: - | TCU31: RETIRO DE MATERIAL SOBRANTE EN VOLQUETA, CARGUE MANUAL | TCV31: Actividad | TCW31: M3 | TCZ31: 34708 | TDA31: 002.032 | TDB31: - | TDC31: RETIRO DE MATERIAL SOBRANTE EN VOLQUETA, CARGUE MANUAL | TDD31: Actividad | TDE31: M3 | TDH31: 34708 | TDI31: 002.032 | TDJ31: - | TDK31: RETIRO DE MATERIAL SOBRANTE EN VOLQUETA, CARGUE MANUAL | TDL31: Actividad | TDM31: M3 | TDP31: 34708 | TDQ31: 002.032 | TDR31: - | TDS31: RETIRO DE MATERIAL SOBRANTE EN VOLQUETA, CARGUE MANUAL | TDT31: Actividad | TDU31: M3 | TDX31: 34708 | TDY31: 002.032 | TDZ31: - | TEA31: RETIRO DE MATERIAL SOBRANTE EN VOLQUETA, CARGUE MANUAL | TEB31: Actividad | TEC31: M3 | TEF31: 34708 | TEG31: 002.032 | TEH31: - | TEI31: RETIRO DE MATERIAL SOBRANTE EN VOLQUETA, CARGUE MANUAL | TEJ31: Actividad | TEK31: M3 | TEN31: 34708 | TEO31: 002.032 | TEP31: - | TEQ31: RETIRO DE MATERIAL SOBRANTE EN VOLQUETA, CARGUE MANUAL | TER31: Actividad | TES31: M3 | TEV31: 34708 | TEW31: 002.032 | TEX31: - | TEY31: RETIRO DE MATERIAL SOBRANTE EN VOLQUETA, CARGUE MANUAL | TEZ31: Actividad | TFA31: M3 | TFD31: 34708 | TFE31: 002.032 | TFF31: - | TFG31: RETIRO DE MATERIAL SOBRANTE EN VOLQUETA, CARGUE MANUAL | TFH31: Actividad | TFI31: M3 | TFL31: 34708 | TFM31: 002.032 | TFN31: - | TFO31: RETIRO DE MATERIAL SOBRANTE EN VOLQUETA, CARGUE MANUAL | TFP31: Actividad | TFQ31: M3 | TFT31: 34708 | TFU31: 002.032 | TFV31: - | TFW31: RETIRO DE MATERIAL SOBRANTE EN VOLQUETA, CARGUE MANUAL | TFX31: Actividad | TFY31: M3 | TGB31: 34708 | TGC31: 002.032 | TGD31: - | TGE31: RETIRO DE MATERIAL SOBRANTE EN VOLQUETA, CARGUE MANUAL | TGF31: Actividad | TGG31: M3 | TGJ31: 34708 | TGK31: 002.032 | TGL31: - | TGM31: RETIRO DE MATERIAL SOBRANTE EN VOLQUETA, CARGUE MANUAL | TGN31: Actividad | TGO31: M3 | TGR31: 34708 | TGS31: 002.032 | TGT31: - | TGU31: RETIRO DE MATERIAL SOBRANTE EN VOLQUETA, CARGUE MANUAL | TGV31: Actividad | TGW31: M3 | TGZ31: 34708 | THA31: 002.032 | THB31: - | THC31: RETIRO DE MATERIAL SOBRANTE EN VOLQUETA, CARGUE MANUAL | THD31: Actividad | THE31: M3 | THH31: 34708 | THI31: 002.032 | THJ31: - | THK31: RETIRO DE MATERIAL SOBRANTE EN VOLQUETA, CARGUE MANUAL | THL31: Actividad | THM31: M3 | THP31: 34708 | THQ31: 002.032 | THR31: - | THS31: RETIRO DE MATERIAL SOBRANTE EN VOLQUETA, CARGUE MANUAL | THT31: Actividad | THU31: M3 | THX31: 34708 | THY31: 002.032 | THZ31: - | TIA31: RETIRO DE MATERIAL SOBRANTE EN VOLQUETA, CARGUE MANUAL | TIB31: Actividad | TIC31: M3 | TIF31: 34708 | TIG31: 002.032 | TIH31: - | TII31: RETIRO DE MATERIAL SOBRANTE EN VOLQUETA, CARGUE MANUAL | TIJ31: Actividad | TIK31: M3 | TIN31: 34708 | TIO31: 002.032 | TIP31: - | TIQ31: RETIRO DE MATERIAL SOBRANTE EN VOLQUETA, CARGUE MANUAL | TIR31: Actividad | TIS31: M3 | TIV31: 34708 | TIW31: 002.032 | TIX31: - | TIY31: RETIRO DE MATERIAL SOBRANTE EN VOLQUETA, CARGUE MANUAL | TIZ31: Actividad | TJA31: M3 | TJD31: 34708 | TJE31: 002.032 | TJF31: - | TJG31: RETIRO DE MATERIAL SOBRANTE EN VOLQUETA, CARGUE MANUAL | TJH31: Actividad | TJI31: M3 | TJL31: 34708 | TJM31: 002.032 | TJN31: - | TJO31: RETIRO DE MATERIAL SOBRANTE EN VOLQUETA, CARGUE MANUAL | TJP31: Actividad | TJQ31: M3 | TJT31: 34708 | TJU31: 002.032 | TJV31: - | TJW31: RETIRO DE MATERIAL SOBRANTE EN VOLQUETA, CARGUE MANUAL | TJX31: Actividad | TJY31: M3 | TKB31: 34708 | TKC31: 002.032 | TKD31: - | TKE31: RETIRO DE MATERIAL SOBRANTE EN VOLQUETA, CARGUE MANUAL | TKF31: Actividad | TKG31: M3 | TKJ31: 34708 | TKK31: 002.032 | TKL31: - | TKM31: RETIRO DE MATERIAL SOBRANTE EN VOLQUETA, CARGUE MANUAL | TKN31: Actividad | TKO31: M3 | TKR31: 34708 | TKS31: 002.032 | TKT31: - | TKU31: RETIRO DE MATERIAL SOBRANTE EN VOLQUETA, CARGUE MANUAL | TKV31: Actividad | TKW31: M3 | TKZ31: 34708 | TLA31: 002.032 | TLB31: - | TLC31: RETIRO DE MATERIAL SOBRANTE EN VOLQUETA, CARGUE MANUAL | TLD31: Actividad | TLE31: M3 | TLH31: 34708 | TLI31: 002.032 | TLJ31: - | TLK31: RETIRO DE MATERIAL SOBRANTE EN VOLQUETA, CARGUE MANUAL | TLL31: Actividad | TLM31: M3 | TLP31: 34708 | TLQ31: 002.032 | TLR31: - | TLS31: RETIRO DE MATERIAL SOBRANTE EN VOLQUETA, CARGUE MANUAL | TLT31: Actividad | TLU31: M3 | TLX31: 34708 | TLY31: 002.032 | TLZ31: - | TMA31: RETIRO DE MATERIAL SOBRANTE EN VOLQUETA, CARGUE MANUAL | TMB31: Actividad | TMC31: M3 | TMF31: 34708 | TMG31: 002.032 | TMH31: - | TMI31: RETIRO DE MATERIAL SOBRANTE EN VOLQUETA, CARGUE MANUAL | TMJ31: Actividad | TMK31: M3 | TMN31: 34708 | TMO31: 002.032 | TMP31: - | TMQ31: RETIRO DE MATERIAL SOBRANTE EN VOLQUETA, CARGUE MANUAL | TMR31: Actividad | TMS31: M3 | TMV31: 34708 | TMW31: 002.032 | TMX31: - | TMY31: RETIRO DE MATERIAL SOBRANTE EN VOLQUETA, CARGUE MANUAL | TMZ31: Actividad | TNA31: M3 | TND31: 34708 | TNE31: 002.032 | TNF31: - | TNG31: RETIRO DE MATERIAL SOBRANTE EN VOLQUETA, CARGUE MANUAL | TNH31: Actividad | TNI31: M3 | TNL31: 34708 | TNM31: 002.032 | TNN31: - | TNO31: RETIRO DE MATERIAL SOBRANTE EN VOLQUETA, CARGUE MANUAL | TNP31: Actividad | TNQ31: M3 | TNT31: 34708 | TNU31: 002.032 | TNV31: - | TNW31: RETIRO DE MATERIAL SOBRANTE EN VOLQUETA, CARGUE MANUAL | TNX31: Actividad | TNY31: M3 | TOB31: 34708 | TOC31: 002.032 | TOD31: - | TOE31: RETIRO DE MATERIAL SOBRANTE EN VOLQUETA, CARGUE MANUAL | TOF31: Actividad | TOG31: M3 | TOJ31: 34708 | TOK31: 002.032 | TOL31: - | TOM31: RETIRO DE MATERIAL SOBRANTE EN VOLQUETA, CARGUE MANUAL | TON31: Actividad | TOO31: M3 | TOR31: 34708 | TOS31: 002.032 | TOT31: - | TOU31: RETIRO DE MATERIAL SOBRANTE EN VOLQUETA, CARGUE MANUAL | TOV31: Actividad | TOW31: M3 | TOZ31: 34708 | TPA31: 002.032 | TPB31: - | TPC31: RETIRO DE MATERIAL SOBRANTE EN VOLQUETA, CARGUE MANUAL | TPD31: Actividad | TPE31: M3 | TPH31: 34708 | TPI31: 002.032 | TPJ31: - | TPK31: RETIRO DE MATERIAL SOBRANTE EN VOLQUETA, CARGUE MANUAL | TPL31: Actividad | TPM31: M3 | TPP31: 34708 | TPQ31: 002.032 | TPR31: - | TPS31: RETIRO DE MATERIAL SOBRANTE EN VOLQUETA, CARGUE MANUAL | TPT31: Actividad | TPU31: M3 | TPX31: 34708 | TPY31: 002.032 | TPZ31: - | TQA31: RETIRO DE MATERIAL SOBRANTE EN VOLQUETA, CARGUE MANUAL | TQB31: Actividad | TQC31: M3 | TQF31: 34708 | TQG31: 002.032 | TQH31: - | TQI31: RETIRO DE MATERIAL SOBRANTE EN VOLQUETA, CARGUE MANUAL | TQJ31: Actividad | TQK31: M3 | TQN31: 34708 | TQO31: 002.032 | TQP31: - | TQQ31: RETIRO DE MATERIAL SOBRANTE EN VOLQUETA, CARGUE MANUAL | TQR31: Actividad | TQS31: M3 | TQV31: 34708 | TQW31: 002.032 | TQX31: - | TQY31: RETIRO DE MATERIAL SOBRANTE EN VOLQUETA, CARGUE MANUAL | TQZ31: Actividad | TRA31: M3 | TRD31: 34708 | TRE31: 002.032 | TRF31: - | TRG31: RETIRO DE MATERIAL SOBRANTE EN VOLQUETA, CARGUE MANUAL | TRH31: Actividad | TRI31: M3 | TRL31: 34708 | TRM31: 002.032 | TRN31: - | TRO31: RETIRO DE MATERIAL SOBRANTE EN VOLQUETA, CARGUE MANUAL | TRP31: Actividad | TRQ31: M3 | TRT31: 34708 | TRU31: 002.032 | TRV31: - | TRW31: RETIRO DE MATERIAL SOBRANTE EN VOLQUETA, CARGUE MANUAL | TRX31: Actividad | TRY31: M3 | TSB31: 34708 | TSC31: 002.032 | TSD31: - | TSE31: RETIRO DE MATERIAL SOBRANTE EN VOLQUETA, CARGUE MANUAL | TSF31: Actividad | TSG31: M3 | TSJ31: 34708 | TSK31: 002.032 | TSL31: - | TSM31: RETIRO DE MATERIAL SOBRANTE EN VOLQUETA, CARGUE MANUAL | TSN31: Actividad | TSO31: M3 | TSR31: 34708 | TSS31: 002.032 | TST31: - | TSU31: RETIRO DE MATERIAL SOBRANTE EN VOLQUETA, CARGUE MANUAL | TSV31: Actividad | TSW31: M3 | TSZ31: 34708 | TTA31: 002.032 | TTB31: - | TTC31: RETIRO DE MATERIAL SOBRANTE EN VOLQUETA, CARGUE MANUAL | TTD31: Actividad | TTE31: M3 | TTH31: 34708 | TTI31: 002.032 | TTJ31: - | TTK31: RETIRO DE MATERIAL SOBRANTE EN VOLQUETA, CARGUE MANUAL | TTL31: Actividad | TTM31: M3 | TTP31: 34708 | TTQ31: 002.032 | TTR31: - | TTS31: RETIRO DE MATERIAL SOBRANTE EN VOLQUETA, CARGUE MANUAL | TTT31: Actividad | TTU31: M3 | TTX31: 34708 | TTY31: 002.032 | TTZ31: - | TUA31: RETIRO DE MATERIAL SOBRANTE EN VOLQUETA, CARGUE MANUAL | TUB31: Actividad | TUC31: M3 | TUF31: 34708 | TUG31: 002.032 | TUH31: - | TUI31: RETIRO DE MATERIAL SOBRANTE EN VOLQUETA, CARGUE MANUAL | TUJ31: Actividad | TUK31: M3 | TUN31: 34708 | TUO31: 002.032 | TUP31: - | TUQ31: RETIRO DE MATERIAL SOBRANTE EN VOLQUETA, CARGUE MANUAL | TUR31: Actividad | TUS31: M3 | TUV31: 34708 | TUW31: 002.032 | TUX31: - | TUY31: RETIRO DE MATERIAL SOBRANTE EN VOLQUETA, CARGUE MANUAL | TUZ31: Actividad | TVA31: M3 | TVD31: 34708 | TVE31: 002.032 | TVF31: - | TVG31: RETIRO DE MATERIAL SOBRANTE EN VOLQUETA, CARGUE MANUAL | TVH31: Actividad | TVI31: M3 | TVL31: 34708 | TVM31: 002.032 | TVN31: - | TVO31: RETIRO DE MATERIAL SOBRANTE EN VOLQUETA, CARGUE MANUAL | TVP31: Actividad | TVQ31: M3 | TVT31: 34708 | TVU31: 002.032 | TVV31: - | TVW31: RETIRO DE MATERIAL SOBRANTE EN VOLQUETA, CARGUE MANUAL | TVX31: Actividad | TVY31: M3 | TWB31: 34708 | TWC31: 002.032 | TWD31: - | TWE31: RETIRO DE MATERIAL SOBRANTE EN VOLQUETA, CARGUE MANUAL | TWF31: Actividad | TWG31: M3 | TWJ31: 34708 | TWK31: 002.032 | TWL31: - | TWM31: RETIRO DE MATERIAL SOBRANTE EN VOLQUETA, CARGUE MANUAL | TWN31: Actividad | TWO31: M3 | TWR31: 34708 | TWS31: 002.032 | TWT31: - | TWU31: RETIRO DE MATERIAL SOBRANTE EN VOLQUETA, CARGUE MANUAL | TWV31: Actividad | TWW31: M3 | TWZ31: 34708 | TXA31: 002.032 | TXB31: - | TXC31: RETIRO DE MATERIAL SOBRANTE EN VOLQUETA, CARGUE MANUAL | TXD31: Actividad | TXE31: M3 | TXH31: 34708 | TXI31: 002.032 | TXJ31: - | TXK31: RETIRO DE MATERIAL SOBRANTE EN VOLQUETA, CARGUE MANUAL | TXL31: Actividad | TXM31: M3 | TXP31: 34708 | TXQ31: 002.032 | TXR31: - | TXS31: RETIRO DE MATERIAL SOBRANTE EN VOLQUETA, CARGUE MANUAL | TXT31: Actividad | TXU31: M3 | TXX31: 34708 | TXY31: 002.032 | TXZ31: - | TYA31: RETIRO DE MATERIAL SOBRANTE EN VOLQUETA, CARGUE MANUAL | TYB31: Actividad | TYC31: M3 | TYF31: 34708 | TYG31: 002.032 | TYH31: - | TYI31: RETIRO DE MATERIAL SOBRANTE EN VOLQUETA, CARGUE MANUAL | TYJ31: Actividad | TYK31: M3 | TYN31: 34708 | TYO31: 002.032 | TYP31: - | TYQ31: RETIRO DE MATERIAL SOBRANTE EN VOLQUETA, CARGUE MANUAL | TYR31: Actividad | TYS31: M3 | TYV31: 34708 | TYW31: 002.032 | TYX31: - | TYY31: RETIRO DE MATERIAL SOBRANTE EN VOLQUETA, CARGUE MANUAL | TYZ31: Actividad | TZA31: M3 | TZD31: 34708 | TZE31: 002.032 | TZF31: - | TZG31: RETIRO DE MATERIAL SOBRANTE EN VOLQUETA, CARGUE MANUAL | TZH31: Actividad | TZI31: M3 | TZL31: 34708 | TZM31: 002.032 | TZN31: - | TZO31: RETIRO DE MATERIAL SOBRANTE EN VOLQUETA, CARGUE MANUAL | TZP31: Actividad | TZQ31: M3 | TZT31: 34708 | TZU31: 002.032 | TZV31: - | TZW31: RETIRO DE MATERIAL SOBRANTE EN VOLQUETA, CARGUE MANUAL | TZX31: Actividad | TZY31: M3 | UAB31: 34708 | UAC31: 002.032 | UAD31: - | UAE31: RETIRO DE MATERIAL SOBRANTE EN VOLQUETA, CARGUE MANUAL | UAF31: Actividad | UAG31: M3 | UAJ31: 34708 | UAK31: 002.032 | UAL31: - | UAM31: RETIRO DE MATERIAL SOBRANTE EN VOLQUETA, CARGUE MANUAL | UAN31: Actividad | UAO31: M3 | UAR31: 34708 | UAS31: 002.032 | UAT31: - | UAU31: RETIRO DE MATERIAL SOBRANTE EN VOLQUETA, CARGUE MANUAL | UAV31: Actividad | UAW31: M3 | UAZ31: 34708 | UBA31: 002.032 | UBB31: - | UBC31: RETIRO DE MATERIAL SOBRANTE EN VOLQUETA, CARGUE MANUAL | UBD31: Actividad | UBE31: M3 | UBH31: 34708 | UBI31: 002.032 | UBJ31: - | UBK31: RETIRO DE MATERIAL SOBRANTE EN VOLQUETA, CARGUE MANUAL | UBL31: Actividad | UBM31: M3 | UBP31: 34708 | UBQ31: 002.032 | UBR31: - | UBS31: RETIRO DE MATERIAL SOBRANTE EN VOLQUETA, CARGUE MANUAL | UBT31: Actividad | UBU31: M3 | UBX31: 34708 | UBY31: 002.032 | UBZ31: - | UCA31: RETIRO DE MATERIAL SOBRANTE EN VOLQUETA, CARGUE MANUAL | UCB31: Actividad | UCC31: M3 | UCF31: 34708 | UCG31: 002.032 | UCH31: - | UCI31: RETIRO DE MATERIAL SOBRANTE EN VOLQUETA, CARGUE MANUAL | UCJ31: Actividad | UCK31: M3 | UCN31: 34708 | UCO31: 002.032 | UCP31: - | UCQ31: RETIRO DE MATERIAL SOBRANTE EN VOLQUETA, CARGUE MANUAL | UCR31: Actividad | UCS31: M3 | UCV31: 34708 | UCW31: 002.032 | UCX31: - | UCY31: RETIRO DE MATERIAL SOBRANTE EN VOLQUETA, CARGUE MANUAL | UCZ31: Actividad | UDA31: M3 | UDD31: 34708 | UDE31: 002.032 | UDF31: - | UDG31: RETIRO DE MATERIAL SOBRANTE EN VOLQUETA, CARGUE MANUAL | UDH31: Actividad | UDI31: M3 | UDL31: 34708 | UDM31: 002.032 | UDN31: - | UDO31: RETIRO DE MATERIAL SOBRANTE EN VOLQUETA, CARGUE MANUAL | UDP31: Actividad | UDQ31: M3 | UDT31: 34708 | UDU31: 002.032 | UDV31: - | UDW31: RETIRO DE MATERIAL SOBRANTE EN VOLQUETA, CARGUE MANUAL | UDX31: Actividad | UDY31: M3 | UEB31: 34708 | UEC31: 002.032 | UED31: - | UEE31: RETIRO DE MATERIAL SOBRANTE EN VOLQUETA, CARGUE MANUAL | UEF31: Actividad | UEG31: M3 | UEJ31: 34708 | UEK31: 002.032 | UEL31: - | UEM31: RETIRO DE MATERIAL SOBRANTE EN VOLQUETA, CARGUE MANUAL | UEN31: Actividad | UEO31: M3 | UER31: 34708 | UES31: 002.032 | UET31: - | UEU31: RETIRO DE MATERIAL SOBRANTE EN VOLQUETA, CARGUE MANUAL | UEV31: Actividad | UEW31: M3 | UEZ31: 34708 | UFA31: 002.032 | UFB31: - | UFC31: RETIRO DE MATERIAL SOBRANTE EN VOLQUETA, CARGUE MANUAL | UFD31: Actividad | UFE31: M3 | UFH31: 34708 | UFI31: 002.032 | UFJ31: - | UFK31: RETIRO DE MATERIAL SOBRANTE EN VOLQUETA, CARGUE MANUAL | UFL31: Actividad | UFM31: M3 | UFP31: 34708 | UFQ31: 002.032 | UFR31: - | UFS31: RETIRO DE MATERIAL SOBRANTE EN VOLQUETA, CARGUE MANUAL | UFT31: Actividad | UFU31: M3 | UFX31: 34708 | UFY31: 002.032 | UFZ31: - | UGA31: RETIRO DE MATERIAL SOBRANTE EN VOLQUETA, CARGUE MANUAL | UGB31: Actividad | UGC31: M3 | UGF31: 34708 | UGG31: 002.032 | UGH31: - | UGI31: RETIRO DE MATERIAL SOBRANTE EN VOLQUETA, CARGUE MANUAL | UGJ31: Actividad | UGK31: M3 | UGN31: 34708 | UGO31: 002.032 | UGP31: - | UGQ31: RETIRO DE MATERIAL SOBRANTE EN VOLQUETA, CARGUE MANUAL | UGR31: Actividad | UGS31: M3 | UGV31: 34708 | UGW31: 002.032 | UGX31: - | UGY31: RETIRO DE MATERIAL SOBRANTE EN VOLQUETA, CARGUE MANUAL | UGZ31: Actividad | UHA31: M3 | UHD31: 34708 | UHE31: 002.032 | UHF31: - | UHG31: RETIRO DE MATERIAL SOBRANTE EN VOLQUETA, CARGUE MANUAL | UHH31: Actividad | UHI31: M3 | UHL31: 34708 | UHM31: 002.032 | UHN31: - | UHO31: RETIRO DE MATERIAL SOBRANTE EN VOLQUETA, CARGUE MANUAL | UHP31: Actividad | UHQ31: M3 | UHT31: 34708 | UHU31: 002.032 | UHV31: - | UHW31: RETIRO DE MATERIAL SOBRANTE EN VOLQUETA, CARGUE MANUAL | UHX31: Actividad | UHY31: M3 | UIB31: 34708 | UIC31: 002.032 | UID31: - | UIE31: RETIRO DE MATERIAL SOBRANTE EN VOLQUETA, CARGUE MANUAL | UIF31: Actividad | UIG31: M3 | UIJ31: 34708 | UIK31: 002.032 | UIL31: - | UIM31: RETIRO DE MATERIAL SOBRANTE EN VOLQUETA, CARGUE MANUAL | UIN31: Actividad | UIO31: M3 | UIR31: 34708 | UIS31: 002.032 | UIT31: - | UIU31: RETIRO DE MATERIAL SOBRANTE EN VOLQUETA, CARGUE MANUAL | UIV31: Actividad | UIW31: M3 | UIZ31: 34708 | UJA31: 002.032 | UJB31: - | UJC31: RETIRO DE MATERIAL SOBRANTE EN VOLQUETA, CARGUE MANUAL | UJD31: Actividad | UJE31: M3 | UJH31: 34708 | UJI31: 002.032 | UJJ31: - | UJK31: RETIRO DE MATERIAL SOBRANTE EN VOLQUETA, CARGUE MANUAL | UJL31: Actividad | UJM31: M3 | UJP31: 34708 | UJQ31: 002.032 | UJR31: - | UJS31: RETIRO DE MATERIAL SOBRANTE EN VOLQUETA, CARGUE MANUAL | UJT31: Actividad | UJU31: M3 | UJX31: 34708 | UJY31: 002.032 | UJZ31: - | UKA31: RETIRO DE MATERIAL SOBRANTE EN VOLQUETA, CARGUE MANUAL | UKB31: Actividad | UKC31: M3 | UKF31: 34708 | UKG31: 002.032 | UKH31: - | UKI31: RETIRO DE MATERIAL SOBRANTE EN VOLQUETA, CARGUE MANUAL | UKJ31: Actividad | UKK31: M3 | UKN31: 34708 | UKO31: 002.032 | UKP31: - | UKQ31: RETIRO DE MATERIAL SOBRANTE EN VOLQUETA, CARGUE MANUAL | UKR31: Actividad | UKS31: M3 | UKV31: 34708 | UKW31: 002.032 | UKX31: - | UKY31: RETIRO DE MATERIAL SOBRANTE EN VOLQUETA, CARGUE MANUAL | UKZ31: Actividad | ULA31: M3 | ULD31: 34708 | ULE31: 002.032 | ULF31: - | ULG31: RETIRO DE MATERIAL SOBRANTE EN VOLQUETA, CARGUE MANUAL | ULH31: Actividad | ULI31: M3 | ULL31: 34708 | ULM31: 002.032 | ULN31: - | ULO31: RETIRO DE MATERIAL SOBRANTE EN VOLQUETA, CARGUE MANUAL | ULP31: Actividad | ULQ31: M3 | ULT31: 34708 | ULU31: 002.032 | ULV31: - | ULW31: RETIRO DE MATERIAL SOBRANTE EN VOLQUETA, CARGUE MANUAL | ULX31: Actividad | ULY31: M3 | UMB31: 34708 | UMC31: 002.032 | UMD31: - | UME31: RETIRO DE MATERIAL SOBRANTE EN VOLQUETA, CARGUE MANUAL | UMF31: Actividad | UMG31: M3 | UMJ31: 34708 | UMK31: 002.032 | UML31: - | UMM31: RETIRO DE MATERIAL SOBRANTE EN VOLQUETA, CARGUE MANUAL | UMN31: Actividad | UMO31: M3 | UMR31: 34708 | UMS31: 002.032 | UMT31: - | UMU31: RETIRO DE MATERIAL SOBRANTE EN VOLQUETA, CARGUE MANUAL | UMV31: Actividad | UMW31: M3 | UMZ31: 34708 | UNA31: 002.032 | UNB31: - | UNC31: RETIRO DE MATERIAL SOBRANTE EN VOLQUETA, CARGUE MANUAL | UND31: Actividad | UNE31: M3 | UNH31: 34708 | UNI31: 002.032 | UNJ31: - | UNK31: RETIRO DE MATERIAL SOBRANTE EN VOLQUETA, CARGUE MANUAL | UNL31: Actividad | UNM31: M3 | UNP31: 34708 | UNQ31: 002.032 | UNR31: - | UNS31: RETIRO DE MATERIAL SOBRANTE EN VOLQUETA, CARGUE MANUAL | UNT31: Actividad | UNU31: M3 | UNX31: 34708 | UNY31: 002.032 | UNZ31: - | UOA31: RETIRO DE MATERIAL SOBRANTE EN VOLQUETA, CARGUE MANUAL | UOB31: Actividad | UOC31: M3 | UOF31: 34708 | UOG31: 002.032 | UOH31: - | UOI31: RETIRO DE MATERIAL SOBRANTE EN VOLQUETA, CARGUE MANUAL | UOJ31: Actividad | UOK31: M3 | UON31: 34708 | UOO31: 002.032 | UOP31: - | UOQ31: RETIRO DE MATERIAL SOBRANTE EN VOLQUETA, CARGUE MANUAL | UOR31: Actividad | UOS31: M3 | UOV31: 34708 | UOW31: 002.032 | UOX31: - | UOY31: RETIRO DE MATERIAL SOBRANTE EN VOLQUETA, CARGUE MANUAL | UOZ31: Actividad | UPA31: M3 | UPD31: 34708 | UPE31: 002.032 | UPF31: - | UPG31: RETIRO DE MATERIAL SOBRANTE EN VOLQUETA, CARGUE MANUAL | UPH31: Actividad | UPI31: M3 | UPL31: 34708 | UPM31: 002.032 | UPN31: - | UPO31: RETIRO DE MATERIAL SOBRANTE EN VOLQUETA, CARGUE MANUAL | UPP31: Actividad | UPQ31: M3 | UPT31: 34708 | UPU31: 002.032 | UPV31: - | UPW31: RETIRO DE MATERIAL SOBRANTE EN VOLQUETA, CARGUE MANUAL | UPX31: Actividad | UPY31: M3 | UQB31: 34708 | UQC31: 002.032 | UQD31: - | UQE31: RETIRO DE MATERIAL SOBRANTE EN VOLQUETA, CARGUE MANUAL | UQF31: Actividad | UQG31: M3 | UQJ31: 34708 | UQK31: 002.032 | UQL31: - | UQM31: RETIRO DE MATERIAL SOBRANTE EN VOLQUETA, CARGUE MANUAL | UQN31: Actividad | UQO31: M3 | UQR31: 34708 | UQS31: 002.032 | UQT31: - | UQU31: RETIRO DE MATERIAL SOBRANTE EN VOLQUETA, CARGUE MANUAL | UQV31: Actividad | UQW31: M3 | UQZ31: 34708 | URA31: 002.032 | URB31: - | URC31: RETIRO DE MATERIAL SOBRANTE EN VOLQUETA, CARGUE MANUAL | URD31: Actividad | URE31: M3 | URH31: 34708 | URI31: 002.032 | URJ31: - | URK31: RETIRO DE MATERIAL SOBRANTE EN VOLQUETA, CARGUE MANUAL | URL31: Actividad | URM31: M3 | URP31: 34708 | URQ31: 002.032 | URR31: - | URS31: RETIRO DE MATERIAL SOBRANTE EN VOLQUETA, CARGUE MANUAL | URT31: Actividad | URU31: M3 | URX31: 34708 | URY31: 002.032 | URZ31: - | USA31: RETIRO DE MATERIAL SOBRANTE EN VOLQUETA, CARGUE MANUAL | USB31: Actividad | USC31: M3 | USF31: 34708 | USG31: 002.032 | USH31: - | USI31: RETIRO DE MATERIAL SOBRANTE EN VOLQUETA, CARGUE MANUAL | USJ31: Actividad | USK31: M3 | USN31: 34708 | USO31: 002.032 | USP31: - | USQ31: RETIRO DE MATERIAL SOBRANTE EN VOLQUETA, CARGUE MANUAL | USR31: Actividad | USS31: M3 | USV31: 34708 | USW31: 002.032 | USX31: - | USY31: RETIRO DE MATERIAL SOBRANTE EN VOLQUETA, CARGUE MANUAL | USZ31: Actividad | UTA31: M3 | UTD31: 34708 | UTE31: 002.032 | UTF31: - | UTG31: RETIRO DE MATERIAL SOBRANTE EN VOLQUETA, CARGUE MANUAL | UTH31: Actividad | UTI31: M3 | UTL31: 34708 | UTM31: 002.032 | UTN31: - | UTO31: RETIRO DE MATERIAL SOBRANTE EN VOLQUETA, CARGUE MANUAL | UTP31: Actividad | UTQ31: M3 | UTT31: 34708 | UTU31: 002.032 | UTV31: - | UTW31: RETIRO DE MATERIAL SOBRANTE EN VOLQUETA, CARGUE MANUAL | UTX31: Actividad | UTY31: M3 | UUB31: 34708 | UUC31: 002.032 | UUD31: - | UUE31: RETIRO DE MATERIAL SOBRANTE EN VOLQUETA, CARGUE MANUAL | UUF31: Actividad | UUG31: M3 | UUJ31: 34708 | UUK31: 002.032 | UUL31: - | UUM31: RETIRO DE MATERIAL SOBRANTE EN VOLQUETA, CARGUE MANUAL | UUN31: Actividad | UUO31: M3 | UUR31: 34708 | UUS31: 002.032 | UUT31: - | UUU31: RETIRO DE MATERIAL SOBRANTE EN VOLQUETA, CARGUE MANUAL | UUV31: Actividad | UUW31: M3 | UUZ31: 34708 | UVA31: 002.032 | UVB31: - | UVC31: RETIRO DE MATERIAL SOBRANTE EN VOLQUETA, CARGUE MANUAL | UVD31: Actividad | UVE31: M3 | UVH31: 34708 | UVI31: 002.032 | UVJ31: - | UVK31: RETIRO DE MATERIAL SOBRANTE EN VOLQUETA, CARGUE MANUAL | UVL31: Actividad | UVM31: M3 | UVP31: 34708 | UVQ31: 002.032 | UVR31: - | UVS31: RETIRO DE MATERIAL SOBRANTE EN VOLQUETA, CARGUE MANUAL | UVT31: Actividad | UVU31: M3 | UVX31: 34708 | UVY31: 002.032 | UVZ31: - | UWA31: RETIRO DE MATERIAL SOBRANTE EN VOLQUETA, CARGUE MANUAL | UWB31: Actividad | UWC31: M3 | UWF31: 34708 | UWG31: 002.032 | UWH31: - | UWI31: RETIRO DE MATERIAL SOBRANTE EN VOLQUETA, CARGUE MANUAL | UWJ31: Actividad | UWK31: M3 | UWN31: 34708 | UWO31: 002.032 | UWP31: - | UWQ31: RETIRO DE MATERIAL SOBRANTE EN VOLQUETA, CARGUE MANUAL | UWR31: Actividad | UWS31: M3 | UWV31: 34708 | UWW31: 002.032 | UWX31: - | UWY31: RETIRO DE MATERIAL SOBRANTE EN VOLQUETA, CARGUE MANUAL | UWZ31: Actividad | UXA31: M3 | UXD31: 34708 | UXE31: 002.032 | UXF31: - | UXG31: RETIRO DE MATERIAL SOBRANTE EN VOLQUETA, CARGUE MANUAL | UXH31: Actividad | UXI31: M3 | UXL31: 34708 | UXM31: 002.032 | UXN31: - | UXO31: RETIRO DE MATERIAL SOBRANTE EN VOLQUETA, CARGUE MANUAL | UXP31: Actividad | UXQ31: M3 | UXT31: 34708 | UXU31: 002.032 | UXV31: - | UXW31: RETIRO DE MATERIAL SOBRANTE EN VOLQUETA, CARGUE MANUAL | UXX31: Actividad | UXY31: M3 | UYB31: 34708 | UYC31: 002.032 | UYD31: - | UYE31: RETIRO DE MATERIAL SOBRANTE EN VOLQUETA, CARGUE MANUAL | UYF31: Actividad | UYG31: M3 | UYJ31: 34708 | UYK31: 002.032 | UYL31: - | UYM31: RETIRO DE MATERIAL SOBRANTE EN VOLQUETA, CARGUE MANUAL | UYN31: Actividad | UYO31: M3 | UYR31: 34708 | UYS31: 002.032 | UYT31: - | UYU31: RETIRO DE MATERIAL SOBRANTE EN VOLQUETA, CARGUE MANUAL | UYV31: Actividad | UYW31: M3 | UYZ31: 34708 | UZA31: 002.032 | UZB31: - | UZC31: RETIRO DE MATERIAL SOBRANTE EN VOLQUETA, CARGUE MANUAL | UZD31: Actividad | UZE31: M3 | UZH31: 34708 | UZI31: 002.032 | UZJ31: - | UZK31: RETIRO DE MATERIAL SOBRANTE EN VOLQUETA, CARGUE MANUAL | UZL31: Actividad | UZM31: M3 | UZP31: 34708 | UZQ31: 002.032 | UZR31: - | UZS31: RETIRO DE MATERIAL SOBRANTE EN VOLQUETA, CARGUE MANUAL | UZT31: Actividad | UZU31: M3 | UZX31: 34708 | UZY31: 002.032 | UZZ31: - | VAA31: RETIRO DE MATERIAL SOBRANTE EN VOLQUETA, CARGUE MANUAL | VAB31: Actividad | VAC31: M3 | VAF31: 34708 | VAG31: 002.032 | VAH31: - | VAI31: RETIRO DE MATERIAL SOBRANTE EN VOLQUETA, CARGUE MANUAL | VAJ31: Actividad | VAK31: M3 | VAN31: 34708 | VAO31: 002.032 | VAP31: - | VAQ31: RETIRO DE MATERIAL SOBRANTE EN VOLQUETA, CARGUE MANUAL | VAR31: Actividad | VAS31: M3 | VAV31: 34708 | VAW31: 002.032 | VAX31: - | VAY31: RETIRO DE MATERIAL SOBRANTE EN VOLQUETA, CARGUE MANUAL | VAZ31: Actividad | VBA31: M3 | VBD31: 34708 | VBE31: 002.032 | VBF31: - | VBG31: RETIRO DE MATERIAL SOBRANTE EN VOLQUETA, CARGUE MANUAL | VBH31: Actividad | VBI31: M3 | VBL31: 34708 | VBM31: 002.032 | VBN31: - | VBO31: RETIRO DE MATERIAL SOBRANTE EN VOLQUETA, CARGUE MANUAL | VBP31: Actividad | VBQ31: M3 | VBT31: 34708 | VBU31: 002.032 | VBV31: - | VBW31: RETIRO DE MATERIAL SOBRANTE EN VOLQUETA, CARGUE MANUAL | VBX31: Actividad | VBY31: M3 | VCB31: 34708 | VCC31: 002.032 | VCD31: - | VCE31: RETIRO DE MATERIAL SOBRANTE EN VOLQUETA, CARGUE MANUAL | VCF31: Actividad | VCG31: M3 | VCJ31: 34708 | VCK31: 002.032 | VCL31: - | VCM31: RETIRO DE MATERIAL SOBRANTE EN VOLQUETA, CARGUE MANUAL | VCN31: Actividad | VCO31: M3 | VCR31: 34708 | VCS31: 002.032 | VCT31: - | VCU31: RETIRO DE MATERIAL SOBRANTE EN VOLQUETA, CARGUE MANUAL | VCV31: Actividad | VCW31: M3 | VCZ31: 34708 | VDA31: 002.032 | VDB31: - | VDC31: RETIRO DE MATERIAL SOBRANTE EN VOLQUETA, CARGUE MANUAL | VDD31: Actividad | VDE31: M3 | VDH31: 34708 | VDI31: 002.032 | VDJ31: - | VDK31: RETIRO DE MATERIAL SOBRANTE EN VOLQUETA, CARGUE MANUAL | VDL31: Actividad | VDM31: M3 | VDP31: 34708 | VDQ31: 002.032 | VDR31: - | VDS31: RETIRO DE MATERIAL SOBRANTE EN VOLQUETA, CARGUE MANUAL | VDT31: Actividad | VDU31: M3 | VDX31: 34708 | VDY31: 002.032 | VDZ31: - | VEA31: RETIRO DE MATERIAL SOBRANTE EN VOLQUETA, CARGUE MANUAL | VEB31: Actividad | VEC31: M3 | VEF31: 34708 | VEG31: 002.032 | VEH31: - | VEI31: RETIRO DE MATERIAL SOBRANTE EN VOLQUETA, CARGUE MANUAL | VEJ31: Actividad | VEK31: M3 | VEN31: 34708 | VEO31: 002.032 | VEP31: - | VEQ31: RETIRO DE MATERIAL SOBRANTE EN VOLQUETA, CARGUE MANUAL | VER31: Actividad | VES31: M3 | VEV31: 34708 | VEW31: 002.032 | VEX31: - | VEY31: RETIRO DE MATERIAL SOBRANTE EN VOLQUETA, CARGUE MANUAL | VEZ31: Actividad | VFA31: M3 | VFD31: 34708 | VFE31: 002.032 | VFF31: - | VFG31: RETIRO DE MATERIAL SOBRANTE EN VOLQUETA, CARGUE MANUAL | VFH31: Actividad | VFI31: M3 | VFL31: 34708 | VFM31: 002.032 | VFN31: - | VFO31: RETIRO DE MATERIAL SOBRANTE EN VOLQUETA, CARGUE MANUAL | VFP31: Actividad | VFQ31: M3 | VFT31: 34708 | VFU31: 002.032 | VFV31: - | VFW31: RETIRO DE MATERIAL SOBRANTE EN VOLQUETA, CARGUE MANUAL | VFX31: Actividad | VFY31: M3 | VGB31: 34708 | VGC31: 002.032 | VGD31: - | VGE31: RETIRO DE MATERIAL SOBRANTE EN VOLQUETA, CARGUE MANUAL | VGF31: Actividad | VGG31: M3 | VGJ31: 34708 | VGK31: 002.032 | VGL31: - | VGM31: RETIRO DE MATERIAL SOBRANTE EN VOLQUETA, CARGUE MANUAL | VGN31: Actividad | VGO31: M3 | VGR31: 34708 | VGS31: 002.032 | VGT31: - | VGU31: RETIRO DE MATERIAL SOBRANTE EN VOLQUETA, CARGUE MANUAL | VGV31: Actividad | VGW31: M3 | VGZ31: 34708 | VHA31: 002.032 | VHB31: - | VHC31: RETIRO DE MATERIAL SOBRANTE EN VOLQUETA, CARGUE MANUAL | VHD31: Actividad | VHE31: M3 | VHH31: 34708 | VHI31: 002.032 | VHJ31: - | VHK31: RETIRO DE MATERIAL SOBRANTE EN VOLQUETA, CARGUE MANUAL | VHL31: Actividad | VHM31: M3 | VHP31: 34708 | VHQ31: 002.032 | VHR31: - | VHS31: RETIRO DE MATERIAL SOBRANTE EN VOLQUETA, CARGUE MANUAL | VHT31: Actividad | VHU31: M3 | VHX31: 34708 | VHY31: 002.032 | VHZ31: - | VIA31: RETIRO DE MATERIAL SOBRANTE EN VOLQUETA, CARGUE MANUAL | VIB31: Actividad | VIC31: M3 | VIF31: 34708 | VIG31: 002.032 | VIH31: - | VII31: RETIRO DE MATERIAL SOBRANTE EN VOLQUETA, CARGUE MANUAL | VIJ31: Actividad | VIK31: M3 | VIN31: 34708 | VIO31: 002.032 | VIP31: - | VIQ31: RETIRO DE MATERIAL SOBRANTE EN VOLQUETA, CARGUE MANUAL | VIR31: Actividad | VIS31: M3 | VIV31: 34708 | VIW31: 002.032 | VIX31: - | VIY31: RETIRO DE MATERIAL SOBRANTE EN VOLQUETA, CARGUE MANUAL | VIZ31: Actividad | VJA31: M3 | VJD31: 34708 | VJE31: 002.032 | VJF31: - | VJG31: RETIRO DE MATERIAL SOBRANTE EN VOLQUETA, CARGUE MANUAL | VJH31: Actividad | VJI31: M3 | VJL31: 34708 | VJM31: 002.032 | VJN31: - | VJO31: RETIRO DE MATERIAL SOBRANTE EN VOLQUETA, CARGUE MANUAL | VJP31: Actividad | VJQ31: M3 | VJT31: 34708 | VJU31: 002.032 | VJV31: - | VJW31: RETIRO DE MATERIAL SOBRANTE EN VOLQUETA, CARGUE MANUAL | VJX31: Actividad | VJY31: M3 | VKB31: 34708 | VKC31: 002.032 | VKD31: - | VKE31: RETIRO DE MATERIAL SOBRANTE EN VOLQUETA, CARGUE MANUAL | VKF31: Actividad | VKG31: M3 | VKJ31: 34708 | VKK31: 002.032 | VKL31: - | VKM31: RETIRO DE MATERIAL SOBRANTE EN VOLQUETA, CARGUE MANUAL | VKN31: Actividad | VKO31: M3 | VKR31: 34708 | VKS31: 002.032 | VKT31: - | VKU31: RETIRO DE MATERIAL SOBRANTE EN VOLQUETA, CARGUE MANUAL | VKV31: Actividad | VKW31: M3 | VKZ31: 34708 | VLA31: 002.032 | VLB31: - | VLC31: RETIRO DE MATERIAL SOBRANTE EN VOLQUETA, CARGUE MANUAL | VLD31: Actividad | VLE31: M3 | VLH31: 34708 | VLI31: 002.032 | VLJ31: - | VLK31: RETIRO DE MATERIAL SOBRANTE EN VOLQUETA, CARGUE MANUAL | VLL31: Actividad | VLM31: M3 | VLP31: 34708 | VLQ31: 002.032 | VLR31: - | VLS31: RETIRO DE MATERIAL SOBRANTE EN VOLQUETA, CARGUE MANUAL | VLT31: Actividad | VLU31: M3 | VLX31: 34708 | VLY31: 002.032 | VLZ31: - | VMA31: RETIRO DE MATERIAL SOBRANTE EN VOLQUETA, CARGUE MANUAL | VMB31: Actividad | VMC31: M3 | VMF31: 34708 | VMG31: 002.032 | VMH31: - | VMI31: RETIRO DE MATERIAL SOBRANTE EN VOLQUETA, CARGUE MANUAL | VMJ31: Actividad | VMK31: M3 | VMN31: 34708 | VMO31: 002.032 | VMP31: - | VMQ31: RETIRO DE MATERIAL SOBRANTE EN VOLQUETA, CARGUE MANUAL | VMR31: Actividad | VMS31: M3 | VMV31: 34708 | VMW31: 002.032 | VMX31: - | VMY31: RETIRO DE MATERIAL SOBRANTE EN VOLQUETA, CARGUE MANUAL | VMZ31: Actividad | VNA31: M3 | VND31: 34708 | VNE31: 002.032 | VNF31: - | VNG31: RETIRO DE MATERIAL SOBRANTE EN VOLQUETA, CARGUE MANUAL | VNH31: Actividad | VNI31: M3 | VNL31: 34708 | VNM31: 002.032 | VNN31: - | VNO31: RETIRO DE MATERIAL SOBRANTE EN VOLQUETA, CARGUE MANUAL | VNP31: Actividad | VNQ31: M3 | VNT31: 34708 | VNU31: 002.032 | VNV31: - | VNW31: RETIRO DE MATERIAL SOBRANTE EN VOLQUETA, CARGUE MANUAL | VNX31: Actividad | VNY31: M3 | VOB31: 34708 | VOC31: 002.032 | VOD31: - | VOE31: RETIRO DE MATERIAL SOBRANTE EN VOLQUETA, CARGUE MANUAL | VOF31: Actividad | VOG31: M3 | VOJ31: 34708 | VOK31: 002.032 | VOL31: - | VOM31: RETIRO DE MATERIAL SOBRANTE EN VOLQUETA, CARGUE MANUAL | VON31: Actividad | VOO31: M3 | VOR31: 34708 | VOS31: 002.032 | VOT31: - | VOU31: RETIRO DE MATERIAL SOBRANTE EN VOLQUETA, CARGUE MANUAL | VOV31: Actividad | VOW31: M3 | VOZ31: 34708 | VPA31: 002.032 | VPB31: - | VPC31: RETIRO DE MATERIAL SOBRANTE EN VOLQUETA, CARGUE MANUAL | VPD31: Actividad | VPE31: M3 | VPH31: 34708 | VPI31: 002.032 | VPJ31: - | VPK31: RETIRO DE MATERIAL SOBRANTE EN VOLQUETA, CARGUE MANUAL | VPL31: Actividad | VPM31: M3 | VPP31: 34708 | VPQ31: 002.032 | VPR31: - | VPS31: RETIRO DE MATERIAL SOBRANTE EN VOLQUETA, CARGUE MANUAL | VPT31: Actividad | VPU31: M3 | VPX31: 34708 | VPY31: 002.032 | VPZ31: - | VQA31: RETIRO DE MATERIAL SOBRANTE EN VOLQUETA, CARGUE MANUAL | VQB31: Actividad | VQC31: M3 | VQF31: 34708 | VQG31: 002.032 | VQH31: - | VQI31: RETIRO DE MATERIAL SOBRANTE EN VOLQUETA, CARGUE MANUAL | VQJ31: Actividad | VQK31: M3 | VQN31: 34708 | VQO31: 002.032 | VQP31: - | VQQ31: RETIRO DE MATERIAL SOBRANTE EN VOLQUETA, CARGUE MANUAL | VQR31: Actividad | VQS31: M3 | VQV31: 34708 | VQW31: 002.032 | VQX31: - | VQY31: RETIRO DE MATERIAL SOBRANTE EN VOLQUETA, CARGUE MANUAL | VQZ31: Actividad | VRA31: M3 | VRD31: 34708 | VRE31: 002.032 | VRF31: - | VRG31: RETIRO DE MATERIAL SOBRANTE EN VOLQUETA, CARGUE MANUAL | VRH31: Actividad | VRI31: M3 | VRL31: 34708 | VRM31: 002.032 | VRN31: - | VRO31: RETIRO DE MATERIAL SOBRANTE EN VOLQUETA, CARGUE MANUAL | VRP31: Actividad | VRQ31: M3 | VRT31: 34708 | VRU31: 002.032 | VRV31: - | VRW31: RETIRO DE MATERIAL SOBRANTE EN VOLQUETA, CARGUE MANUAL | VRX31: Actividad | VRY31: M3 | VSB31: 34708 | VSC31: 002.032 | VSD31: - | VSE31: RETIRO DE MATERIAL SOBRANTE EN VOLQUETA, CARGUE MANUAL | VSF31: Actividad | VSG31: M3 | VSJ31: 34708 | VSK31: 002.032 | VSL31: - | VSM31: RETIRO DE MATERIAL SOBRANTE EN VOLQUETA, CARGUE MANUAL | VSN31: Actividad | VSO31: M3 | VSR31: 34708 | VSS31: 002.032 | VST31: - | VSU31: RETIRO DE MATERIAL SOBRANTE EN VOLQUETA, CARGUE MANUAL | VSV31: Actividad | VSW31: M3 | VSZ31: 34708 | VTA31: 002.032 | VTB31: - | VTC31: RETIRO DE MATERIAL SOBRANTE EN VOLQUETA, CARGUE MANUAL | VTD31: Actividad | VTE31: M3 | VTH31: 34708 | VTI31: 002.032 | VTJ31: - | VTK31: RETIRO DE MATERIAL SOBRANTE EN VOLQUETA, CARGUE MANUAL | VTL31: Actividad | VTM31: M3 | VTP31: 34708 | VTQ31: 002.032 | VTR31: - | VTS31: RETIRO DE MATERIAL SOBRANTE EN VOLQUETA, CARGUE MANUAL | VTT31: Actividad | VTU31: M3 | VTX31: 34708 | VTY31: 002.032 | VTZ31: - | VUA31: RETIRO DE MATERIAL SOBRANTE EN VOLQUETA, CARGUE MANUAL | VUB31: Actividad | VUC31: M3 | VUF31: 34708 | VUG31: 002.032 | VUH31: - | VUI31: RETIRO DE MATERIAL SOBRANTE EN VOLQUETA, CARGUE MANUAL | VUJ31: Actividad | VUK31: M3 | VUN31: 34708 | VUO31: 002.032 | VUP31: - | VUQ31: RETIRO DE MATERIAL SOBRANTE EN VOLQUETA, CARGUE MANUAL | VUR31: Actividad | VUS31: M3 | VUV31: 34708 | VUW31: 002.032 | VUX31: - | VUY31: RETIRO DE MATERIAL SOBRANTE EN VOLQUETA, CARGUE MANUAL | VUZ31: Actividad | VVA31: M3 | VVD31: 34708 | VVE31: 002.032 | VVF31: - | VVG31: RETIRO DE MATERIAL SOBRANTE EN VOLQUETA, CARGUE MANUAL | VVH31: Actividad | VVI31: M3 | VVL31: 34708 | VVM31: 002.032 | VVN31: - | VVO31: RETIRO DE MATERIAL SOBRANTE EN VOLQUETA, CARGUE MANUAL | VVP31: Actividad | VVQ31: M3 | VVT31: 34708 | VVU31: 002.032 | VVV31: - | VVW31: RETIRO DE MATERIAL SOBRANTE EN VOLQUETA, CARGUE MANUAL | VVX31: Actividad | VVY31: M3 | VWB31: 34708 | VWC31: 002.032 | VWD31: - | VWE31: RETIRO DE MATERIAL SOBRANTE EN VOLQUETA, CARGUE MANUAL | VWF31: Actividad | VWG31: M3 | VWJ31: 34708 | VWK31: 002.032 | VWL31: - | VWM31: RETIRO DE MATERIAL SOBRANTE EN VOLQUETA, CARGUE MANUAL | VWN31: Actividad | VWO31: M3 | VWR31: 34708 | VWS31: 002.032 | VWT31: - | VWU31: RETIRO DE MATERIAL SOBRANTE EN VOLQUETA, CARGUE MANUAL | VWV31: Actividad | VWW31: M3 | VWZ31: 34708 | VXA31: 002.032 | VXB31: - | VXC31: RETIRO DE MATERIAL SOBRANTE EN VOLQUETA, CARGUE MANUAL | VXD31: Actividad | VXE31: M3 | VXH31: 34708 | VXI31: 002.032 | VXJ31: - | VXK31: RETIRO DE MATERIAL SOBRANTE EN VOLQUETA, CARGUE MANUAL | VXL31: Actividad | VXM31: M3 | VXP31: 34708 | VXQ31: 002.032 | VXR31: - | VXS31: RETIRO DE MATERIAL SOBRANTE EN VOLQUETA, CARGUE MANUAL | VXT31: Actividad | VXU31: M3 | VXX31: 34708 | VXY31: 002.032 | VXZ31: - | VYA31: RETIRO DE MATERIAL SOBRANTE EN VOLQUETA, CARGUE MANUAL | VYB31: Actividad | VYC31: M3 | VYF31: 34708 | VYG31: 002.032 | VYH31: - | VYI31: RETIRO DE MATERIAL SOBRANTE EN VOLQUETA, CARGUE MANUAL | VYJ31: Actividad | VYK31: M3 | VYN31: 34708 | VYO31: 002.032 | VYP31: - | VYQ31: RETIRO DE MATERIAL SOBRANTE EN VOLQUETA, CARGUE MANUAL | VYR31: Actividad | VYS31: M3 | VYV31: 34708 | VYW31: 002.032 | VYX31: - | VYY31: RETIRO DE MATERIAL SOBRANTE EN VOLQUETA, CARGUE MANUAL | VYZ31: Actividad | VZA31: M3 | VZD31: 34708 | VZE31: 002.032 | VZF31: - | VZG31: RETIRO DE MATERIAL SOBRANTE EN VOLQUETA, CARGUE MANUAL | VZH31: Actividad | VZI31: M3 | VZL31: 34708 | VZM31: 002.032 | VZN31: - | VZO31: RETIRO DE MATERIAL SOBRANTE EN VOLQUETA, CARGUE MANUAL | VZP31: Actividad | VZQ31: M3 | VZT31: 34708 | VZU31: 002.032 | VZV31: - | VZW31: RETIRO DE MATERIAL SOBRANTE EN VOLQUETA, CARGUE MANUAL | VZX31: Actividad | VZY31: M3 | WAB31: 34708 | WAC31: 002.032 | WAD31: - | WAE31: RETIRO DE MATERIAL SOBRANTE EN VOLQUETA, CARGUE MANUAL | WAF31: Actividad | WAG31: M3 | WAJ31: 34708 | WAK31: 002.032 | WAL31: - | WAM31: RETIRO DE MATERIAL SOBRANTE EN VOLQUETA, CARGUE MANUAL | WAN31: Actividad | WAO31: M3 | WAR31: 34708 | WAS31: 002.032 | WAT31: - | WAU31: RETIRO DE MATERIAL SOBRANTE EN VOLQUETA, CARGUE MANUAL | WAV31: Actividad | WAW31: M3 | WAZ31: 34708 | WBA31: 002.032 | WBB31: - | WBC31: RETIRO DE MATERIAL SOBRANTE EN VOLQUETA, CARGUE MANUAL | WBD31: Actividad | WBE31: M3 | WBH31: 34708 | WBI31: 002.032 | WBJ31: - | WBK31: RETIRO DE MATERIAL SOBRANTE EN VOLQUETA, CARGUE MANUAL | WBL31: Actividad | WBM31: M3 | WBP31: 34708 | WBQ31: 002.032 | WBR31: - | WBS31: RETIRO DE MATERIAL SOBRANTE EN VOLQUETA, CARGUE MANUAL | WBT31: Actividad | WBU31: M3 | WBX31: 34708 | WBY31: 002.032 | WBZ31: - | WCA31: RETIRO DE MATERIAL SOBRANTE EN VOLQUETA, CARGUE MANUAL | WCB31: Actividad | WCC31: M3 | WCF31: 34708 | WCG31: 002.032 | WCH31: - | WCI31: RETIRO DE MATERIAL SOBRANTE EN VOLQUETA, CARGUE MANUAL | WCJ31: Actividad | WCK31: M3 | WCN31: 34708 | WCO31: 002.032 | WCP31: - | WCQ31: RETIRO DE MATERIAL SOBRANTE EN VOLQUETA, CARGUE MANUAL | WCR31: Actividad | WCS31: M3 | WCV31: 34708 | WCW31: 002.032 | WCX31: - | WCY31: RETIRO DE MATERIAL SOBRANTE EN VOLQUETA, CARGUE MANUAL | WCZ31: Actividad | WDA31: M3 | WDD31: 34708 | WDE31: 002.032 | WDF31: - | WDG31: RETIRO DE MATERIAL SOBRANTE EN VOLQUETA, CARGUE MANUAL | WDH31: Actividad | WDI31: M3 | WDL31: 34708 | WDM31: 002.032 | WDN31: - | WDO31: RETIRO DE MATERIAL SOBRANTE EN VOLQUETA, CARGUE MANUAL | WDP31: Actividad | WDQ31: M3 | WDT31: 34708 | WDU31: 002.032 | WDV31: - | WDW31: RETIRO DE MATERIAL SOBRANTE EN VOLQUETA, CARGUE MANUAL | WDX31: Actividad | WDY31: M3 | WEB31: 34708 | WEC31: 002.032 | WED31: - | WEE31: RETIRO DE MATERIAL SOBRANTE EN VOLQUETA, CARGUE MANUAL | WEF31: Actividad | WEG31: M3 | WEJ31: 34708 | WEK31: 002.032 | WEL31: - | WEM31: RETIRO DE MATERIAL SOBRANTE EN VOLQUETA, CARGUE MANUAL | WEN31: Actividad | WEO31: M3 | WER31: 34708 | WES31: 002.032 | WET31: - | WEU31: RETIRO DE MATERIAL SOBRANTE EN VOLQUETA, CARGUE MANUAL | WEV31: Actividad | WEW31: M3 | WEZ31: 34708 | WFA31: 002.032 | WFB31: - | WFC31: RETIRO DE MATERIAL SOBRANTE EN VOLQUETA, CARGUE MANUAL | WFD31: Actividad | WFE31: M3 | WFH31: 34708 | WFI31: 002.032 | WFJ31: - | WFK31: RETIRO DE MATERIAL SOBRANTE EN VOLQUETA, CARGUE MANUAL | WFL31: Actividad | WFM31: M3 | WFP31: 34708 | WFQ31: 002.032 | WFR31: - | WFS31: RETIRO DE MATERIAL SOBRANTE EN VOLQUETA, CARGUE MANUAL | WFT31: Actividad | WFU31: M3 | WFX31: 34708 | WFY31: 002.032 | WFZ31: - | WGA31: RETIRO DE MATERIAL SOBRANTE EN VOLQUETA, CARGUE MANUAL | WGB31: Actividad | WGC31: M3 | WGF31: 34708 | WGG31: 002.032 | WGH31: - | WGI31: RETIRO DE MATERIAL SOBRANTE EN VOLQUETA, CARGUE MANUAL | WGJ31: Actividad | WGK31: M3 | WGN31: 34708 | WGO31: 002.032 | WGP31: - | WGQ31: RETIRO DE MATERIAL SOBRANTE EN VOLQUETA, CARGUE MANUAL | WGR31: Actividad | WGS31: M3 | WGV31: 34708 | WGW31: 002.032 | WGX31: - | WGY31: RETIRO DE MATERIAL SOBRANTE EN VOLQUETA, CARGUE MANUAL | WGZ31: Actividad | WHA31: M3 | WHD31: 34708 | WHE31: 002.032 | WHF31: - | WHG31: RETIRO DE MATERIAL SOBRANTE EN VOLQUETA, CARGUE MANUAL | WHH31: Actividad | WHI31: M3 | WHL31: 34708 | WHM31: 002.032 | WHN31: - | WHO31: RETIRO DE MATERIAL SOBRANTE EN VOLQUETA, CARGUE MANUAL | WHP31: Actividad | WHQ31: M3 | WHT31: 34708 | WHU31: 002.032 | WHV31: - | WHW31: RETIRO DE MATERIAL SOBRANTE EN VOLQUETA, CARGUE MANUAL | WHX31: Actividad | WHY31: M3 | WIB31: 34708 | WIC31: 002.032 | WID31: - | WIE31: RETIRO DE MATERIAL SOBRANTE EN VOLQUETA, CARGUE MANUAL | WIF31: Actividad | WIG31: M3 | WIJ31: 34708 | WIK31: 002.032 | WIL31: - | WIM31: RETIRO DE MATERIAL SOBRANTE EN VOLQUETA, CARGUE MANUAL | WIN31: Actividad | WIO31: M3 | WIR31: 34708 | WIS31: 002.032 | WIT31: - | WIU31: RETIRO DE MATERIAL SOBRANTE EN VOLQUETA, CARGUE MANUAL | WIV31: Actividad | WIW31: M3 | WIZ31: 34708 | WJA31: 002.032 | WJB31: - | WJC31: RETIRO DE MATERIAL SOBRANTE EN VOLQUETA, CARGUE MANUAL | WJD31: Actividad | WJE31: M3 | WJH31: 34708 | WJI31: 002.032 | WJJ31: - | WJK31: RETIRO DE MATERIAL SOBRANTE EN VOLQUETA, CARGUE MANUAL | WJL31: Actividad | WJM31: M3 | WJP31: 34708 | WJQ31: 002.032 | WJR31: - | WJS31: RETIRO DE MATERIAL SOBRANTE EN VOLQUETA, CARGUE MANUAL | WJT31: Actividad | WJU31: M3 | WJX31: 34708 | WJY31: 002.032 | WJZ31: - | WKA31: RETIRO DE MATERIAL SOBRANTE EN VOLQUETA, CARGUE MANUAL | WKB31: Actividad | WKC31: M3 | WKF31: 34708 | WKG31: 002.032 | WKH31: - | WKI31: RETIRO DE MATERIAL SOBRANTE EN VOLQUETA, CARGUE MANUAL | WKJ31: Actividad | WKK31: M3 | WKN31: 34708 | WKO31: 002.032 | WKP31: - | WKQ31: RETIRO DE MATERIAL SOBRANTE EN VOLQUETA, CARGUE MANUAL | WKR31: Actividad | WKS31: M3 | WKV31: 34708 | WKW31: 002.032 | WKX31: - | WKY31: RETIRO DE MATERIAL SOBRANTE EN VOLQUETA, CARGUE MANUAL | WKZ31: Actividad | WLA31: M3 | WLD31: 34708 | WLE31: 002.032 | WLF31: - | WLG31: RETIRO DE MATERIAL SOBRANTE EN VOLQUETA, CARGUE MANUAL | WLH31: Actividad | WLI31: M3 | WLL31: 34708 | WLM31: 002.032 | WLN31: - | WLO31: RETIRO DE MATERIAL SOBRANTE EN VOLQUETA, CARGUE MANUAL | WLP31: Actividad | WLQ31: M3 | WLT31: 34708 | WLU31: 002.032 | WLV31: - | WLW31: RETIRO DE MATERIAL SOBRANTE EN VOLQUETA, CARGUE MANUAL | WLX31: Actividad | WLY31: M3 | WMB31: 34708 | WMC31: 002.032 | WMD31: - | WME31: RETIRO DE MATERIAL SOBRANTE EN VOLQUETA, CARGUE MANUAL | WMF31: Actividad | WMG31: M3 | WMJ31: 34708 | WMK31: 002.032 | WML31: - | WMM31: RETIRO DE MATERIAL SOBRANTE EN VOLQUETA, CARGUE MANUAL | WMN31: Actividad | WMO31: M3 | WMR31: 34708 | WMS31: 002.032 | WMT31: - | WMU31: RETIRO DE MATERIAL SOBRANTE EN VOLQUETA, CARGUE MANUAL | WMV31: Actividad | WMW31: M3 | WMZ31: 34708 | WNA31: 002.032 | WNB31: - | WNC31: RETIRO DE MATERIAL SOBRANTE EN VOLQUETA, CARGUE MANUAL | WND31: Actividad | WNE31: M3 | WNH31: 34708 | WNI31: 002.032 | WNJ31: - | WNK31: RETIRO DE MATERIAL SOBRANTE EN VOLQUETA, CARGUE MANUAL | WNL31: Actividad | WNM31: M3 | WNP31: 34708 | WNQ31: 002.032 | WNR31: - | WNS31: RETIRO DE MATERIAL SOBRANTE EN VOLQUETA, CARGUE MANUAL | WNT31: Actividad | WNU31: M3 | WNX31: 34708 | WNY31: 002.032 | WNZ31: - | WOA31: RETIRO DE MATERIAL SOBRANTE EN VOLQUETA, CARGUE MANUAL | WOB31: Actividad | WOC31: M3 | WOF31: 34708 | WOG31: 002.032 | WOH31: - | WOI31: RETIRO DE MATERIAL SOBRANTE EN VOLQUETA, CARGUE MANUAL | WOJ31: Actividad | WOK31: M3 | WON31: 34708 | WOO31: 002.032 | WOP31: - | WOQ31: RETIRO DE MATERIAL SOBRANTE EN VOLQUETA, CARGUE MANUAL | WOR31: Actividad | WOS31: M3 | WOV31: 34708 | WOW31: 002.032 | WOX31: - | WOY31: RETIRO DE MATERIAL SOBRANTE EN VOLQUETA, CARGUE MANUAL | WOZ31: Actividad | WPA31: M3 | WPD31: 34708 | WPE31: 002.032 | WPF31: - | WPG31: RETIRO DE MATERIAL SOBRANTE EN VOLQUETA, CARGUE MANUAL | WPH31: Actividad | WPI31: M3 | WPL31: 34708 | WPM31: 002.032 | WPN31: - | WPO31: RETIRO DE MATERIAL SOBRANTE EN VOLQUETA, CARGUE MANUAL | WPP31: Actividad | WPQ31: M3 | WPT31: 34708 | WPU31: 002.032 | WPV31: - | WPW31: RETIRO DE MATERIAL SOBRANTE EN VOLQUETA, CARGUE MANUAL | WPX31: Actividad | WPY31: M3 | WQB31: 34708 | WQC31: 002.032 | WQD31: - | WQE31: RETIRO DE MATERIAL SOBRANTE EN VOLQUETA, CARGUE MANUAL | WQF31: Actividad | WQG31: M3 | WQJ31: 34708 | WQK31: 002.032 | WQL31: - | WQM31: RETIRO DE MATERIAL SOBRANTE EN VOLQUETA, CARGUE MANUAL | WQN31: Actividad | WQO31: M3 | WQR31: 34708 | WQS31: 002.032 | WQT31: - | WQU31: RETIRO DE MATERIAL SOBRANTE EN VOLQUETA, CARGUE MANUAL | WQV31: Actividad | WQW31: M3 | WQZ31: 34708 | WRA31: 002.032 | WRB31: - | WRC31: RETIRO DE MATERIAL SOBRANTE EN VOLQUETA, CARGUE MANUAL | WRD31: Actividad | WRE31: M3 | WRH31: 34708 | WRI31: 002.032 | WRJ31: - | WRK31: RETIRO DE MATERIAL SOBRANTE EN VOLQUETA, CARGUE MANUAL | WRL31: Actividad | WRM31: M3 | WRP31: 34708 | WRQ31: 002.032 | WRR31: - | WRS31: RETIRO DE MATERIAL SOBRANTE EN VOLQUETA, CARGUE MANUAL | WRT31: Actividad | WRU31: M3 | WRX31: 34708 | WRY31: 002.032 | WRZ31: - | WSA31: RETIRO DE MATERIAL SOBRANTE EN VOLQUETA, CARGUE MANUAL | WSB31: Actividad | WSC31: M3 | WSF31: 34708 | WSG31: 002.032 | WSH31: - | WSI31: RETIRO DE MATERIAL SOBRANTE EN VOLQUETA, CARGUE MANUAL | WSJ31: Actividad | WSK31: M3 | WSN31: 34708 | WSO31: 002.032 | WSP31: - | WSQ31: RETIRO DE MATERIAL SOBRANTE EN VOLQUETA, CARGUE MANUAL | WSR31: Actividad | WSS31: M3 | WSV31: 34708 | WSW31: 002.032 | WSX31: - | WSY31: RETIRO DE MATERIAL SOBRANTE EN VOLQUETA, CARGUE MANUAL | WSZ31: Actividad | WTA31: M3 | WTD31: 34708 | WTE31: 002.032 | WTF31: - | WTG31: RETIRO DE MATERIAL SOBRANTE EN VOLQUETA, CARGUE MANUAL | WTH31: Actividad | WTI31: M3 | WTL31: 34708 | WTM31: 002.032 | WTN31: - | WTO31: RETIRO DE MATERIAL SOBRANTE EN VOLQUETA, CARGUE MANUAL | WTP31: Actividad | WTQ31: M3 | WTT31: 34708 | WTU31: 002.032 | WTV31: - | WTW31: RETIRO DE MATERIAL SOBRANTE EN VOLQUETA, CARGUE MANUAL | WTX31: Actividad | WTY31: M3 | WUB31: 34708 | WUC31: 002.032 | WUD31: - | WUE31: RETIRO DE MATERIAL SOBRANTE EN VOLQUETA, CARGUE MANUAL | WUF31: Actividad | WUG31: M3 | WUJ31: 34708 | WUK31: 002.032 | WUL31: - | WUM31: RETIRO DE MATERIAL SOBRANTE EN VOLQUETA, CARGUE MANUAL | WUN31: Actividad | WUO31: M3 | WUR31: 34708 | WUS31: 002.032 | WUT31: - | WUU31: RETIRO DE MATERIAL SOBRANTE EN VOLQUETA, CARGUE MANUAL | WUV31: Actividad | WUW31: M3 | WUZ31: 34708 | WVA31: 002.032 | WVB31: - | WVC31: RETIRO DE MATERIAL SOBRANTE EN VOLQUETA, CARGUE MANUAL | WVD31: Actividad | WVE31: M3 | WVH31: 34708 | WVI31: 002.032 | WVJ31: - | WVK31: RETIRO DE MATERIAL SOBRANTE EN VOLQUETA, CARGUE MANUAL | WVL31: Actividad | WVM31: M3 | WVP31: 34708 | WVQ31: 002.032 | WVR31: - | WVS31: RETIRO DE MATERIAL SOBRANTE EN VOLQUETA, CARGUE MANUAL | WVT31: Actividad | WVU31: M3 | WVX31: 34708 | WVY31: 002.032 | WVZ31: - | WWA31: RETIRO DE MATERIAL SOBRANTE EN VOLQUETA, CARGUE MANUAL | WWB31: Actividad | WWC31: M3 | WWF31: 34708 | WWG31: 002.032 | WWH31: - | WWI31: RETIRO DE MATERIAL SOBRANTE EN VOLQUETA, CARGUE MANUAL | WWJ31: Actividad | WWK31: M3 | WWN31: 34708 | WWO31: 002.032 | WWP31: - | WWQ31: RETIRO DE MATERIAL SOBRANTE EN VOLQUETA, CARGUE MANUAL | WWR31: Actividad | WWS31: M3 | WWV31: 34708 | WWW31: 002.032 | WWX31: - | WWY31: RETIRO DE MATERIAL SOBRANTE EN VOLQUETA, CARGUE MANUAL | WWZ31: Actividad | WXA31: M3 | WXD31: 34708 | WXE31: 002.032 | WXF31: - | WXG31: RETIRO DE MATERIAL SOBRANTE EN VOLQUETA, CARGUE MANUAL | WXH31: Actividad | WXI31: M3 | WXL31: 34708 | WXM31: 002.032 | WXN31: - | WXO31: RETIRO DE MATERIAL SOBRANTE EN VOLQUETA, CARGUE MANUAL | WXP31: Actividad | WXQ31: M3 | WXT31: 34708 | WXU31: 002.032 | WXV31: - | WXW31: RETIRO DE MATERIAL SOBRANTE EN VOLQUETA, CARGUE MANUAL | WXX31: Actividad | WXY31: M3 | WYB31: 34708 | WYC31: 002.032 | WYD31: - | WYE31: RETIRO DE MATERIAL SOBRANTE EN VOLQUETA, CARGUE MANUAL | WYF31: Actividad | WYG31: M3 | WYJ31: 34708 | WYK31: 002.032 | WYL31: - | WYM31: RETIRO DE MATERIAL SOBRANTE EN VOLQUETA, CARGUE MANUAL | WYN31: Actividad | WYO31: M3 | WYR31: 34708 | WYS31: 002.032 | WYT31: - | WYU31: RETIRO DE MATERIAL SOBRANTE EN VOLQUETA, CARGUE MANUAL | WYV31: Actividad | WYW31: M3 | WYZ31: 34708 | WZA31: 002.032 | WZB31: - | WZC31: RETIRO DE MATERIAL SOBRANTE EN VOLQUETA, CARGUE MANUAL | WZD31: Actividad | WZE31: M3 | WZH31: 34708 | WZI31: 002.032 | WZJ31: - | WZK31: RETIRO DE MATERIAL SOBRANTE EN VOLQUETA, CARGUE MANUAL | WZL31: Actividad | WZM31: M3 | WZP31: 34708 | WZQ31: 002.032 | WZR31: - | WZS31: RETIRO DE MATERIAL SOBRANTE EN VOLQUETA, CARGUE MANUAL | WZT31: Actividad | WZU31: M3 | WZX31: 34708 | WZY31: 002.032 | WZZ31: - | XAA31: RETIRO DE MATERIAL SOBRANTE EN VOLQUETA, CARGUE MANUAL | XAB31: Actividad | XAC31: M3 | XAF31: 34708 | XAG31: 002.032 | XAH31: - | XAI31: RETIRO DE MATERIAL SOBRANTE EN VOLQUETA, CARGUE MANUAL | XAJ31: Actividad | XAK31: M3 | XAN31: 34708 | XAO31: 002.032 | XAP31: - | XAQ31: RETIRO DE MATERIAL SOBRANTE EN VOLQUETA, CARGUE MANUAL | XAR31: Actividad | XAS31: M3 | XAV31: 34708 | XAW31: 002.032 | XAX31: - | XAY31: RETIRO DE MATERIAL SOBRANTE EN VOLQUETA, CARGUE MANUAL | XAZ31: Actividad | XBA31: M3 | XBD31: 34708 | XBE31: 002.032 | XBF31: - | XBG31: RETIRO DE MATERIAL SOBRANTE EN VOLQUETA, CARGUE MANUAL | XBH31: Actividad | XBI31: M3 | XBL31: 34708 | XBM31: 002.032 | XBN31: - | XBO31: RETIRO DE MATERIAL SOBRANTE EN VOLQUETA, CARGUE MANUAL | XBP31: Actividad | XBQ31: M3 | XBT31: 34708 | XBU31: 002.032 | XBV31: - | XBW31: RETIRO DE MATERIAL SOBRANTE EN VOLQUETA, CARGUE MANUAL | XBX31: Actividad | XBY31: M3 | XCB31: 34708 | XCC31: 002.032 | XCD31: - | XCE31: RETIRO DE MATERIAL SOBRANTE EN VOLQUETA, CARGUE MANUAL | XCF31: Actividad | XCG31: M3 | XCJ31: 34708 | XCK31: 002.032 | XCL31: - | XCM31: RETIRO DE MATERIAL SOBRANTE EN VOLQUETA, CARGUE MANUAL | XCN31: Actividad | XCO31: M3 | XCR31: 34708 | XCS31: 002.032 | XCT31: - | XCU31: RETIRO DE MATERIAL SOBRANTE EN VOLQUETA, CARGUE MANUAL | XCV31: Actividad | XCW31: M3 | XCZ31: 34708 | XDA31: 002.032 | XDB31: - | XDC31: RETIRO DE MATERIAL SOBRANTE EN VOLQUETA, CARGUE MANUAL | XDD31: Actividad | XDE31: M3 | XDH31: 34708 | XDI31: 002.032 | XDJ31: - | XDK31: RETIRO DE MATERIAL SOBRANTE EN VOLQUETA, CARGUE MANUAL | XDL31: Actividad | XDM31: M3 | XDP31: 34708 | XDQ31: 002.032 | XDR31: - | XDS31: RETIRO DE MATERIAL SOBRANTE EN VOLQUETA, CARGUE MANUAL | XDT31: Actividad | XDU31: M3 | XDX31: 34708 | XDY31: 002.032 | XDZ31: - | XEA31: RETIRO DE MATERIAL SOBRANTE EN VOLQUETA, CARGUE MANUAL | XEB31: Actividad | XEC31: M3 | XEF31: 34708 | XEG31: 002.032 | XEH31: - | XEI31: RETIRO DE MATERIAL SOBRANTE EN VOLQUETA, CARGUE MANUAL | XEJ31: Actividad | XEK31: M3 | XEN31: 34708 | XEO31: 002.032 | XEP31: - | XEQ31: RETIRO DE MATERIAL SOBRANTE EN VOLQUETA, CARGUE MANUAL | XER31: Actividad | XES31: M3 | XEV31: 34708 | XEW31: 002.032 | XEX31: - | XEY31: RETIRO DE MATERIAL SOBRANTE EN VOLQUETA, CARGUE MANUAL | XEZ31: Actividad | XFA31: M3 | XFD31: 34708
